Workbook

Sheet Overview
B2: About Sweef Capital
B3: Sweef Capital Management Pte. Ltd. (Sweef) is a women-led investment fund management firm that focuses on gender equality and diversity as a lens for identification of opportunities and a value driver of investment and company performance. Sweef is a leader in developing impact frameworks, tools and management systems to ground its investment approach and impact management and is globally recognised for its thought leadership in gender equality and diversity. With impact at the heart of its work, Sweef Capital developed a tool that will establish an evidence base on the important linkages between gender equality and diversity, financial and social impact, and business and investment performance, as well as for benchmarking to occur across industries, countries and regions.
B5: Sweef Capital Gender ROI™
B6: The Sweef Capital Gender ROI™ ("Gender ROI™") is a diagnostic measurement and management tool that is designed to support entrepreneurs, investment and development finance practitioners to assess the gender equality and diversity performance of companies, informing both practice and performance in addressing inequalities, while highlighting significant opportunities to improve outcomes for women and girls. The tool comprises of 24 quantitative and qualitative indicators applied across the intersectionality of the enterprise dimensions of Leadership, Workforce, Value Chains, as well as through Society and Outcome Pillars of Resilience, Opportunity, and Inclusion. The assessment identifies gaps, determining appropriate actions and interventions applied at the enterprise level which are focused on delivering outcomes that support women’s economic empowerment. By applying different levers of change across the enterprise dimensions targeting women’s economic and social roles, contributions, and constraints and vulnerabilities, women’s economic empowerment is demonstrated through 3 Outcome Pillars - Resilience, Opportunities and Inclusion. The Outcome Pillars are goalposts for women’s economic empowerment which involve addressing the need for women’s participation in gainful employment and to be in a position of influence and decision making, as well as ensuring equal access to opportunities for women’s participation and advancement, and safeguarding women’s well-being through safety nets and protection, thereby addressing gender norms and biases. These are also the key tenets in building strong and reslitient companies to meet the challenges the dynamic business environment of today. Each stakeholder has a role to play; they are mutually beneficial and should be seen as a collective engine of sustainable and inclusive development.
B7: Resilience - Women’s economic empowerment builds individual and business resiliency
B8: The linkages are strong: empowering women means building resilience at the individual, enterprise, and community levels. Women’s engagement in decent work and opportunities for progression improve their economic empowerment, which helps build resilient organisations and communities. An intentional push to include women at every level of the organisation where their voices can be heard contributes to an environment in which all employees can thrive, enabling a multiplier effect in social and economic impacts. Women possess unique qualities that are well integrated into core resilience competencies in areas such as business continuity, disaster recovery, incident management, physical security, threat intelligence, and emergency response.
B9: Opportunities - Equal access to opportunities is necessary to ensure absolute empowerment
B10: Women’s economic empowerment will not be absolute if women are not provided equal access to opportunities that allow them to become economically active, have choice and mobility in the workforce and advance to leadership and decision-making positions. Women’s inclusion in governance and leadership positions within businesses is critical given the ways in which the private sector creates jobs, produces growth and impacts economic, social, environmental and cultural aspects of life. Within the sphere of its influence, an enterprise can promote and inspire women’s economic empowerment through its value chains.
B11: Inclusion - Addressing barriers that constrain women’s employment and advancement
B12: Ingrained in social and cultural systems are barriers that constrain women in reaching their full potentials. Women’s economic participation is hugely influenced by factors such as healthcare needs, unpaid care responsibilities, gender-based violence and low-wage or temporary employment. It is not enough for women to be gainfully employed but to fully realise women’s economic empowerment, social protection schemes that factor existing barriers needs to be in place to ensure their continued employment and advancement. Workplace culture also has a profound impact on women remaining employed and advancing in an organisation. Leaders set the tone through their actions and decisions.
B14: Gender lens investing ecosystem development
B15: Sweef Capital developed the tool to generate large datasets, enable gender analysis and form deep gender insights. These datasets will support academic research to validate the linkages between gender equality and diversity and financial and social impact, with business and investment performance, as well as benchmarking to occur across industries, countries, and regions. Developing the gender lens knowledge base through frameworks, tools, metrics, standards, and best practices facilitates the mainstreaming of gender lens investing as an investment strategy across a broad spectrum of investors. Building a best practices library that can be shared across different stakeholders to support gender interventions underpins the development of a gender lens investing ecosystem.
... B20: Disclaimers: Not for wider distribution during pilot test without permission from Sweef Capital.

Sheet Instructions
B2: Who can use the tool?
B3: The Gender ROI™ tool is designed for investors, financial advisors, and intermediaries, researchers, regulatory agencies and government policymakers, development agencies, foundations, and private sector companies to guide them in addressing gender equality and diversity within their organisations and portfolio companies.
B5: The tool aims to strengthen institutional and individual capacities in mainstreaming gender equality and diversity by addressing the roots of inequality in policy and practice, the norms, stereotypes, and barriers facing women that constrain their participation and progression in gainful employment. The diagnostic tool informs gender gaps and enables the formulation of strategies for addressing gender gaps suitable for different types of enterprises.
B7: How to use the tool?
B8: The tool captures 24 qualitative and quantitative indicators set out in the excel worksheets. The quantitative indicators use pre-set formulas and qualitative indicators are measured using guide questions suitable for micro, small and medium, and large enterprises to assess existing policies and practices. For purposes of the Gender ROI™, the definition set by International Finance Corporation has been adopted.
B10: Type of enterprise | C10: Employees
B11: Micro enterprise | C11: < 10
B12: Small and medium enterprise | C12: 10 - 300
B13: Large enterprise | C13: > 301
B15: The assessment will result in an overall score which sets the baseline assessment and informs gender action plans with the aim to improve scoring through periodic assessments. Gender action plans identify the gender gaps and the mitigating action to be undertaken by enterprises. Periodic assessments will track progress on gender action plans.
B17: The quantitative indicators are found in the worksheets "Quantitative Info" and "Employee Info" which will compute the following indicators: "Women business ownership", "Senior management representation", "Middle management representation", "Gender wage equity", "Workforce participation", "Top 10 employees by compensation", "Women’s turnover ratio", " Women in part-time and temporary employment", and "Compensation ratio for women hourly workers". Each quantitative indicator will be computed subject to a scoring scale. The qualitative indicators are presented in individual worksheets.
B19: What is the scoring methology?
B20: The Gender ROI™ provides an overall score based on 24 quantitative and qualitative gender indicators, equally weighted across the Resilience, Opportunity, and Inclusion Outcome Pillars through the Dimensions of Leadership, Workforce, Value Chains, and Society. Each indicator is scored on a 5-point scale from 1 = ‘we need to talk’ to 5 = ‘leading practice’. With respect to the qualitative indicators, each dimension represents a score of 1 point and a bonus point of 1 is given to enterprises demonstrating all policies and practices beyond the minimum threshold established for micro, small and medium, and large enterprises. If the enterprise is meeting some of the best practices policies and practices, a partial credit will be awared.
B22: Quantitative indicators
B23: Quantitative gender indicators will be subject to a scoring scale to evaluate performance as provided in Figure 1.
B24: Figure 1: Example of scoring scale
B25: Qualitative indicators
B26: Each of the qualitative indicators will be evaluated by answering a series of guide questions through across the following dimensions:
B27: ● Commitment: a company has either:
B28: o a tacit commitment to the issue, but this policy, strategy or its associated practices are not formally documented, or
B29: o a formal commitment– this may be written down in a documented commitment or policy statement or integrated into wider organisational policies or strategies.
... B37: For each dimension, there is an established minimum threshold of policies and practices applicable for each micro, small and medium, and large enterprises. The guide questions also sets out best practices for enterprises to use as benchmark for improving policy formulation and implementation.

Sheet Overall Scoring
C4: Sweef Capital Gender ROI™
B6: Name of Company
D8: Reference | E8: Relevancy | F8: Score
B9: Sweef Capital Gender ROI™ | D9: =CONCATENATE(B9," : ",TEXT(F9,"0.00")) -> Sweef Capital Gender ROI™ : 1.53 | F9: =AVERAGE(F11,F20,F29) -> 1.5263889
B11: Resilience | F11: =IFERROR(AVERAGE(F12:F19),0) -> 0
B12: Leadership | C12: Women business ownership | D12: Sheet: Quantitative info | F12: ='1. Quantitative info'!F24 -> 5
C13: Senior management representation | D13: Sheet: Quantitative info | F13: ='1. Quantitative info'!D46 -> 5
B14: Workforce | C14: Middle management representation | D14: Sheet: Quantitative info | F14: ='1. Quantitative info'!D83 -> 5
C15: Gender wage equity | D15: Sheet: Employee info | F15: ='2. Employee Info'!H12 -> 5
C16: Workforce participation | D16: Sheet: Employee info | F16: ='2. Employee Info'!H24 -> 5
B17: Value Chains | C17: Gender disaggregatd data in supply chains | D17: Sheet: Gender data in supply chains | F17: ='6. Disagg Data Supply Chains'!D46 -> 2.2
C18: Gender disaggregated data in value chains | D18: Sheet: Gender data in value chains | F18: ='7. Disagg Data Value Chains'!D41 -> #DIV/0!
B19: Society | C19: Addressing climate risks | D19: Sheet: Addressing climate risks | F19: ='8. Climate risks'!D52 -> 4.6
B20: Opportunity | F20: =IFERROR(AVERAGE(F21:F28),0) -> 0
B21: Leadership | C21: Performance evaluation and progression | D21: Sheet: Performance evaluation and progreession | F21: ='9. Performance evaluation'!D45 -> 4.1333333
C22: Top 10 employees by compensation | D22: Sheet: Employee info | F22: ='2. Employee Info'!H37 -> 5
B23: Workforce | C23: Gender diversity in recruitment | D23: Sheet: Diversity in recruitment | F23: ='11. Gender diversity in recruit'!D54 -> 4.8722222
C24: Gender lens in policies and strategies | D24: Sheet: Gender lens in policies and strategies | F24: ='12. Gender lens in policies'!D52 -> 4.2666667
C25: Professional development, networking, and mentoring | D25: Sheet: Professional development, networking and mentoring | F25: ='13. Professional Dev''t, network'!D47 -> 4.5666667
B26: Value Chains | C26: Gender responsive procurement | D26: Sheet: Gender responsive procurement | F26: ='14. Gender resp procurement'!D49 -> #DIV/0!
C27: Gendered approach to value chains | D27: Sheet: Gendered approach to value chains | F27: ='15. Gendered value chai'!D47 -> 5.8
B28: Society | C28: Community engagement through CSR initiatives | D28: Sheet: Community engagement through CSR initiatives | F28: ='16. CSR'!D47 -> 5.4666667
B29: Inclusion | F29: =IFERROR(AVERAGE(F30:F37),0) -> 4.5791667
B30: Leadership | C30: Inclusive health insurance policies | D30: Sheet: Inclusive health insurance policies | F30: ='17. Inclusive health insurance'!D48 -> 5.8
C31: Survivor-centered prevention and response to gender-based violence and harassment | D31: Sheet: Survivor cantered prevention and response to gender-based violence and harassment | F31: ='18. Survivor centered prevent'!D59 -> 4.5666667
B32: Workforce | C32: Women workforce participation support policies | D32: Sheet: Women workforce participation support policies | F32: ='19. Women workforce support pol'!D63 -> 5.8
C33: Women’s turnover ratio | D33: Sheet: Employee info | F33: ='2. Employee Info'!H48 -> 3
C34: Women in part-time and temporary employment | D34: Sheet: Employee info | F34: ='2. Employee Info'!H58 -> 3
B35: Value Chains | C35: Compensation ratio for women hourly workers | D35: Sheet: Employee info | F35: ='2. Employee Info'!H81 -> 3
C36: Fair treatment of part-time and temporary workers | D36: Sheet: Fair treatment of part-time and temporary workers | F36: ='23. Fair treatment pt workers '!D47 -> 6
B37: Society | C37: Gender equality beyond workplace | D37: Sheet: Gender equality beyond workplace | F37: ='24. GE Beyond Workplac'!D54 -> 5.4666667
D44: =C6&"'s "&D9 -> 's Sweef Capital Gender ROI™ : 1.53
B73: Resillience | C73: Women business ownership | D73: =F12 -> 5
B74: Resillience | C74: Senior management representation | D74: =F13 -> 5
B75: Resillience | C75: Middle management representation | D75: =F14 -> 5
B76: Resillience | C76: Gender wage equity | D76: =F15 -> 5
B77: Resillience | C77: Workforce participation | D77: =F16 -> 5
B78: Resillience | C78: Gender disaggregatd data in supply chains | D78: =F17 -> 2.2
B79: Resillience | C79: Gender disaggregated data in value chains | D79: =F18 -> #DIV/0!
B80: Resillience | C80: Addressing climate risks | D80: =F19 -> 4.6
B81: Opportunity | C81: Performance evaluation and progression | D81: =F21 -> 4.1333333
B82: Opportunity | C82: Top 10 employees by compensation | D82: =F22 -> 5
B83: Opportunity | C83: Gender diversity in recruitment | D83: =F23 -> 4.8722222
B84: Opportunity | C84: Gender lens in policies and strategies | D84: =F24 -> 4.2666667
B85: Opportunity | C85: Professional development, networking, and mentoring | D85: =F25 -> 4.5666667
B86: Opportunity | C86: Gender responsive procurement | D86: =F26 -> #DIV/0!
B87: Opportunity | C87: Gendered approach to value chains | D87: =F27 -> 5.8
B88: Opportunity | C88: Community engagement through CSR initiatives | D88: =F28 -> 5.4666667
B89: Inclusion | C89: Inclusive health insurance policies | D89: =F30 -> 5.8
B90: Inclusion | C90: Survivor-centered prevention and response to gender-based violence and harassment | D90: =F31 -> 4.5666667
B91: Inclusion | C91: Women workforce participation support policies | D91: =F32 -> 5.8
B92: Inclusion | C92: Women’s turnover ratio | D92: =F33 -> 3
B93: Inclusion | C93: Women in part-time and temporary employment | D93: =F34 -> 3
B94: Inclusion | C94: Compensation ratio for women hourly workers | D94: =F35 -> 3
B95: Inclusion | C95: Fair treatment of part-time and temporary workers | D95: =F36 -> 6
B96: Inclusion | C96: Gender equality beyond workplace | D96: =F37 -> 5.4666667

Sheet Crosswalk
A1: SurveyID | B1: Survey Mod | C1: Number | D1: Survey Question | E1: BLE
A2: BusOwn1 | B2: 2 | C2: 1 | D2: Formula (Hidden) Field: % of shares owned by women over the TOTAL number of shares
A3: BusOwn2 | B3: 2 | C3: 2 | D3: What is the total number of authorized shares for this enterprise?
A4: BusOwn3 | B4: 2 | C4: 3 | D4: What is the total number of authorized shares held by women for this enterprise?
A5: BusOwn4 | B5: 2 | C5: 4 | D5: Was your enterprise founded by a woman or group of women (majority founders)?
A6: BusOwn5 | B6: 2 | C6: 5 | D6: Does the female founder maintain an active role in the enterprise?
A7: BusOwn6 | B7: 3 | C7: 6 | D7: How many Board members are there?
A8: BusOwn7 | B8: 3 | C8: 7 | D8: How many women Board members are there?
A9: BusOwn8 | B9: 2 | C9: 8 | D9: Formula (Hidden) Field: % of women board members
A10: ClimRisk1 | B10: 15 | C10: 1 | D10: Is the enterprise evaluating the effects of its operations on the environment? | E10: Change to: "Does the enterprise evaluate the effects of its operations on the environment including the sustainable use and sourcing of materials, energy and water?"
A11: ClimRisk10 | B11: 15 | C11: 10 | D11: Does the enterprise encourage its employees to contribute to climate action and provide the necessary training?
A12: ClimRisk11 | B12: 15 | C12: 11 | D12: Is the enterprise improving its access to technology to attain energy efficiency and co-benefits as part of its decarbonised action plan? | E12: Change to: "Does the enterprise improve its access to technology to attain energy efficiency and co-benefits as part of its decarbonised action plan?"
A13: ClimRisk12 | B13: 15 | C13: 12 | D13: Is the enterprise initiating dialogue with selected suppliers to understand their current/planned climate goals and encourage them to halve emissions before 2030 and achieve net zero emissions before 2050, as part of their engagement? | E13: Change to: "Does the enterprise initiate dialogue with selected suppliers to understand their current or planned climate goals and encourage them to halve emissions before 2030 and achieve net zero emissions before 2050, as part of their engagement?"
A14: ClimRisk13 | B14: 15 | C14: 13 | D14: Is the enterprise tracking the progress of its energy efficiency, recycling and waste management projects? | E14: Change to: "Does the enterprise set goals and measure the progress of its energy efficiency, recycling and waste management projects?"
A15: ClimRisk14 | B15: 15 | C15: 14 | D15: Is the enterprise identifying, assessing and managing its climate risks e.g. physical and transition risks? | E15: Change to: "Does the enterprise identify, assess and manage its climate risks e.g. physical and transition risks?"
A16: ClimRisk15 | B16: 15 | C16: 15 | D16: Is the enterprise tracking its GHG emissions and progress against the targets it has set for accountability and tracking? | E16: Change to: "Does the enterprise track its GHG emissions and progress against targets for accountability and tracking? "
A17: ClimRisk16 | B17: 15 | C17: 16 | D17: Does the enterprise align performance targets and/or bonuses with environmental and sustainability key performance indicators? | E17: Change to: "Does the enterprise align performance targets and bonuses with environmental and sustainability performance indicators? "
A18: ClimRisk17 | B18: 15 | C18: 17 | D18: Does the enterprise measure work-from-home emissions? | E18: Change to: "Does the enterprise measure the emissions of employees when they are working remotely at home or outside the office?"
A19: ClimRisk18 | B19: 15 | C19: 18 | D19: Has the enterprise set a climate/environmental strategy and set to move to action? | E19: Change to: "Has the enterprise set a climate or environmental strategy?"
A20: ClimRisk19 | B20: 15 | C20: 19 | D20: Has management assigned a person to oversee the implementation and monitoring of its environmental policies? | E20: Change to: "Is there an individual responsible for overseeing the implementation and monitoring of its environmental policies?"
A21: ClimRisk2 | B21: 15 | C21: 2 | D21: Has the enterprise NOT been cited for any environmental violations?
A22: ClimRisk20 | B22: 15 | C22: 20 | D22: Does the enterprise consider climate change as a business risk and actively mitigates it to gain competitive advantage? | E22: Change to: "Does the enterprise consider climate change as a business risk and actively mitigate it to gain competitive advantage? "
A23: ClimRisk21 | B23: 15 | C23: 21 | D23: Does the enterprise collaborate with a broad range of stakeholders outside of normal scope of business operations to support a systematic approach towards decarbonisation and other climate action? | E23: Change to: "Does the enterprise collaborate with a broad range of stakeholders outside of its normal scope of business operations – such as peers, NGOs, customers, governments, academia – to support a systematic approach to decarbonisation and other climate action?"
A24: ClimRisk3 | B24: 15 | C24: 3 | D24: Does the enterprise comply with existing environmental policy and undertake initiatives beyond what is required by laws and regulations?
A25: ClimRisk4 | B25: 15 | C25: 4 | D25: Does the enterprise communicate its policy and outcomes to all employees and other stakeholders? | E25: Change to: "4. Does the enterprise communicate its climate policy and outcomes to all employees, suppliers, and other stakeholders?"
A26: ClimRisk5 | B26: 15 | C26: 5 | D26: Does the enterprise practice waste management and recycling in its operations? | E26: Change to: "Does the enterprise practise waste management and recycling in its operations?"
A27: ClimRisk6 | B27: 15 | C27: 6 | D27: Does the enterprise pursue energy efficiency projects such as the use of LED, smart meter, electric vehicle fleet? | E27: Change to: "Does the enterprise pursue energy efficiency projects such as using LED, smart meter, electric vehicle fleet and other energy saving devices?" Include Micro orgs as well
A28: ClimRisk7 | B28: 15 | C28: 7 | D28: Does the enterprise have a policy to continuously assess climate risks regarding its potential adverse impact?
A29: ClimRisk8 | B29: 15 | C29: 8 | D29: Is the enterprise including climate considerations into ongoing business interactions with suppliers? | E29: Change to: "Does the enterprise include climate considerations in ongoing business interactions with suppliers?"
A30: ClimRisk9 | B30: 15 | C30: 9 | D30: How do the products or services of the enterprise affect climate and environmental sustainability? | E30: Change to: "How do the enterprise’s products or services affect climate and environmental sustainability (contributing to mitigation, adaptation, resilience or just transition)?"
A31: CommunityCSR1 | B31: 16 | C31: 1 | D31: Does the enterprise have any CSR initiatives that benefit both genders? | E31: Change to: "Does the enterprise have any CSR initiatives that explicitly or intentionally benefit the unique needs of both women and men?" >use skip logic for other questions as proposed
A32: CommunityCSR10 | B32: 16 | C32: 10 | D32: Does the enterprise involve men and women equally when preparing and implementing its CSR strategy? | E32: Remove micro, Change to: "Does the enterprise prioritize creating a gender diverse team that is responsible for preparing and implementing its CSR strategy?"
A33: CommunityCSR11 | B33: 16 | C33: 11 | D33: Has the enterprise made appropriate budget allocations for its CSR projects?
A34: CommunityCSR12 | B34: 16 | C34: 12 | D34: Does the enterprise measure the impact of its activities, including number of beneficiaries by gender and other KPIs? | E34: Remove for Micro, Change to: "Does the enterprise measure the impact of its activities, including number of participants by gender and other KPIs?"
A35: CommunityCSR13 | B35: 16 | C35: 13 | D35: Does the enterprise employ recognized industry-standard measures to CSR activities?
A36: CommunityCSR14 | B36: 16 | C36: 14 | D36: Does the enterprise collect feedback from its beneficiaries and employees participating in these initiatives? | E36: Remove for Micro, change to: "Does the enterprise collect feedback from program participants and employees to improve future programs?"
A37: CommunityCSR15 | B37: 16 | C37: 15 | D37: Is there buy-in of CSR initiatives from senior leadership and employees? | E37: Remove for Micro
A38: CommunityCSR16 | B38: 16 | C38: 16 | D38: Does the enterprise have a formal/informal assessment of its CSR work by its target beneficiaries? | E38: Change to: "Do target participants formally or informally assess the enterprise’s CSR work?"
A39: CommunityCSR17 | B39: 16 | C39: 17 | D39: Does the enterprise ensure transparency in its progress towards its communicated CSR goals?
A40: CommunityCSR2 | B40: 16 | C40: 2 | D40: Are the CSR objectives aligned with enterprise strategic goals and values? | E40: Change to: "Does the enterprise align CSR objectives with strategic goals and values? " Remove Micro
A41: CommunityCSR3 | B41: 16 | C41: 3 | D41: Does the enterprise engage in gender diversity awareness campaigns or initiatives in the community? | E41: Change to: "Does the enterprise engage in gender inequality awareness campaigns or gender inclusive initiatives in the community?"
A42: CommunityCSR4 | B42: 16 | C42: 4 | D42: Does the enterprise engage with its beneficiaries to get a better understanding of their problems? | E42: Change to: "Does the enterprise co-create its CSR framework with community stakeholders to best address their needs?"
A43: CommunityCSR5 | B43: 16 | C43: 5 | D43: Does the enterprise communicate its CSR goals to its employees and stakeholders? | E43: Remove Micro
A44: CommunityCSR6 | B44: 16 | C44: 6 | D44: Does the enterprise communicate its CSR strategy on various social media channels to garner support? | E44: Remove Micro
A45: CommunityCSR7 | B45: 16 | C45: 7 | D45: Does the enterprise demonstrate an understanding of women’s needs before launching women-focused initiatives? | E45: Remove Micro
A46: CommunityCSR8 | B46: 16 | C46: 8 | D46: Does the enterprise have a target beneficiary for its CSR projects? | E46: Remove
A47: CommunityCSR9 | B47: 16 | C47: 9 | D47: Does the enterprise actively encourage employees to volunteer in its projects? | E47: Remove Micro
A48: DevNetMentor1 | B48: 6 | C48: 1 | D48: Does the enterprise equally provide training opportunities to all its employees? | E48: Change to: "Does the enterprise provide training opportunities for all its employees that encourage participation among women or offer specialized training for women?"
A49: DevNetMentor10 | B49: 6 | C49: 10 | D49: Does the enterprise offer access to professional networks with specific support for women?
A50: DevNetMentor11 | B50: 6 | C50: 11 | D50: Does the enterprise encourage collective organising and support networks?
A51: DevNetMentor12 | B51: 6 | C51: 12 | D51: Does the enterprise set goals and objectives for trainings?
A52: DevNetMentor13 | B52: 6 | C52: 13 | D52: Does the enterprise collect, analyse, and monitor gender-disaggregated data on the percentage of employees participating in these programs? | E52: Change to: "Does the enterprise collect, analyse and monitor at least annually gender-disaggregated data on the percentage of employees participating in these programs?"
A53: DevNetMentor14 | B53: 6 | C53: 14 | D53: Does the enterprise have time-bound and measurable goals and targets to build a pipeline of qualified women for management-level positions? | E53: Change to: "Does the enterprise have time-bound and measurable goals and targets to build a pipeline of qualified women for management positions?"
A54: DevNetMentor15 | B54: 6 | C54: 15 | D54: Does the enterprise allocate resources to the overall development of its employees?
A55: DevNetMentor16 | B55: 6 | C55: 16 | D55: Does the enterprise report to the Board on the average number of training hours provided to staff, disaggregated by sex and employee level?
A56: DevNetMentor17 | B56: 6 | C56: 17 | D56: Does the enterprise report publicly to enterprise stakeholders on the average number of training hours, disaggregated by gender and employee level? | E56: Change to: "Does the enterprise report publicly on the average number of training hours, disaggregated by gender and employee level?"
A57: DevNetMentor2 | B57: 6 | C57: 2 | D57: Does the enterprise have a policy or commitment embedded in a broader organisational policy that includes professional development opportunities for women and supports the pipeline of qualified women for management/ senior leadership level positions? | E57: Change to: "Does the enterprise offer development training, rotational programs and educational opportunities to build a pipeline of qualified women for management and senior leadership positions?" Move to implementation
A58: DevNetMentor3 | B58: 6 | C58: 3 | D58: Does the enterprise communicate its professional development and training programs in ways where women feel comfortable pursuing the offer? | E58: Change to: Does the enterprise communicate its professional development and training programs to all its employees directly and through multiple channels (e.g. email, intranet, Teams/Slack)?
A59: DevNetMentor4 | B59: 6 | C59: 4 | D59: Does the enterprise allow employees to provide feedback to improve the training programs? | E59: Change to: "Does the enterprise actively seek feedback from employees to improve training programs?"
A60: DevNetMentor5 | B60: 6 | C60: 5 | D60: Are the trainings relevant to their current occupations and career path? | E60: Change to: "Is training relevant to women’s current occupations and career path?"
A61: DevNetMentor6 | B61: 6 | C61: 6 | D61: Does the enterprise offer mentoring program(s) with specific support for women? | E61: Remove question
A62: DevNetMentor7 | B62: 6 | C62: 7 | D62: Is there a program to promote role models for women employees in the enterprise? | E62: Remove question
A63: DevNetMentor8 | B63: 6 | C63: 8 | D63: Does the enterprise have measures in place to ensure that professional development programs are scheduled at times that accommodate the scheduling needs of both men and women? | E63: Change to: "Does the enterprise have measures to schedule professional development programs at times that accommodate both men and women (accounting for care responsibilities)?"
A64: DevNetMentor9 | B64: 6 | C64: 9 | D64: Does the enterprise offer development trainings, rotational programs and educational opportunities with specific support for women? | E64: Change to: "Does the enterprise offer development training, rotational programs or educational opportunities with specific support for women?"
A65: DisDataSupply1 | B65: 12 | C65: 1 | D65: Does the enterprise have a policy on diversity of its supply chains for the purposes of risk management and business resiliency?
A66: DisDataSupply10 | B66: 12 | C66: 10 | D66: How well does the enterprise understand the potential of gender-disaggregated data in promoting gender equality and diversity in its supply chains, as demonstrated by the ability to cite specific examples? | E66: Change to: "Does the enterprise commit to collecting gender-disaggregated data to promote gender equality and diversity in its supply chains?"
A67: DisDataSupply11 | B67: 12 | C67: 11 | D67: Does the enterprise conduct gender analysis from the data collected to improve? | E67: Remove this question
A68: DisDataSupply12 | B68: 12 | C68: 12 | D68: Is the enterprise developing metrics and reporting mechanisms on gender equality and women’s empowerment across the supply chain to assess progress, identify areas for improvement, and create a foundation for dialogue with stakeholders? | E68: Change to "Does the enterprise have metrics and reporting mechanisms on gender equality and women’s empowerment across the supply chain?"
A69: DisDataSupply13 | B69: 12 | C69: 13 | D69: Is there an individual responsible in collecting gender disaggregated data to promote gender equality and diversity in its supply chains? | E69: Change to: "Is there an individual responsible for collecting gender-disaggregated data to promote gender equality and diversity in its supply chains?"
A70: DisDataSupply14 | B70: 12 | C70: 14 | D70: Does the enterprise report publicly to company stakeholders on the percentage spent with women-owned or women-led enterprise? | E70: Change to: "Does the enterprise report publicly on the percentage of expenditures spent with women-owned or women-led enterprises?"
A71: DisDataSupply15 | B71: 12 | C71: 15 | D71: Does the enterprise report to the Board of Directors ("Board") on the percentage spent with women-owned or women-led enterprises? | E71: Change to: "Does the enterprise report to the Board on the percentage spent with women-owned or women-led enterprises?"
A72: DisDataSupply16 | B72: 12 | C72: 16 | D72: Does the enterprise use gender-differentiated data and information for management to assess the information and develop appropriate, evidence-based responses and gender-focused procurement policies to improve women’s economic empowerment in its supply chains? | E72: Change to: "Does the enterprise use gender-disaggregated data and information to assess performance and develop appropriate, evidence-based responses and gender-focused procurement policies to improve women’s economic empowerment in its supply chains?"
A73: DisDataSupply2 | B73: 12 | C73: 2 | D73: Does the enterprise recognise the significant role women entrepreneurs and workers play in the value chains by engaging with women entrepreneurs in its supply chains? | E73: Change to: "Does the enterprise prioritize women entrepreneurs in its supply chains as demonstrated through policies and procedures?"
A74: DisDataSupply3 | B74: 12 | C74: 3 | D74: Does the enterprise ensure gender equality and diversity in supply chains by collecting and analyzing gender-disaggregated data about suppliers?
A75: DisDataSupply4 | B75: 12 | C75: 4 | D75: Does the enterprise communicate with their employees the important role of gender equality and diversity in its business processes and the reason for collecting gender-disaggregated data? | E75: Change to: "Does the enterprise communicate with employees about the important role of gender equality and diversity in its business processes and the reason for collecting gender-disaggregated data?"
A76: DisDataSupply5 | B76: 12 | C76: 5 | D76: Does the enterprise inform its suppliers the reason for collecting gender-disaggregated data in its onboarding and evaluation processes? | E76: Change to: "Does the enterprise inform its suppliers on the reason for collecting gender-disaggregated data in its onboarding and evaluation processes?"
A77: DisDataSupply6 | B77: 12 | C77: 6 | D77: Does the enterprise have a definition for women-owned companies included in the procurement process? | E77: Change to: "Does the enterprise have a definition or align with an existing standard for defining women-owned companies that is clearly documented in policies or procedures?"
A78: DisDataSupply7 | B78: 12 | C78: 7 | D78: Is there an individual assigned in the measurement and reporting of supplier performance which can be disaggregated by gender? | E78: Change to: "Is there an individual assigned to measuring and reporting supplier performance that can be disaggregated by gender?"
A79: DisDataSupply8 | B79: 12 | C79: 8 | D79: Does the enterprise collect gender-disaggregated data as part of its supplier onboarding and monitoring process to improve performance? | E79: Change to: Does the enterprise collect gender-disaggregated data as part of its supplier onboarding and monitoring process to improve performance?
A80: DisDataSupply9 | B80: 12 | C80: 9 | D80: Does the enterprise measure and track the amount of spend with each supplier and the performance of each supplier based on different KPIs? | E80: Change to: Does the enterprise track the amount of spend with each supplier?
A81: DisDataValue1 | B81: 13 | C81: 1 | D81: Does the enterprise have a policy to collect data on its customers to inform product/service development and delivery? | E81: Change to: "Does the enterprise have a policy to collect data on its customers to inform product and service development and delivery?"
A82: DisDataValue10 | B82: 13 | C82: 10 | D82: Does the enterprise use gender-differentiated data and information for management to assess the information and develop appropriate, evidence-based responses and policies to improve its performance? | E82: Change to: "Does the enterprise use gender-disaggregated data and information to assess performance and develop appropriate, evidence-based responses and policies?"
A83: DisDataValue2 | B83: 13 | C83: 2 | D83: Does the enterprise collect gender-disaggregated data on its customers to inform targeted customer experience?
A84: DisDataValue3 | B84: 13 | C84: 3 | D84: Does the enterprise communicate the value of collecting gender-disaggregated customer data to its employees and stakeholders? | E84: Change to: "Does the enterprise communicate the value of collecting gender-disaggregated customer data to its employees and stakeholders?"
A85: DisDataValue4 | B85: 13 | C85: 4 | D85: Does the enterprise communicate with its customers to gather gender-disaggregated data to provide better products and services?
A86: DisDataValue5 | B86: 13 | C86: 5 | D86: Does the enterprise conduct a customer satisfaction survey to identify gaps (if any) for both men and women consumers? | E86: 5. Does the enterprise use customer satisfaction surveys to develop better products using a gender lens? For example, improving products/services based on prevalent feedback from women customers or flagging customer feedback that might encourage gender biases
A87: DisDataValue6 | B87: 13 | C87: 6 | D87: Is the enterprise investing in resources for measurement and reporting of meaningful gender-disaggregated data and conducting gender analysis? | E87: Change to: "Does the enterprise invest in resources to measure and report gender-disaggregated data and conduct gender analysis?"
A88: DisDataValue7 | B88: 13 | C88: 7 | D88: Does the enterprise develop metrics and reporting mechanisms on gender-disaggregated data including customer surveys? | E88: Change to: "Does the enterprise have targets for key metrics and reporting mechanisms on gender disaggregated data including customer surveys?"
A89: DisDataValue8 | B89: 13 | C89: 8 | D89: Does the enterprise use gender-differentiated data and information to formulate business strategies to build competitive advantage? | E89: Change to: "Does the enterprise use gender-disaggregated data and information to formulate business strategies to build competitive advantage?"
A90: DisDataValue9 | B90: 13 | C90: 9 | D90: Is there an appointed individual responsible for data collection and gender analysis to inform consumer and product development? | E90: Change to: "Is there an individual responsible for collecting and analysing gender-disaggregated data?"
A91: EqualBeyond1 | B91: 14 | C91: 1 | D91: Does the enterprise have a program in place in addressing gender norms beyond the workplace, and also addressing the root causes of inequality? | E91: Change to: "Does the enterprise have a program to address gender norms beyond the workplace, and also address the root causes of inequality? " Change to a bonus for Micro
A92: EqualBeyond10 | B92: 14 | C92: 10 | D92: Does the enterprise facilitate discussions that inform women of their rights, particularly sexual and reproductive health?
A93: EqualBeyond11 | B93: 14 | C93: 11 | D93: Does the enterprise build awareness on the role and responsibility of men in dismantling systems that perpetuate discrimination?
A94: EqualBeyond12 | B94: 14 | C94: 12 | D94: Does the enterprise work with international organisations, governments, civil society, girls’ and women’s organizations, movements, and the private sector to change gender norms?
A95: EqualBeyond13 | B95: 14 | C95: 13 | D95: Does the enterprise help girls achieve equality in educational opportunities, addressing the mindset that boys are a better investment for the family than girls, which grants boys greater access to resources and educational options than girls?
A96: EqualBeyond14 | B96: 14 | C96: 14 | D96: Is the enterprise involved in finding solutions for unpaid care responsibilities disproportionately borne by women?
A97: EqualBeyond15 | B97: 14 | C97: 15 | D97: Does the enterprise sponsor programs to change school curriculums from childhood to include gender equality and women’s rights?
A98: EqualBeyond16 | B98: 14 | C98: 16 | D98: Does the enterprise sponsor programs that address issues around social justice?
A99: EqualBeyond17 | B99: 14 | C99: 17 | D99: Does the enterprise collaborate with religious and traditional leaders in supporting changes to gender norms for the benefit of the community? | E99: Change to: "Does the enterprise collaborate with religious and traditional leaders in supporting changes to gender norms to benefit the community?"
A100: EqualBeyond18 | B100: 14 | C100: 18 | D100: Does leadership of the enterprise actively and openly promote and encourage recruitment and promotion from diverse talent pools? | E100: Change to: "Does the enterprise’s leadership actively and openly promote and encourage recruitment and promotion from diverse talent pools?"
...

Sheet 0. Financial Outcomes
B3: Financial Indicator | C3: Baseline assesment | D3: 2024Q1 | E3: Period 2 | F3: Period 3 | G3: Period 4 | H3: Period 5
B4: Date
B5: Revenues
B6: EBITDA
B7: Net income
B11: Definitions:
B12: Based on revenues net of returns, discounts and other charges, as measured by percentage change
B13: EBITDA means earnings before interest, taxes, depreciation and amortisation, as measured by percentage change
B14: Net income, also called net earnings, is calculated as sales minus cost of goods sold, selling, general and administrative expenses, operating expenses, depreciation, interest, taxes, and other expenses.

Sheet 1. Quantitative info
B2: Company Type | C2: ='2. Employee Info'!O19 -> Microenterprise
A4: 1 | B4: Women business ownership
B6: Name of shareholders | C6: Type of shareholding | D6: Gender | E6: % ownership | F6: Score | H6: Score scale
B7: Person 1 | C7: majority | D7: Female | E7: 0.98
B8: Person 2 | C8: minority | D8: Male | E8: 0.0025 | H8: We need to talk | I8: 0 | J8: 1
B9: Person 3 | C9: minority | D9: Male | E9: 0.0175 | H9: More work to do | I9: 1% to 10% | J9: 2
H10: Getting there! | I10: 11% to 25% | J10: 3
H11: Advancing to role model | I11: 26% to 45% | J11: 4
H12: Role model | I12: > 45% | J12: 5
H14: Women Board members | I14: 3
H15: Total Board members | I15: 6
H16: Women's representation on Board | I16: =I14/I15 -> 0.5
B20: Total business ownership | E20: =SUM(E7:E19) -> 1 | H20: Shared owned by women | I20: 450
B21: Total women business ownership | E21: =SUMIF(D7:D19,"Female",E7:E19) -> 0.98 | H21: Total Shares | I21: 1000
H22: Total women business ownership | I22: =E24 -> 0.98
B23: Total business ownership | E23: =E20 -> 1
B24: Total women business ownership | E24: =SUMIF(D7:E9,"Female",E7:E9) -> 0.98 | F24: 5
A26: 2 | B26: Senior management representation
B28: Name of shareholders | C28: Gender | D28: Score | H28: Score scale
H29: We need to talk | I29: 0 | J29: 1
B30: Shareholder 1 | C30: Female | H30: More work to do | I30: 1% to 10% | J30: 2
B31: Shareholder 2 | C31: Female | H31: Getting there! | I31: 11% to 25% | J31: 3
B32: Shareholder 3 | C32: Female | H32: Advancing to role model | I32: 26% to 45% | J32: 4
B33: Shareholder 4 | C33: Female | H33: Role model | I33: > 45% | J33: 5
B44: Total number of women in senior management | C44: =COUNTIF(C30:C42,"Female") -> 4
B45: Total number of employees in senior management | C45: =COUNTA(C30:C43) -> 4
B46: Senior management representation | C46: =C44/C45 -> 1 | D46: 5
A49: 3 | B49: Women's middle management representation
B51: Name of shareholders | C51: Gender | D51: Score | H51: Score scale
H52: We need to talk | I52: 0 | J52: 1
H53: More work to do | I53: 1% to 10% | J53: 2
H54: Getting there! | I54: 11% to 25% | J54: 3
H55: Advancing to role model | I55: 26% to 45% | J55: 4
H56: Role model | I56: > 45% | J56: 5
B81: Total number of women in middle management | C81: =COUNTIF(C52:C80,"Female") -> 0
B82: Total number of employees in middle management | C82: =COUNTA(C52:C80) -> 0
B83: Senior management representation | C83: =C81/C82 -> #DIV/0! | D83: 5

Sheet 2. Employee Info
A2: 4 | B2: Gender wage equity
B4: Gender Wage Equity | C4: Last twelve months average salary for salaried employees (women)
C5: Last twelve months average salary for salaried employees (men)
D7: Female | E7: Male | F7: Total | G7: Ratio | H7: Score | J7: Score scale
B8: Senior manager | F8: 20961155 | J8: We need to talk | K8: 0 to 60% | L8: 1
B9: Manager | D9: 27150000 | E9: 21500000 | F9: 12564950 | J9: More work to do | K9: 61% to 75% | L9: 2
B10: Employee | D10: 7500000 | F10: 5322714 | J10: Getting there | K10: 76% to 85% | L10: 3
J11: Advancing to role model | K11: 86% to 95% | L11: 4
B12: Total | D12: =SUM(D8:D10) -> 34650000 | E12: =SUM(E8:E10) -> 21500000 | F12: =SUM(D12:E12) -> 56150000 | G12: =D12/E12 -> 1.6116279 | H12: 5 | J12: Role model | K12: > 95% | L12: 5
A14: 5 | B14: Women workforce participation
B16: Women workforce participation | C16: Last twelve months number of women salaried employees
C17: Last twelve months total number of salaried employees
D19: Female | E19: Male | F19: Total | G19: Ratio | H19: Score | J19: Score scale | N19: Company size | O19: {=_xlfn.IFS(F22<10,N20,F22>300,N22,F22>10,N21)} -> Microenterprise
B20: Senior manager | F20: =SUM(D20,E20) -> 0 | G20: =D20/F20 -> #DIV/0! | J20: We need to talk | K20: 0 to 10%, 91% to 100% | L20: 1 | N20: Microenterprise
B21: Manager | D21: 2 | E21: 3 | F21: =SUM(D21,E21) -> 5 | G21: =D21/F21 -> 0.4 | J21: More work to do | K21: 11% to 20%, 81% to 90% | L21: 2 | N21: Small and medium
B22: Employee | D22: 1 | F22: =SUM(D22,E22) -> 1 | G22: =D22/F22 -> 1 | J22: Getting there! | K22: 21% to 30%, 71% to 80% | L22: 3 | N22: Large
J23: Advancing to role model | K23: 31% to 40%, 61% to 70% | L23: 4
B24: Women workforce participation | D24: =SUM(D20:D22) -> 3 | E24: =SUM(E20:E22) -> 3 | F24: =D24+E24 -> 6 | G24: =D24/F24 -> 0.5 | H24: 5 | J24: Role model | K24: 41% to 60% | L24: 5
A26: 6 | B26: Women representation in top 10% employees by compensation
B28: Women representation in top 10% employees by compensation | C28: Number of women in top 10% compensated employees (last twelve months total compensation) | H28: 8
C29: Number of men in top 10% compensated employees (last twelve months total compensation) | H29: 6
D31: Female | E31: Male | F31: Total | G31: Ratio | H31: Score | J31: Score scale
B32: CEO | D32: 250000 | J32: We need to talk | K32: 0 to 60% | L32: 1
B33: COO | E33: 200000 | J33: More work to do | K33: 61% to 75% | L33: 2
B34: CFO | D34: 190000 | J34: Getting there! | K34: 75% to 85% | L34: 3
B35: Head of HR | E35: 175000 | J35: Advancing to role model | K35: 86% to 95% | L35: 4
J36: Role model | K36: >95% | L36: 5
B37: Top 10 employees by compensation | D37: =COUNTA(D32:D36) -> 2 | E37: =COUNTA(E32:E36) -> 2 | F37: =SUM(D37+E37) -> 4 | G37: =D37/E37 -> 1 | H37: 5
A40: 7 | B40: Women's turnover ratio
B42: Women's turnover ratio | C42: (Last twelve months number of women (separated)/(Last twelve months average number of women employees) | J42: Score scale
C43: (Last twelve months number of men (separated)/(Last twelve months average number of men employees) | J43: We need to talk | K43: >150% | L43: 1
J44: More work to do | K44: 131% to 150% | L44: 2
B45: Last twelve months number of women separated | C45: 0 | D45: Last twelve months average number of women employees | H45: 0 | J45: Getting there! | K45: 116% to 130% | L45: 3
B46: Last twelve months number of men separated | C46: 0 | D46: Last twelve months average number of men employees | H46: 0 | J46: Advancing to role model | K46: 106% to 115% | L46: 4
J47: Role model | K47: <105% | L47: 5
B48: Women's turnover ratio | C48: =((C45/H45)/(C46/H46)) -> #DIV/0! | D48: =SUM(D43:D46) -> 0 | E48: =SUM(E43:E46) -> 0 | G48: Score | H48: 3
A50: 8 | B50: Women in part-time and temporary workforce
B52: Women’s Percentage of Part-time and Temporary Employees | C52: (Last twelve months number of part-time or temporary women employees) | J52: Score scale
C53: (Last twelve months number of part-time or temporary employees) | J53: We need to talk | K53: 0 to 10%, 91% to 100% | L53: 1
J54: More work to do | K54: 11% to 20%, 81% to 90% | L54: 2
B55: Last twelve months number of part-time or temporary women employees | D55: 0 | J55: Getting there! | K55: 21% to 30%, 71% to 80% | L55: 3
B56: Last twelve months number of part-time or temporary employees | D56: 0 | J56: Advancing to role model | K56: 31% to 40%, 61% to 70% | L56: 4
J57: Role model | K57: 41% to 60% | L57: 5
B58: Women’s Percentage of Part-time and Temporary Employees | F58: =D55/D56 -> #DIV/0! | G58: Score | H58: 3
A61: 9 | B61: Compensation ratio for women hourly workers
B63: Compensation ratio for women hourly workers | C63: Last twelve months average compensation for part-time and temporary workers (women) | J63: Score scale
C64: Last twelve months average for part-time and temporary workers (men) | J64: We need to talk | K64: 0 to 60% | L64: 1
J65: More work to do | K65: 61% to 75% | L65: 2
B66: Last twelve months average compensation for hourly workers (women) | D66: =#REF! -> #REF! | J66: Getting there! | K66: 75% to 85% | L66: 3
B67: Last twelve months average compensation for hourly workers (men) | D67: =#REF! -> #REF! | J67: Advancing to role model | K67: 86% to 95% | L67: 4
J68: Role model | K68: >95% | L68: 5
B69: Last Twelve Months Average Compensation for Hourly Workers | C69: (Average compensation1 + average compensation2 + …. Average compenstion nth)
C70: Total number of hourly workers (or N)
B72: Average compensation | C72: 0
B73: Total number of hourly workers | C73: ='2. Employee Info'!D56 -> 0
B75: Average compensation | C75: Total hourly compensation of N hourly workers
C76: Number of hours working for nth hourly workers
B78: Total hourly compensation of N hourly workers | C78: 0
B79: Number of hours worked for N hourly workers | C79: 0
B81: Compensation ratio for women hourly workers | F81: =D66/D67 -> #REF! | G81: Score | H81: 3
A84: LTM Salaried Employee Information (Sort by Compensation High to Low)
J86: Monthly (or Last 12 month) Compensation * | W86: Total | Y86: Training Records | Z86: Average Monthly Compensation
A87: No | B87: Name | C87: Sex* | D87: Starting Date | E87: End Date* | F87: Title | H87: Level | I87: Department* | J87: Jan | K87: Feb | L87: Mar | M87: Apr | N87: May | O87: Jun | P87: Jul | Q87: Aug | R87: Sep | S87: Oct | T87: Nov | U87: Dec | V87: Other Benefits | W87: Compensation | X87: Type of Employee (Hourly/Salaried)
A88: 1 | B88: Maria | C88: Female | D88: 42005 | H88: Senior Manager | J88: 95000 | K88: 95000 | L88: 95000 | M88: 95000 | N88: 95000 | O88: 95000 | P88: 95000 | Q88: 95000 | R88: 95000 | S88: 95000 | T88: 95000 | U88: 95000 | V88: 34106 | W88: 1174106 | X88: Salaried
A89: =A88+1 -> 2 | B89: John | C89: Male | D89: 43297 | H89: Manager | J89: 80000 | K89: 80000 | L89: 80000 | M89: 80000 | N89: 80000 | O89: 80000 | P89: 80000 | Q89: 80000 | R89: 80000 | S89: 80000 | T89: 80000 | U89: 80000 | V89: 20000 | W89: 980000 | X89: Salaried
A90: =A89+1 -> 3 | B90: Jessica | C90: Female | D90: 43466 | H90: Senior Manager | J90: 98000 | K90: 98000 | L90: 98000 | M90: 98000 | N90: 98000 | O90: 98000 | P90: 98000 | Q90: 98000 | R90: 98000 | S90: 98000 | T90: 98000 | U90: 98000 | V90: 33106 | W90: 1209106 | X90: Salaried
A91: =A90+1 -> 4 | B91: Joseph | C91: Female | D91: 42769 | H91: Employee | J91: 25000 | K91: 25000 | L91: 25000 | M91: 25000 | N91: 25000 | O91: 25000 | P91: 25000 | Q91: 25000 | R91: 25000 | S91: 25000 | T91: 25000 | U91: 25000 | V91: 10000 | W91: 310000 | X91: Salaried
A92: =A91+1 -> 5 | B92: Janice | C92: Female | D92: 42437 | H92: Employee | J92: 22000 | K92: 22000 | L92: 22000 | M92: 22000 | N92: 22000 | O92: 22000 | P92: 22000 | Q92: 25000 | R92: 25000 | S92: 25000 | T92: 25000 | U92: 25000 | V92: 10000 | W92: 289000 | X92: Salaried
A93: =A92+1 -> 6 | B93: Jack | C93: Male | D93: 42103 | H93: Employee | J93: 35000 | K93: 35000 | L93: 35000 | M93: 35000 | N93: 35000 | O93: 35000 | P93: 35000 | Q93: 35000 | R93: 35000 | S93: 35000 | T93: 35000 | U93: 35000 | V93: 10000 | W93: 430000 | X93: Salaried
A94: =A93+1 -> 7 | B94: Sophia | C94: Female | D94: 44539 | H94: Senior Manager | J94: 80000 | K94: 80000 | L94: 80000 | M94: 80000 | N94: 80000 | O94: 80000 | P94: 80000 | Q94: 80000 | R94: 80000 | S94: 80000 | T94: 80000 | U94: 80000 | V94: 27863.58 | W94: 987863.58 | X94: Salaried
A95: =A94+1 -> 8 | W95: =IFERROR((SUM(J95:U95)/COUNTA(J95:U95))*12+V95,"")
A96: =A95+1 -> 9 | W96: =IFERROR((SUM(J96:U96)/COUNTA(J96:U96))*12+V96,"")
A97: =A96+1 -> 10 | W97: =IFERROR((SUM(J97:U97)/COUNTA(J97:U97))*12+V97,"")
A98: =A97+1 -> 11 | W98: =IFERROR((SUM(J98:U98)/COUNTA(J98:U98))*12+V98,"")
A99: =A98+1 -> 12 | W99: =IFERROR((SUM(J99:U99)/COUNTA(J99:U99))*12+V99,"")
A100: =A99+1 -> 13 | W100: =IFERROR((SUM(J100:U100)/COUNTA(J100:U100))*12+V100,"")
A101: =A100+1 -> 14 | W101: =IFERROR((SUM(J101:U101)/COUNTA(J101:U101))*12+V101,"")
A102: =A101+1 -> 15 | W102: =IFERROR((SUM(J102:U102)/COUNTA(J102:U102))*12+V102,"")
A103: =A102+1 -> 16 | W103: =IFERROR((SUM(J103:U103)/COUNTA(J103:U103))*12+V103,"")
A104: =A103+1 -> 17 | W104: =IFERROR((SUM(J104:U104)/COUNTA(J104:U104))*12+V104,"")
A105: =A104+1 -> 18 | W105: =IFERROR((SUM(J105:U105)/COUNTA(J105:U105))*12+V105,"")
A106: =A105+1 -> 19 | W106: =IFERROR((SUM(J106:U106)/COUNTA(J106:U106))*12+V106,"")
A107: =A106+1 -> 20 | W107: =IFERROR((SUM(J107:U107)/COUNTA(J107:U107))*12+V107,"")
A108: =A107+1 -> 21 | W108: =IFERROR((SUM(J108:U108)/COUNTA(J108:U108))*12+V108,"") | Z108: =IFERROR(W108/COUNT(J108:U108),0) -> 0
A109: =A108+1 -> 22 | W109: =IFERROR((SUM(J109:U109)/COUNTA(J109:U109))*12+V109,"") | Z109: =IFERROR(W109/COUNT(J109:U109),0) -> 0
A110: =A109+1 -> 23 | W110: =IFERROR((SUM(J110:U110)/COUNTA(J110:U110))*12+V110,"") | Z110: =IFERROR(W110/COUNT(J110:U110),0) -> 0
A111: =A110+1 -> 24 | W111: =IFERROR((SUM(J111:U111)/COUNTA(J111:U111))*12+V111,"") | Z111: =IFERROR(W111/COUNT(J111:U111),0) -> 0
A112: =A111+1 -> 25 | W112: =IFERROR((SUM(J112:U112)/COUNTA(J112:U112))*12+V112,"") | Z112: =IFERROR(W112/COUNT(J112:U112),0) -> 0
A113: =A112+1 -> 26 | W113: =IFERROR((SUM(J113:U113)/COUNTA(J113:U113))*12+V113,"") | Z113: =IFERROR(W113/COUNT(J113:U113),0) -> 0
A114: =A113+1 -> 27 | W114: =IFERROR((SUM(J114:U114)/COUNTA(J114:U114))*12+V114,"") | Z114: =IFERROR(W114/COUNT(J114:U114),0) -> 0
A115: =A114+1 -> 28 | W115: =IFERROR((SUM(J115:U115)/COUNTA(J115:U115))*12+V115,"") | Z115: =IFERROR(W115/COUNT(J115:U115),0) -> 0
A116: =A115+1 -> 29 | W116: =IFERROR((SUM(J116:U116)/COUNTA(J116:U116))*12+V116,"") | Z116: =IFERROR(W116/COUNT(J116:U116),0) -> 0
A117: =A116+1 -> 30 | W117: =IFERROR((SUM(J117:U117)/COUNTA(J117:U117))*12+V117,"") | Z117: =IFERROR(W117/COUNT(J117:U117),0) -> 0
A118: =A117+1 -> 31 | W118: =IFERROR((SUM(J118:U118)/COUNTA(J118:U118))*12+V118,"") | Z118: =IFERROR(W118/COUNT(J118:U118),0) -> 0
A119: =A118+1 -> 32 | W119: =IFERROR((SUM(J119:U119)/COUNTA(J119:U119))*12+V119,"") | Z119: =IFERROR(W119/COUNT(J119:U119),0) -> 0
... A122: =A121+1 -> 35 | W122: =IFERROR((SUM(J122:U122)/COUNTA(J122:U122))*12+V122,"") | Z122: =IFERROR(W122/COUNT(J122:U122),0) -> 0
A123: =A122+1 -> 36 | W123: =IFERROR((SUM(J123:U123)/COUNTA(J123:U123))*12+V123,"")
A124: =A123+1 -> 37 | W124: =IFERROR((SUM(J124:U124)/COUNTA(J124:U124))*12+V124,"")
A125: =A124+1 -> 38 | W125: =IFERROR((SUM(J125:U125)/COUNTA(J125:U125))*12+V125,"")
A126: =A125+1 -> 39 | W126: =IFERROR((SUM(J126:U126)/COUNTA(J126:U126))*12+V126,"")
...

Sheet 6. Disagg Data Supply Chains
A2: 17 | B2: Gender-disaggregated data in supply chains
B3: Instruction: The indicator is assessed on the basis of the 5 dimensions of Commitment, Communication, Implementation, Measurement and Accountability and Transparency. A minimum threshold is set for each dimension assigned for micros, small and medium, and large enterprises. Each question has been provided with the following response options depending on the demonstration of policy and practice.
B4: Answer key | C4: Description
B5: 0 | C5: No
B6: 1 | C6: Informal/ad-hoc/in draft
B7: 2 | C7: Adopted but not fully implemented or operationalised
B8: 3 | C8: Fully operationalised and systematically done
B10: The following guide questions can be used to identify business policies and practices that use gender disaggregated data in an enterprise's supply chains. Practitioners should use appropriate judgment in determining suitable questions in view of local contexts and global aspirations.
B11: Commitment | D11: Baseline assessment | E11: Period 1 | F11: Period 2 | G11: Period 3 | H11: Period 4 | I11: Period 5 | J11: Micro-enterprise threshold | K11: Small and medium enterprise threshold | L11: Large enterprise threshold
B12: 1. Does the enterprise have a policy on diversity of its supply chains for the purposes of risk management and business resiliency? | D12: 1 | J12: X | K12: X | L12: X
B13: 2. Does the enterprise prioritize women entrepreneurs in its supply chains as demonstrated through policies and procedures? | D13: 1 | K13: X | L13: X
B14: 3. Does the enterprise ensure gender equality and diversity in supply chains by collecting and analyzing gender-disaggregated data about suppliers? | D14: 0 | L14: X
B15: No of threshold question | D15: {=_xlfn.IFS('2. Employee Info'!O19='2. Employee Info'!N20,J15,'2. Employee Info'!O19='2. Employee Info'!N21,K15,'2. Employee Info'!O19='2. Employee Info'!N22,L15)} -> 1 | J15: =COUNTA(J12:J14) -> 1 | K15: =COUNTA(K12:K14) -> 2 | L15: =COUNTA(L12:L14) -> 3
B16: Score | D16: {=MIN(6,SUM((((D12:D14)/($D15*3))*5)))} -> 3.3333333 | E16: {=MIN(6,SUM((((E12:E14)/($D15*3))*5)))} -> 0 | F16: {=MIN(6,SUM((((F12:F14)/($D15*3))*5)))} -> 0 | G16: {=MIN(6,SUM((((G12:G14)/($D15*3))*5)))} -> 0 | H16: {=MIN(6,SUM((((H12:H14)/($D15*3))*5)))} -> 0 | I16: {=MIN(6,SUM((((I12:I14)/($D15*3))*5)))} -> 0
B18: Communication | D18: Baseline assessment | E18: Period 1 | F18: Period 2 | G18: Period 3 | H18: Period 4 | I18: Period 5 | J18: Micro-enterprise threshold | K18: Small and medium enterprise threshold | L18: Large enterprise threshold
B19: 4. Does the enterprise communicate with their employees the important role of gender equality and diversity in its business processes and the reason for collecting gender-disaggregated data? | D19: 0 | J19: X | K19: X | L19: X
B20: 5. Does the enterprise inform its suppliers the reason for collecting gender-disaggregated data in its onboarding and evaluation processes? | D20: 0 | K20: X | L20: X
B21: No of threshold question | D21: {=_xlfn.IFS('2. Employee Info'!O19='2. Employee Info'!N20,J21,'2. Employee Info'!O19='2. Employee Info'!N21,K21,'2. Employee Info'!O19='2. Employee Info'!N22,L21)} -> 1 | J21: =COUNTA(J19:J20) -> 1 | K21: =COUNTA(K19:K20) -> 2 | L21: =COUNTA(L19:L20) -> 2
B22: Score | D22: {=MIN(6,SUM((((D19:D20)/($D21*3))*5)))} -> 0 | E22: {=MIN(6,SUM((((E19:E20)/($D21*3))*5)))} -> 0 | F22: {=MIN(6,SUM((((F19:F20)/($D21*3))*5)))} -> 0 | G22: {=MIN(6,SUM((((G19:G20)/($D21*3))*5)))} -> 0 | H22: {=MIN(6,SUM((((H19:H20)/($D21*3))*5)))} -> 0 | I22: {=MIN(6,SUM((((I19:I20)/($D21*3))*5)))} -> 0
B24: Implementation | D24: Baseline assessment | E24: Period 1 | F24: Period 2 | G24: Period 3 | H24: Period 4 | I24: Period 5 | J24: Micro-enterprise threshold | K24: Small and medium enterprise threshold | L24: Large enterprise threshold
B25: 6. Does the enterprise have a definition or align with an existing standard for defining women-owned companies that is clearly documented in policies or procedures? | D25: 0 | J25: X | K25: X | L25: X
B26: 7. Is there an individual assigned to measuring and reporting supplier performance that can be disaggregated by gender? | D26: 0 | K26: X | L26: X
B27: 8. Does the enterprise collect gender-disaggregated data as part of its supplier onboarding and monitoring process to improve performance? | D27: 0 | L27: X
B28: No of threshold question | D28: {=_xlfn.IFS('2. Employee Info'!O19='2. Employee Info'!N20,J28,'2. Employee Info'!O19='2. Employee Info'!N21,K28,'2. Employee Info'!O19='2. Employee Info'!N22,L28)} -> 1 | J28: =COUNTA(J25:J27) -> 1 | K28: =COUNTA(K25:K27) -> 2 | L28: =COUNTA(L25:L27) -> 3
B29: Score | D29: {=MIN(6,SUM((((D25:D27)/($D28*3))*5)))} -> 0 | E29: {=MIN(6,SUM((((E25:E27)/($D28*3))*5)))} -> 0 | F29: {=MIN(6,SUM((((F25:F27)/($D28*3))*5)))} -> 0 | G29: {=MIN(6,SUM((((G25:G27)/($D28*3))*5)))} -> 0 | H29: {=MIN(6,SUM((((H25:H27)/($D28*3))*5)))} -> 0 | I29: {=MIN(6,SUM((((I25:I27)/($D28*3))*5)))} -> 0
B31: Measurement | D31: Baseline assessment | E31: Period 1 | F31: Period 2 | G31: Period 3 | H31: Period 4 | I31: Period 5 | J31: Micro-enterprise threshold | K31: Small and medium enterprise threshold | L31: Large enterprise threshold
B32: 9. Does the enterprise track the amount of spend with each supplier? | D32: 3 | J32: X | K32: X | L32: X
B33: 10. Does the enterprise commit to collecting gender-disaggregated data to promote gender equality and diversity in its supply chains? | D33: 1 | K33: X | L33: X
B34: 11. Does the enterprise have metrics and reporting mechanisms on gender equality and women’s empowerment across the supply chain? | D34: 1
B35: No of threshold question | D35: {=_xlfn.IFS('2. Employee Info'!O19='2. Employee Info'!N20,J35,'2. Employee Info'!O19='2. Employee Info'!N21,K35,'2. Employee Info'!O19='2. Employee Info'!N22,L35)} -> 1 | J35: =COUNTA(J32:J34) -> 1 | K35: =COUNTA(K32:K34) -> 2 | L35: =COUNTA(L32:L34) -> 2
B36: Score | D36: {=MIN(6,SUM((((D32:D34)/($D35*3))*5)))} -> 6 | E36: {=MIN(6,SUM((((E32:E34)/($D35*3))*5)))} -> 0 | F36: {=MIN(6,SUM((((F32:F34)/($D35*3))*5)))} -> 0 | G36: {=MIN(6,SUM((((G32:G34)/($D35*3))*5)))} -> 0 | H36: {=MIN(6,SUM((((H32:H34)/($D35*3))*5)))} -> 0 | I36: {=MIN(6,SUM((((I32:I34)/($D35*3))*5)))} -> 0
B38: Accountability and Transparency | D38: Baseline assessment | E38: Period 1 | F38: Period 2 | G38: Period 3 | H38: Period 4 | I38: Period 5 | J38: Micro-enterprise threshold | K38: Small and medium enterprise threshold | L38: Large enterprise threshold
B39: 12. Is there an individual responsible for collecting gender-disaggregated data to promote gender equality and diversity in its supply chains? | D39: 0 | J39: X | K39: X | L39: X
B40: 13. Does the enterprise report publicly on the percentage of expenditures spent with women-owned or women-led enterprises? | D40: 1 | L40: X
B41: 14. Does the enterprise report to the Board on the percentage spent with women-owned or women-led enterprises? | D41: 0 | K41: X | L41: X
B42: 15. Does the enterprise use gender-disaggregated data and information to assess performance and develop appropriate, evidence-based responses and gender-focused procurement policies to improve women’s economic empowerment in its supply chains? | D42: 0 | L42: X
B43: No of threshold question | D43: {=_xlfn.IFS('2. Employee Info'!O19='2. Employee Info'!N20,J43,'2. Employee Info'!O19='2. Employee Info'!N21,K43,'2. Employee Info'!O19='2. Employee Info'!N22,L43)} -> 1 | J43: =COUNTA(J39:J42) -> 1 | K43: =COUNTA(K39:K42) -> 2 | L43: =COUNTA(L39:L42) -> 4
B44: Score | D44: {=MIN(6,SUM((((D39:D42)/($D43*3))*5)))} -> 1.6666667 | E44: {=MIN(6,SUM((((E39:E42)/($D43*3))*5)))} -> 0 | F44: {=MIN(6,SUM((((F39:F42)/($D43*3))*5)))} -> 0 | G44: {=MIN(6,SUM((((G39:G42)/($D43*3))*5)))} -> 0 | H44: {=MIN(6,SUM((((H39:H42)/($D43*3))*5)))} -> 0 | I44: {=MIN(6,SUM((((I39:I42)/($D43*3))*5)))} -> 0
B46: Total Score | D46: =AVERAGE(D44,D36,D29,D22,D16) -> 2.2 | E46: =AVERAGE(E44,E36,E29,E22,E16) -> 0 | F46: =AVERAGE(F44,F36,F29,F22,F16) -> 0 | G46: =AVERAGE(G44,G36,G29,G22,G16) -> 0 | H46: =AVERAGE(H44,H36,H29,H22,H16) -> 0 | I46: =AVERAGE(I44,I36,I29,I22,I16) -> 0

Sheet 7. Disagg Data Value Chains
A2: 18 | B2: Gender-disaggregated data in value chains
B3: Instruction: The indicator is assessed on the basis of the 5 dimensions of Commitment, Communication, Implementation, Measurement and Accountability and Transparency. A minimum threshold is set for each dimension assigned for micros, small and medium, and large enterprises. Each question has been provided with the following response options depending on the demonstration of policy and practice.
B4: Answer key | C4: Description
B5: 0 | C5: No
B6: 1 | C6: Informal/ad-hoc/in draft
B7: 2 | C7: Adopted but not fully implemented or operationalised
B8: 3 | C8: Fully operationalised and systematically done
B10: The following guide questions can be used to identify business policies and practices that use gender disaggregated data in an enterprise’s customer base to address women’s needs for products and services. Practitioners should use appropriate judgment in determining suitable questions in view of local contexts and global aspirations.
B11: Commitment | D11: Baseline assessment | E11: Period 1 | F11: Period 2 | G11: Period 3 | H11: Period 4 | I11: Period 5 | J11: Micro-enterprise threshold | K11: Small and medium enterprise threshold | L11: Large enterprise threshold
B12: 1. Does the enterprise have a policy to collect data on its customers to inform product and service development and delivery? | D12: 3 | J12: X | K12: X | L12: X
B13: 2. Does the enterprise collect gender-disaggregated data on its customers to inform targeted customer experience? | D13: 2 | K13: X | L13: X
B14: No of threshold question | D14: {=_xlfn.IFS('2. Employee Info'!O19='2. Employee Info'!N20,I14,'2. Employee Info'!O19='2. Employee Info'!N21,J14,'2. Employee Info'!O19='2. Employee Info'!N22,K14)} -> 0 | J14: =COUNTA(J12:J13) -> 1 | K14: =COUNTA(K12:K13) -> 2 | L14: =COUNTA(L12:L13) -> 2
B15: Score | D15: {=MIN(6,SUM((((D12:D13)/($D14*3))*5)))} -> #DIV/0! | E15: {=MIN(6,SUM((((E12:E13)/($D14*3))*5)))} -> #DIV/0! | F15: {=MIN(6,SUM((((F12:F13)/($D14*3))*5)))} -> #DIV/0! | G15: {=MIN(6,SUM((((G12:G13)/($D14*3))*5)))} -> #DIV/0! | H15: {=MIN(6,SUM((((H12:H13)/($D14*3))*5)))} -> #DIV/0! | I15: {=MIN(6,SUM((((I12:I13)/($D14*3))*5)))} -> #DIV/0!
B17: Communication | D17: Baseline assessment | E17: Period 1 | F17: Period 2 | G17: Period 3 | H17: Period 4 | I17: Period 5 | J17: Micro-enterprise threshold | K17: Small and medium enterprise threshold | L17: Large enterprise threshold
B18: 3. Does the enterprise communicate the value of collecting gender-disaggregated customer data to its employees and stakeholders? | D18: 2 | J18: X | K18: X | L18: X
B19: 4. Does the enterprise communicate with its customers to gather gender-disaggregated data to provide better products and services? | D19: 2 | J19: X | K19: X | L19: X
B20: No of threshold question | D20: {=_xlfn.IFS('2. Employee Info'!O19='2. Employee Info'!N20,I20,'2. Employee Info'!O19='2. Employee Info'!N21,J20,'2. Employee Info'!O19='2. Employee Info'!N22,K20)} -> 0 | J20: =COUNTA(J18:J19) -> 2 | K20: =COUNTA(K18:K19) -> 2 | L20: =COUNTA(L18:L19) -> 2
B21: Score | D21: {=MIN(6,SUM((((D18:D19)/($D20*3))*5)))} -> #DIV/0! | E21: {=MIN(6,SUM((((E18:E19)/($D20*3))*5)))} -> #DIV/0! | F21: {=MIN(6,SUM((((F18:F19)/($D20*3))*5)))} -> #DIV/0! | G21: {=MIN(6,SUM((((G18:G19)/($D20*3))*5)))} -> #DIV/0! | H21: {=MIN(6,SUM((((H18:H19)/($D20*3))*5)))} -> #DIV/0! | I21: {=MIN(6,SUM((((I18:I19)/($D20*3))*5)))} -> #DIV/0!
B23: Implementation | D23: Baseline assessment | E23: Period 1 | F23: Period 2 | G23: Period 3 | H23: Period 4 | I23: Period 5 | J23: Micro-enterprise threshold | K23: Small and medium enterprise threshold | L23: Large enterprise threshold
B24: 5. Does the enterprise use customer satisfaction surveys to develop better products using a gender lens? For example, improving products/services based on prevalent feedback from women customers or flagging customer feedback that might encourage gender biases | D24: 1 | J24: X | K24: X | L24: X
B25: 6. Does the enterprise invest in resources to measure and report gender-disaggregated data and conduct gender analysis? | D25: 2 | K25: X | L25: X
B26: No of threshold question | D26: {=_xlfn.IFS('2. Employee Info'!O19='2. Employee Info'!N20,I26,'2. Employee Info'!O19='2. Employee Info'!N21,J26,'2. Employee Info'!O19='2. Employee Info'!N22,K26)} -> 0 | J26: =COUNTA(J24:J25) -> 1 | K26: =COUNTA(K24:K25) -> 2 | L26: =COUNTA(L24:L25) -> 2
B27: Score | D27: {=MIN(6,SUM((((D24:D25)/($D26*3))*5)))} -> #DIV/0!
B29: Measurement | D29: Baseline assessment | E29: Period 1 | F29: Period 2 | G29: Period 3 | H29: Period 4 | I29: Period 5 | J29: Micro-enterprise threshold | K29: Small and medium enterprise threshold | L29: Large enterprise threshold
B30: 7. Does the enterprise have targets for key metrics and reporting mechanisms on gender disaggregated data including customer surveys? | D30: 2 | J30: X | K30: X | L30: X
B31: No of threshold question | D31: {=_xlfn.IFS('2. Employee Info'!O19='2. Employee Info'!N20,I31,'2. Employee Info'!O19='2. Employee Info'!N21,J31,'2. Employee Info'!O19='2. Employee Info'!N22,K31)} -> 0 | J31: =COUNTA(J30) -> 1 | K31: =COUNTA(K30) -> 1 | L31: =COUNTA(L30) -> 1
B32: Score | D32: =MIN(6,SUM((((D30)/($D31*3))*5))) -> #DIV/0!
B34: Accountability and Transparency | D34: Baseline assessment | E34: Period 1 | F34: Period 2 | G34: Period 3 | H34: Period 4 | I34: Period 5 | J34: Micro-enterprise threshold | K34: Small and medium enterprise threshold | L34: Large enterprise threshold
B35: 8. Does the enterprise use gender-disaggregated data and information to formulate business strategies to build competitive advantage? | D35: 2 | J35: X | K35: X | L35: X
B36: 9. Is there an individual responsible for collecting and analysing gender-disaggregated data? | D36: 3 | J36: X | K36: X | L36: X
B37: 10. Does the enterprise use gender-disaggregated data and information to assess performance and develop appropriate, evidence-based responses and policies? | D37: 2 | K37: X | L37: X
B38: No of threshold question | D38: {=_xlfn.IFS('2. Employee Info'!O19='2. Employee Info'!N20,I38,'2. Employee Info'!O19='2. Employee Info'!N21,J38,'2. Employee Info'!O19='2. Employee Info'!N22,K38)} -> 0 | J38: =COUNTA(J35:J37) -> 2 | K38: =COUNTA(K35:K37) -> 3 | L38: =COUNTA(L35:L37) -> 3
B39: Score | D39: {=MIN(6,SUM((((D35:D37)/($D38*3))*5)))} -> #DIV/0! | E39: {=MIN(6,SUM((((E35:E37)/($D38*3))*5)))} -> #DIV/0! | F39: {=MIN(6,SUM((((F35:F37)/($D38*3))*5)))} -> #DIV/0! | G39: {=MIN(6,SUM((((G35:G37)/($D38*3))*5)))} -> #DIV/0! | H39: {=MIN(6,SUM((((H35:H37)/($D38*3))*5)))} -> #DIV/0! | I39: {=MIN(6,SUM((((I35:I37)/($D38*3))*5)))} -> #DIV/0!
B41: Total Score | D41: =AVERAGE(D39,D32,D27,D21,D15) -> #DIV/0! | E41: =AVERAGE(E39,E32,E27,E21,E15) -> #DIV/0! | F41: =AVERAGE(F39,F32,F27,F21,F15) -> #DIV/0! | G41: =AVERAGE(G39,G32,G27,G21,G15) -> #DIV/0! | H41: =AVERAGE(H39,H32,H27,H21,H15) -> #DIV/0! | I41: =AVERAGE(I39,I32,I27,I21,I15) -> #DIV/0!
B43: Total Bonus Questions | J43: 3 | K43: 0 | L43: 0

Sheet 8. Climate risks
A2: 22 | B2: Addressing climate risks
B3: Instruction: The indicator is assessed on the basis of the 5 dimensions of Commitment, Communication, Implementation, Measurement and Accountability and Transparency. A minimum threshold is set for each dimension assigned for micros, small and medium, and large enterprises. Each question has been provided with the following response options depending on the demonstration of policy and practice.
B4: Answer key | C4: Description
B5: 0 | C5: No
B6: 1 | C6: Informal/ad-hoc/in draft
B7: 2 | C7: Adopted but not fully implemented or operationalised
B8: 3 | C8: Fully operationalised and systematically done
B10: The following guide questions can be used to identify business policies and practices with respect to gendered approach to address climate risks. Practitioners should use appropriate judgment in determining the suitable questions in view of local contexts and global aspirations.
B11: Commitment | D11: Baseline assessment | E11: Period 1 | F11: Period 2 | G11: Period 3 | H11: Period 4 | I11: Period 5 | J11: Micro-enterprise threshold | K11: Small and medium enterprise threshold | L11: Large enterprise threshold
B12: 1. Does the enterprise evaluate the effects of its operations on the environment including the sustainable use and sourcing of materials, energy and water? | D12: 3 | J12: X | K12: X | L12: X
B13: 2. Has the enterprise NOT been cited for any environmental violations? A "No" answer means scoring of allotted point. | D13: 3 | J13: X | K13: X | L13: X
B14: 3. Does the enterprise comply with existing environmental policy and undertake initiatives beyond what is required by laws and regulations? Environmental policy refers to the policy framework adopted by an organisation to ensure that environmental laws, regulations, and additional policy mechanisms such as the Taskforce on Climate-Related Disclosures (TFCD) recommendations are fully integrated into its operations. These issues generally include climate mitigation and adaptation, air and water pollution, solid waste management, biodiversity, ecosystem management, maintenance of biodiversity, and the protection of natural resources, wildlife and endangered species. | D14: 2 | K14: X | L14: X
B15: No of threshold question | D15: {=_xlfn.IFS('2. Employee Info'!O19='2. Employee Info'!N20,J15,'2. Employee Info'!O19='2. Employee Info'!N21,K15,'2. Employee Info'!O19='2. Employee Info'!N22,L15)} -> 2 | J15: =COUNTA(J12:J14) -> 2 | K15: =COUNTA(K12:K14) -> 3 | L15: =COUNTA(L12:L14) -> 3
B16: Score | D16: {=MIN(6,SUM(((D12:D14)/($D$15*3))*5))} -> 6 | E16: {=MIN(6,SUM((((E12:E14)/($D15*3))*5)))} -> 0 | F16: {=MIN(6,SUM((((F12:F14)/($D15*3))*5)))} -> 0 | G16: {=MIN(6,SUM((((G12:G14)/($D15*3))*5)))} -> 0 | H16: {=MIN(6,SUM((((H12:H14)/($D15*3))*5)))} -> 0 | I16: {=MIN(6,SUM((((I12:I14)/($D15*3))*5)))} -> 0
B18: Communication | D18: Baseline assessment | E18: Period 1 | F18: Period 2 | G18: Period 3 | H18: Period 4 | I18: Period 5 | J18: Micro-enterprise threshold | K18: Small and medium enterprise threshold | L18: Large enterprise threshold
B19: 4. Does the enterprise communicate its climate policy and outcomes to all employees, suppliers, and other stakeholders? | D19: 1 | J19: X | K19: X | L19: X
B20: No of threshold question | D20: {=_xlfn.IFS('2. Employee Info'!O19='2. Employee Info'!N20,J20,'2. Employee Info'!O19='2. Employee Info'!N21,K20,'2. Employee Info'!O19='2. Employee Info'!N22,L20)} -> 1 | J20: =COUNTA(J19) -> 1 | K20: =COUNTA(K19) -> 1 | L20: =COUNTA(L19) -> 1
B21: Score | D21: =MIN(6,SUM(((D19)/($D$20*3))*5)) -> 1.6666667 | E21: =MIN(6,SUM(((E19)/($D$20*3))*5)) -> 0 | F21: =MIN(6,SUM(((F19)/($D$20*3))*5)) -> 0 | G21: =MIN(6,SUM(((G19)/($D$20*3))*5)) -> 0 | H21: =MIN(6,SUM(((H19)/($D$20*3))*5)) -> 0 | I21: =MIN(6,SUM(((I19)/($D$20*3))*5)) -> 0
B23: Implementation | D23: Baseline assessment | E23: Period 1 | F23: Period 2 | G23: Period 3 | H23: Period 4 | I23: Period 5 | J23: Micro-enterprise threshold | K23: Small and medium enterprise threshold | L23: Large enterprise threshold
B24: 5. Does the enterprise practise waste management and recycling in its operations? | D24: 2 | J24: X | K24: X | L24: X
B25: 6. Does the enterprise pursue energy efficiency projects such as using LED, smart meter, electric vehicle fleet and other energy saving devices? | D25: 2 | K25: X | L25: X
B26: 7. Does the enterprise have a policy to continuously assess climate risks regarding its potential adverse impact on the health and well-being of employees, its customers and/or the population in the area where it operates, as well as mitigation plans, especially those that will disproportionately have negative effects on women? | D26: 3 | K26: X | L26: X
B27: 8. Does the enterprise include climate considerations in ongoing business interactions with suppliers? | D27: 1 | K27: X | L27: X
B28: 9. How do the enterprise’s products or services affect climate and environmental sustainability (contributing to mitigation, adaptation, resilience or just transition)? | D28: 1 | L28: X
B29: 10. Does the enterprise encourage its employees to contribute to climate action and provide the necessary training? | D29: 1 | L29: X
B30: 11. Does the enterprise improve its access to technology to attain energy efficiency and co-benefits as part of its decarbonised action plan? | D30: 1
B31: 12. Does the enterprise initiate dialogue with selected suppliers to understand their current or planned climate goals and encourage them to halve emissions before 2030 and achieve net zero emissions before 2050, as part of their engagement? | D31: 1
B32: No of threshold question | D32: {=_xlfn.IFS('2. Employee Info'!O19='2. Employee Info'!N20,J32,'2. Employee Info'!O19='2. Employee Info'!N21,K32,'2. Employee Info'!O19='2. Employee Info'!N22,L32)} -> 1 | J32: =COUNTA(J24:J31) -> 1 | K32: =COUNTA(K24:K31) -> 4 | L32: =COUNTA(L24:L31) -> 6
B33: Score | D33: {=MIN(6,SUM(((D24:D31)/($D$32*3))*5))} -> 6 | E33: {=MIN(6,SUM(((E24:E31)/($D$32*3))*5))} -> 0 | F33: {=MIN(6,SUM(((F24:F31)/($D$32*3))*5))} -> 0 | G33: {=MIN(6,SUM(((G24:G31)/($D$32*3))*5))} -> 0 | H33: {=MIN(6,SUM(((H24:H31)/($D$32*3))*5))} -> 0 | I33: {=MIN(6,SUM(((I24:I31)/($D$32*3))*5))} -> 0
B35: Measurement | D35: Baseline assessment | E35: Period 1 | F35: Period 2 | G35: Period 3 | H35: Period 4 | I35: Period 5 | J35: Micro-enterprise threshold | K35: Small and medium enterprise threshold | L35: Large enterprise threshold
B36: 13. Does the enterprise set goals and measure the progress of its energy efficiency, recycling and waste management projects? | D36: 1 | J36: X | K36: X | L36: X
B37: 15. Does the enterprise identify, assess and manage its climate risks e.g. physical and transition risks? | D37: 1 | L37: X
B38: 15. Does the enterprise track its GHG emissions and progress against targets for accountability and tracking? | D38: 1
B39: 16. Does the enterprise align performance targets and bonuses with environmental and sustainability performance indicators? | D39: 1
B40: 17. Does the enterprise measure the emissions of employees when they are working remotely at home or outside the office? | D40: 1
B41: No of threshold question | D41: {=_xlfn.IFS('2. Employee Info'!O19='2. Employee Info'!N20,J41,'2. Employee Info'!O19='2. Employee Info'!N21,K41,'2. Employee Info'!O19='2. Employee Info'!N22,L41)} -> 1 | J41: =COUNTA(J36:J40) -> 1 | K41: =COUNTA(K36:K40) -> 1 | L41: =COUNTA(L36:L40) -> 2
B42: Score | D42: {=MIN(6,SUM(((D36:D40)/($D$41*3))*5))} -> 6
B44: Accountability and Transparency | D44: Baseline assessment | E44: Period 1 | F44: Period 2 | G44: Period 3 | H44: Period 4 | I44: Period 5 | J44: Micro-enterprise threshold | K44: Small and medium enterprise threshold | L44: Large enterprise threshold
B45: 18. Has the enterprise set a climate or environmental strategy? | D45: 1 | J45: X | K45: X | L45: X
B46: 19. Is there an individual responsible for overseeing the implementation and monitoring of its environmental policies? | D46: 1 | J46: X | K46: X | L46: X
B47: 20. Does the enterprise consider climate change as a business risk and actively mitigate it to gain competitive advantage? | D47: 1 | K47: X | L47: X
B48: 21. Does the enterprise collaborate with a broad range of stakeholders outside of its normal scope of business operations – such as peers, NGOs, customers, governments, academia – to support a systematic approach to decarbonisation and other climate action? | D48: 1
B49: No of threshold question | D49: {=_xlfn.IFS('2. Employee Info'!O19='2. Employee Info'!N20,J49,'2. Employee Info'!O19='2. Employee Info'!N21,K49,'2. Employee Info'!O19='2. Employee Info'!N22,L49)} -> 2 | J49: =COUNTA(J45:J48) -> 2 | K49: =COUNTA(K45:K48) -> 3 | L49: =COUNTA(L45:L48) -> 3
B50: Score | D50: {=MIN(6,SUM(((D45:D48)/($D$49*3))*5))} -> 3.3333333
B52: Total Score | D52: =AVERAGE(D50,D42,D33,D21,D16) -> 4.6

Sheet 9. Performance evaluation
A2: 10 | B2: Performance evaluation and progression
B3: Instruction: The indicator is assessed on the basis of the 5 dimensions of Commitment, Communication, Implementation, Measurement and Accountability and Transparency. A minimum threshold is set for each dimension assigned for micros, small and medium, and large enterprises. Each question has been provided with the following response options depending on the demonstration of policy and practice.
B4: Answer key | C4: Description
B5: 0 | C5: No
B6: 1 | C6: Informal/ad-hoc/in draft
B7: 2 | C7: Adopted but not fully implemented or operationalised
B8: 3 | C8: Fully operationalised and systematically done
B10: The following guide questions can be used to identify business policies and practices with respect to a gendered approach in performance evaluation and progression. Practitioners should use appropriate judgment in determining the suitable questions in view of local contexts and global aspirations.
B11: Commitment | D11: Baseline assessment | E11: Period 1 | F11: Period 2 | G11: Period 3 | H11: Period 4 | I11: Period 5 | J11: Micro-enterprise threshold | K11: Small and medium enterprise threshold | L11: Large enterprise threshold
B12: 1. Does the enterprise have clear criteria for rewards that are free of gender bias and link to the performance review process? | D12: 2 | J12: X | K12: X | L12: X
B13: 2. Does the enterprise exhibit transparency with regards to objectives, and have specific and clear evaluation criteria for performance evaluation and promotion? | D13: 2 | K13: X | L13: X
B14: No of threshold question | D14: {=_xlfn.IFS('2. Employee Info'!O19='2. Employee Info'!N20,'9. Performance evaluation'!J28,'2. Employee Info'!O19='2. Employee Info'!N21,'9. Performance evaluation'!K28,'2. Employee Info'!O19='2. Employee Info'!N22,'9. Performance evaluation'!L28)} -> 1 | J14: =COUNTA(J12:J13) -> 1 | K14: =COUNTA(K12:K13) -> 2 | L14: =COUNTA(L12:L13) -> 2
B15: Score | D15: {=MIN(6,SUM((((D12:D13)/(D28*3))*5)))} -> 6
B17: Communication | D17: Baseline assessment | E17: Period 1 | F17: Period 2 | G17: Period 3 | H17: Period 4 | I17: Period 5 | J17: Micro-enterprise threshold | K17: Small and medium enterprise threshold | L17: Large enterprise threshold
B18: 3. Does the enterprise highlight women as role models in internal and external communications? | D18: 1 | K18: X | L18: X
B19: 4. Does the enterprise clearly communicate performance criteria and set professional development goals at the beginning of the performance period? | D19: 2 | J19: X | K19: X | L19: X
B20: No of threshold question | D20: {=_xlfn.IFS('2. Employee Info'!O19='2. Employee Info'!N20,'9. Performance evaluation'!J20,'2. Employee Info'!O19='2. Employee Info'!N21,'9. Performance evaluation'!K20,'2. Employee Info'!O19='2. Employee Info'!N22,'9. Performance evaluation'!L20)} -> 1 | J20: =COUNTA(J18:J19) -> 1 | K20: =COUNTA(K18:K19) -> 2 | L20: =COUNTA(L18:L19) -> 2
B21: Score | D21: {=MIN(6,SUM((((D18:D19)/(D20*3))*5)))} -> 5
B23: Implementation | D23: Baseline assessment | E23: Period 1 | F23: Period 2 | G23: Period 3 | H23: Period 4 | I23: Period 5 | J23: Micro-enterprise threshold | K23: Small and medium enterprise threshold | L23: Large enterprise threshold
B24: 5. Does enterprise leadership actively and openly promote and encourage recruitment and promotion from diverse talent pools? | D24: 2 | K24: X | L24: X
B25: 6. Does the enterprise analyse potential gender biases in the evaluation and promotion process and conduct multiple evaluations by asking several people to evaluate individuals to have multiple data points and thereby encourage a broader perspective on performance, both of which reduce bias? | D25: 3 | J25: X | K25: X | L25: X
B26: 7. Does the enterprise provide unconscious bias training to people managers? | D26: 2 | K26: X | L26: X
B27: 8. Does the enterprise actively seek to balance women representation in managerial and senior-level positions to implement its gender equality and diversity policy? | D27: 2 | K27: X | L27: X
B28: No of threshold question | D28: {=_xlfn.IFS('2. Employee Info'!O19='2. Employee Info'!N20,'9. Performance evaluation'!J28,'2. Employee Info'!O19='2. Employee Info'!N21,'9. Performance evaluation'!K28,'2. Employee Info'!O19='2. Employee Info'!N22,'9. Performance evaluation'!L28)} -> 1 | J28: =COUNTA(J24:J27) -> 1 | K28: =COUNTA(K24:K27) -> 4 | L28: =COUNTA(L24:L27) -> 4
B29: Score | D29: {=MIN(6,SUM((((D26:D27)/(D28*3))*5)))} -> 6 | E29: {=MIN(6,SUM((((E26:E27)/($D28*3))*5)))} -> 0 | F29: {=MIN(6,SUM((((F26:F27)/($D28*3))*5)))} -> 0 | G29: {=MIN(6,SUM((((G26:G27)/($D28*3))*5)))} -> 0 | H29: {=MIN(6,SUM((((H26:H27)/($D28*3))*5)))} -> 0 | I29: {=MIN(6,SUM((((I26:I27)/($D28*3))*5)))} -> 0 | J29: {=MIN(6,SUM((((J26:J27)/($D28*3))*5)))} -> 0
B31: Measurement | D31: Baseline assessment | E31: Period 1 | F31: Period 2 | G31: Period 3 | H31: Period 4 | I31: Period 5 | J31: Micro-enterprise threshold | K31: Small and medium enterprise threshold | L31: Large enterprise threshold
B32: 9. Does the enterprise track evaluations and promotions by gender? | D32: 1 | J32: X | K32: X | L32: X
B33: 10. Does the enterprise review performance appraisals by gender and analyse any emerging biases and work to eliminate pro-male or pro-childless criteria and competencies? | D33: 0 | K33: X | L33: X
B34: No of threshold question | D34: {=_xlfn.IFS('2. Employee Info'!O19='2. Employee Info'!N20,'9. Performance evaluation'!J34,'2. Employee Info'!O19='2. Employee Info'!N21,'9. Performance evaluation'!K34,'2. Employee Info'!O19='2. Employee Info'!N22,'9. Performance evaluation'!L34)} -> 1 | J34: =COUNTA(J32:J33) -> 1 | K34: =COUNTA(K32:K33) -> 2 | L34: =COUNTA(L32:L33) -> 2
B35: Score | D35: {=MIN(6,SUM((((D32:D33)/($D34*3))*5)))} -> 1.6666667 | E35: {=MIN(6,SUM((((E32:E33)/($D34*3))*5)))} -> 0 | F35: {=MIN(6,SUM((((F32:F33)/($D34*3))*5)))} -> 0 | G35: {=MIN(6,SUM((((G32:G33)/($D34*3))*5)))} -> 0 | H35: {=MIN(6,SUM((((H32:H33)/($D34*3))*5)))} -> 0 | I35: {=MIN(6,SUM((((I32:I33)/($D34*3))*5)))} -> 0
B37: Accountability and Transparency | D37: Baseline assessment | E37: Period 1 | F37: Period 2 | G37: Period 3 | H37: Period 4 | I37: Period 5 | J37: Micro-enterprise threshold | K37: Small and medium enterprise threshold | L37: Large enterprise threshold
B38: 11. Does the enterprise track the progress of gender representation in the organisation? | D38: 1 | J38: X | K38: X | L38: X
B39: 12. Does the enterprise report its progress and target improvement in gender representation to the Board and stakeholders? | D39: 1 | K39: X | L39: X
B40: 13. Are senior leaders accountable for progress on diversity goals and are these reflected in their performance review? | D40: 1 | L40: X
B41: 14. Does the enterprise publicly report to stakeholders on the total number of women (compared with men) in management anDoes the enterprise publicly report to stakeholders on the total number of women (compared with men) in management and senior leadership positions and in promotions? | D41: 1
B42: No of threshold question | D42: {=_xlfn.IFS('2. Employee Info'!O19='2. Employee Info'!N20,'9. Performance evaluation'!J42,'2. Employee Info'!O19='2. Employee Info'!N21,'9. Performance evaluation'!K42,'2. Employee Info'!O19='2. Employee Info'!N22,'9. Performance evaluation'!L42)} -> 1 | J42: =COUNTA(J38:J41) -> 1 | K42: =COUNTA(K38:K41) -> 2 | L42: =COUNTA(L38:L41) -> 3
B43: Score | D43: {=MIN(6,SUM((((D38:D41)/($D42*3))*5)))} -> 6 | E43: {=MIN(6,SUM((((E38:E41)/($D42*3))*5)))} -> 0 | F43: {=MIN(6,SUM((((F38:F41)/($D42*3))*5)))} -> 0 | G43: {=MIN(6,SUM((((G38:G41)/($D42*3))*5)))} -> 0 | H43: {=MIN(6,SUM((((H38:H41)/($D42*3))*5)))} -> 0 | I43: {=MIN(6,SUM((((I38:I41)/($D42*3))*5)))} -> 0
B45: Total Score | D45: =AVERAGE(D43,D35,D29,D20,D15) -> 4.1333333 | E45: =AVERAGE(E43,E35,E29,E20,E15) -> 0 | F45: =AVERAGE(F43,F35,F29,F20,F15) -> 0 | G45: =AVERAGE(G43,G35,G29,G20,G15) -> 0 | H45: =AVERAGE(H43,H35,H29,H20,H15) -> 0 | I45: =AVERAGE(I43,I35,I29,I20,I15) -> 0

Sheet 11. Gender diversity in recruit
A2: 13 | B2: Gender diversity in recruitment
B3: Instruction: The indicator is assessed on the basis of the 5 dimensions of Commitment, Communication, Implementation, Measurement and Accountability and Transparency. A minimum threshold is set for each dimension assigned for micros, small and medium, and large enterprises. Each question has been provided with the following response options depending on the demonstration of policy and practice.
B4: Answer key | C4: Description
B5: 0 | C5: No
B6: 1 | C6: Informal/ad-hoc/in draft
B7: 2 | C7: Adopted but not fully implemented or operationalised
B8: 3 | C8: Fully operationalised and systematically done
B10: The following guide questions can be used to identify business policies and practices with respect to gender diversity in recruitment. Practitioners should use appropriate judgment in determining the suitable questions in view of local contexts and global aspirations.
B11: Commitment | D11: Baseline assesment | E11: Period 1 | F11: Period 2 | G11: Period 3 | H11: Period 4 | I11: Period 5 | J11: Micro-enterprise threshold | K11: Small and medium enterprise threshold | L11: Large enterprise threshold
B12: 1. Does the company have an approach to ensure non-discrimination and equal opportunity in recruitment processes? | D12: 2 | J12: X | K12: X | L12: X
B13: 2. Does the enterprise have a policy that prohibits inquiring about a candidate's personal status (e.g. marital status, pregnancy or care responsibilities) in job applications or during interviews? | D13: 1 | J13: X | K13: X | L13: X
B14: 3. Does the company have gender equality and diversity goals? | D14: 0 | L14: X
B15: No of threshold question | D15: {=_xlfn.IFS('2. Employee Info'!O19='2. Employee Info'!N20,J15,'2. Employee Info'!O19='2. Employee Info'!N15,K15,'2. Employee Info'!O19='2. Employee Info'!N22,L15)} -> 2 | J15: =COUNTA(J12:J13,J14) -> 2 | K15: =COUNTA(K12:K13,K14) -> 2 | L15: =COUNTA(L12:L13,L14) -> 3
B16: Score | D16: {=MIN(6,SUM((((D12:D14)/(D15*3))*5)))} -> 2.5
B18: Communication | D18: Baseline assesment | E18: Period 1 | F18: Period 2 | G18: Period 3 | H18: Period 4 | I18: Period 5 | J18: Micro-enterprise threshold | K18: Small and medium enterprise threshold | L18: Large enterprise threshold
B19: 4. Does the company communicate approaches to ensure non-discrimination in recruitment to its hiring managers? | D19: 1 | J19: X | K19: X | L19: X
B20: 5. Does the company communicate its non-discrimination and equal opportunity policy in job postings, potential employees in job applications, and at the time of hiring? | D20: 1 | K20: X | L20: X
B21: 6. Does the enterprise provide mandatory training for the whole recruitment team to understand potential unconscious biases in recruitment and selection? | D21: 2 | K21: X | L21: X
B22: 7. Does the company advertise job vacancies through multiple media channels to ensure the greatest reach and diverse candidate pool? | D22: 3 | L22: X
B23: No of threshold question | D23: {=_xlfn.IFS('2. Employee Info'!O19='2. Employee Info'!N20,J23,'2. Employee Info'!O19='2. Employee Info'!N23,K23,'2. Employee Info'!O19='2. Employee Info'!N22,L23)} -> 1 | J23: =COUNTA(J19:J22) -> 1 | K23: =COUNTA(K19:K22) -> 3 | L23: =COUNTA(L19:L22) -> 4
B24: Score | D24: {=MIN(6,SUM((((D19:D22)/(D23*3))*5)))} -> 6
B26: Implementation | D26: Baseline assesment | E26: Period 1 | F26: Period 2 | G26: Period 3 | H26: Period 4 | I26: Period 5 | J26: Micro-enterprise threshold | K26: Small and medium enterprise threshold | L26: Large enterprise threshold
B27: 8. Does the enterprise have clear selection criteria specific to each role which are examined for gender bias and applied equally across all candidates? | D27: 2 | J27: X | K27: X | L27: X
B28: 9. Does the company review job descriptions and recruitment advertisements to ensure gender-neutral language and images are used?2 | D28: 2 | J28: X | K28: X | L28: X
B29: 10. Does the company take proactive steps to recruit women at all levels or in traditionally underrepresented roles? | D29: 1 | K29: X | L29: X
B30: 11. Does the enterprise have a gender balanced recruitment process (i.e. women and men are represented on search, interview and appointment panels)? | D30: 2 | K30: X | L30: X
B31: 12. Does the company employ tools or techniques to ensure fair hiring practices (e.g. blind evaluation, structured recruitment process,4 and/or diverse membership for selection committees? | D31: 1 | K31: X | L31: X
B32: 13. Is there an exit interview? | D32: 2 | J32: X | K32: X | L32: X
B33: 14. If so, are gender-related questions, for example, gender discrimination, included in the interview? | D33: 0 | J33: X | K33: X | L33: X
B34: 15. Does the enterprise have due diligence and remediation processes to identify and address violations of recruitment policies based on gender discrimination? | D34: 3 | L34: X
B35: No of threshold question | D35: {=_xlfn.IFS('2. Employee Info'!O19='2. Employee Info'!N20,J35,'2. Employee Info'!O19='2. Employee Info'!N35,K35,'2. Employee Info'!O19='2. Employee Info'!N22,L35)} -> 4 | J35: =COUNTA(J27:J29,J30:J33,J34) -> 4 | K35: =COUNTA(K27:K29,K30:K33,K34) -> 7 | L35: =COUNTA(L27:L29,L30:L33,L34) -> 8
B36: Score | D36: {=MIN(6,SUM((((D27:D34)/(D35*3))*5)))} -> 5.4166667
B38: Measurement | D38: Baseline assesment | E38: Period 1 | F38: Period 2 | G38: Period 3 | H38: Period 4 | I38: Period 5 | J38: Micro-enterprise threshold | K38: Small and medium enterprise threshold | L38: Large enterprise threshold
B39: 16. Does the enterprise regularly collect data on women’s participation in different levels? | D39: 3 | J39: X | K39: X | L39: X
B40: 17. Does your company track recruitment, promotions, and resignations by gender at every level? | D40: 3 | J40: X | K40: X | L40: X
B41: 18. Does the company keep data on applications received, candidates invited, and candidates actually hired, disaggregated by gender? | D41: 2 | J41: X | K41: X | L41: X
B42: No of threshold question | D42: {=_xlfn.IFS('2. Employee Info'!O19='2. Employee Info'!N20,J42,'2. Employee Info'!O19='2. Employee Info'!N42,K42,'2. Employee Info'!O19='2. Employee Info'!N22,L42)} -> 3 | J42: =COUNTA(J39:J41) -> 3 | K42: =COUNTA(K39:K41) -> 3 | L42: =COUNTA(L39:L41) -> 3
B43: Score | D43: {=MIN(6,SUM((((D39:D41)/(D42*3))*5)))} -> 4.4444444
B45: Accountability and Transparency | D45: Baseline assesment | E45: Period 1 | F45: Period 2 | G45: Period 3 | H45: Period 4 | I45: Period 5 | J45: Micro-enterprise threshold | K45: Small and medium enterprise threshold | L45: Large enterprise threshold
B46: 19. Does the enterprise share gender diversity data with its employees?7 | D46: 3 | J46: X | K46: X | L46: X
B47: 20. Does the enterprise have gender diversity goals with an accompanying action plan that are regularly report to the Board? | D47: 1 | K47: X | L47: X
B48: 15. Does the enterprise conduct and review employee satisfaction surveys to evaluate gender inclusivity?6 | D48: 0 | K48: X | L48: X
B49: 22. Does the enterprise set a target for gender representation, and record and review gender-related hiring profiles? | D49: 0 | L49: X
B50: 23. Is there an individual responsible for gender representation goals? | D50: 0 | L50: X
B51: No of threshold question | D51: {=_xlfn.IFS('2. Employee Info'!O19='2. Employee Info'!N20,J51,'2. Employee Info'!O19='2. Employee Info'!N51,K51,'2. Employee Info'!O19='2. Employee Info'!N22,L51)} -> 1 | J51: =COUNTA(J46:J47,J48:J50) -> 1 | K51: =COUNTA(K46:K47,K48:K50) -> 3 | L51: =COUNTA(L46:L47,L48:L50) -> 5
B52: Score | D52: {=MIN(6,SUM((((D46:D50)/(D51*3))*5)))} -> 6
B54: Total Score | D54: =AVERAGE(D52,D43,D36,D24,D16) -> 4.8722222 | E54: =AVERAGE(E52,E43,E36,E24,E16) -> #DIV/0! | F54: =AVERAGE(F52,F43,F36,F24,F16) -> #DIV/0! | G54: =AVERAGE(G52,G43,G36,G24,G16) -> #DIV/0! | H54: =AVERAGE(H52,H43,H36,H24,H16) -> #DIV/0! | I54: =AVERAGE(I52,I43,I36,I24,I16) -> #DIV/0!
B58: Footnotes:
B59: 1 Best Practice Recruitment Guidelines to Fast Forward the Advancement of Women in Australian University Executive Appointments. Universities Australia Executive Women.
B60: 2 Guidelines for Gender Neutral Recruitment. 2017. Government of South Australia, Office for Women.; Useful tools include (1) Gender Decoder (free online tool to check if job advertisement include language that discourages women applicants) and (2) Textio (online software to help improve job description development).
B61: 3 Ameen, J.A., Himi1, S.T., and Hossain, S. 2017. Strategic Use of Exit Interviews: The Art of Retention. Asian Journal of Economics, Business and Accounting 2(4): 1-12.
B62: 4 Breaking Barriers: Unconscious Gender Bias in Workplace. ACT/EMP Research Note. 2017. ILO.; Examples of technology-based solutions that helps minimize biases are GapJumpers, Unbiasify, and TalVista.
B63: 5 WGEA_GE_Diagnostic_Tool_0.pdf
B64: 6 Guidelines for Gender Neutral Recruitment. 2017. Government of South Australia, Office for Women.
B65: 7 Women in the Workplace. 2018. McKinsey & Company.

Sheet 12. Gender lens in policies
A2: 14 | B2: Gender lens in policies and strategies
B3: Instruction: The indicator is assessed on the basis of the 5 dimensions of Commitment, Communication, Implementation, Measurement and Accountability and Transparency. A minimum threshold is set for each dimension assigned for micros, small and medium, and large enterprises. Each question has been provided with the following response options depending on the demonstration of policy and practice.
B4: Answer key | C4: Description
B5: 0 | C5: No
B6: 1 | C6: Informal/ad-hoc/in draft
B7: 2 | C7: Adopted but not fully implemented or operationalised
B8: 3 | C8: Fully operationalised and systematically done
B10: The following guide questions can be used to identify business policies and practices with respect to a gender lens in policies and strategies. Practitioners should use appropriate judgment in determining the suitable questions in view of local contexts and global aspirations.
B11: Commitment | D11: Baseline assessment | E11: Period 1 | F11: Period 2 | G11: Period 3 | H11: Period 4 | I11: Period 5 | J11: Micro-enterprise threshold | K11: Small and medium enterprise threshold | L11: Large enterprise threshold
B12: 1. Does the enterprise have diversity, gender equality and diversity initiatives, including policies and specific targets? | D12: 1 | J12: X | K12: X | L12: X
B13: 2. Does the enterprise include both men and women in the planning, design and budgeting of projects and programs implemented at a business unit level? | D13: 3 | K13: X | L13: X
B14: 3. Does the enterprise apply a gender equality and diversity lens to decision making at a business unit level? | D14: 1 | L14: X
B15: 4. Does the enterprise commit to and have a stated policy on following international gender inclusion standards or best practices beyond compliance with national minimum requirements? | D15: 1
B16: No of threshold question | D16: {=_xlfn.IFS('2. Employee Info'!O19='2. Employee Info'!N20,J16,'2. Employee Info'!O19='2. Employee Info'!N16,K16,'2. Employee Info'!O19='2. Employee Info'!N22,L16)} -> 1 | J16: =COUNTA(J12:J15) -> 1 | K16: =COUNTA(K12:K15) -> 2 | L16: =COUNTA(L12:L15) -> 3
B17: Score | D17: {=MIN(6,SUM((((D12:D15)/($D16*3))*5)))} -> 6 | E17: {=MIN(6,SUM((((E12:E15)/($D16*3))*5)))} -> 0 | F17: {=MIN(6,SUM((((F12:F15)/($D16*3))*5)))} -> 0 | G17: {=MIN(6,SUM((((G12:G15)/($D16*3))*5)))} -> 0 | H17: {=MIN(6,SUM((((H12:H15)/($D16*3))*5)))} -> 0 | I17: {=MIN(6,SUM((((I12:I15)/($D16*3))*5)))} -> 0
B19: Communication | D19: Baseline assessment | E19: Period 1 | F19: Period 2 | G19: Period 3 | H19: Period 4 | I19: Period 5 | J19: Micro-enterprise threshold | K19: Small and medium enterprise threshold | L19: Large enterprise threshold
B20: 6. Does the enterprise communicate its commitment to build a diverse and inclusive culture to all employees and notify employees of any changes? | D20: 2 | J20: X | K20: X | L20: X
B21: 7. Does the enterprise share the outcomes of gender initiatives with employees?1 | D21: 2 | J21: X | K21: X | L21: X
B22: 8. Does the enterprise provide a channel for employees to give feedback on diversity and inclusion-related issues in the workplace? | D22: 2 | J22: X | K22: X | L22: X
B23: No of threshold question | D23: {=_xlfn.IFS('2. Employee Info'!O19='2. Employee Info'!N20,J23,'2. Employee Info'!O19='2. Employee Info'!N23,K23,'2. Employee Info'!O19='2. Employee Info'!N22,L23)} -> 3 | J23: =COUNTA(J20:J22) -> 3 | K23: =COUNTA(K20:K22) -> 3 | L23: =COUNTA(L20:L22) -> 3
B24: Score | D24: {=MIN(6,SUM((((D20:D22)/($D23*3))*5)))} -> 3.3333333 | E24: {=MIN(6,SUM((((E20:E22)/($D23*3))*5)))} -> 0 | F24: {=MIN(6,SUM((((F20:F22)/($D23*3))*5)))} -> 0 | G24: {=MIN(6,SUM((((G20:G22)/($D23*3))*5)))} -> 0 | H24: {=MIN(6,SUM((((H20:H22)/($D23*3))*5)))} -> 0 | I24: {=MIN(6,SUM((((I20:I22)/($D23*3))*5)))} -> 0
B26: Implementation | D26: Baseline assessment | E26: Period 1 | F26: Period 2 | G26: Period 3 | H26: Period 4 | I26: Period 5 | J26: Micro-enterprise threshold | K26: Small and medium enterprise threshold | L26: Large enterprise threshold
B27: 9. Does the enterprise have respect policies or foster a work environment where all individuals are treated with respect and dignity and have the right to work in a professional atmosphere and in a workplace that prohibits discrimination and harassment? | D27: 3 | J27: X | K27: X | L27: X
B28: 10. Does the enterprise have an organisation-wide gender equality strategy that includes a business case or rationale for investment in gender equality and diversity? | D28: 1 | K28: X | L28: X
B29: 11. Are the enterprise gender equality strategy and overarching business strategy complementary? For example, did the enterprise consider its business strategy when developing its gender equality strategy and vice-versa? | D29: 1 | K29: X | L29: X
B30: 12. Does the enterprise have an organisation-wide gender equality strategy that was developed in consultation with equal representation of employees and external stakeholders? | D30: 1 | K30: X | L30: X
B31: 13. Are the enterprise gender equality strategy and overarching business strategy complementary? | D31: 0
B32: 14. Does the enterprise create support groups or networks for women employees and effectively engage men on issues of masculinity and gender equality? | D32: 0
B33: 15. Does the enterprise regularly engage with peers to determine industry best practices on incorporating gender equality when developing policies and procedures?Does the enterprise measure against its gender diversity targets? | D33: 1
B34: No of threshold question | D34: {=_xlfn.IFS('2. Employee Info'!O19='2. Employee Info'!N20,J34,'2. Employee Info'!O19='2. Employee Info'!N34,K34,'2. Employee Info'!O19='2. Employee Info'!N22,L34)} -> 1 | J34: =COUNTA(J27:J31,J32:J33) -> 1 | K34: =COUNTA(K27:K31,K32:K33) -> 4 | L34: =COUNTA(L27:L31,L32:L33) -> 4
B35: Score | D35: {=MIN(6,SUM((((D27:D33)/($D34*3))*5)))} -> 6 | E35: {=MIN(6,SUM((((E27:E33)/($D34*3))*5)))} -> 0 | F35: {=MIN(6,SUM((((F27:F33)/($D34*3))*5)))} -> 0 | G35: {=MIN(6,SUM((((G27:G33)/($D34*3))*5)))} -> 0 | H35: {=MIN(6,SUM((((H27:H33)/($D34*3))*5)))} -> 0 | I35: {=MIN(6,SUM((((I27:I33)/($D34*3))*5)))} -> 0
B37: Measurement | D37: Baseline assessment | E37: Period 1 | F37: Period 2 | G37: Period 3 | H37: Period 4 | I37: Period 5 | J37: Micro-enterprise threshold | K37: Small and medium enterprise threshold | L37: Large enterprise threshold
B38: 16. Does the enterprise have specific diversity and inclusion targets in place (e.g., for internal positions across hierarchy levels, as well as along the value chain: customers/business segments, suppliers, etc.) and measure its progress against its targets? | D38: 0 | J38: X | K38: X | L38: X
B39: No of threshold question | D39: {=_xlfn.IFS('2. Employee Info'!O19='2. Employee Info'!N20,J39,'2. Employee Info'!O19='2. Employee Info'!N39,K39,'2. Employee Info'!O19='2. Employee Info'!N22,L39)} -> 1 | J39: =COUNTA(J38) -> 1 | K39: =COUNTA(K38) -> 1 | L39: =COUNTA(L38) -> 1
B40: Score | D40: =MIN(6,SUM((((D38)/($D39*3))*5))) -> 0 | E40: =MIN(6,SUM((((E38)/($D15*3))*5))) -> 0 | F40: =MIN(6,SUM((((F38)/($D15*3))*5))) -> 0 | G40: =MIN(6,SUM((((G38)/($D15*3))*5))) -> 0 | H40: =MIN(6,SUM((((H38)/($D15*3))*5))) -> 0 | I40: =MIN(6,SUM((((I38)/($D15*3))*5))) -> 0
B42: Accountability and Transparency | D42: Baseline assessment | E42: Period 1 | F42: Period 2 | G42: Period 3 | H42: Period 4 | I42: Period 5 | J42: Micro-enterprise threshold | K42: Small and medium enterprise threshold | L42: Large enterprise threshold
B43: 17. Does the enterprise involve women in formulating its business strategies, policies and practices? | D43: 2 | J43: X | K43: X | L43: X
B44: 18. Does the enterprise regularly conduct policy audits and reviews with a gender equality lens, including recruitment and selection, performance, management, remuneration, training and development, talent identification, leadership capability models and career structure? Does it amend policies and processes as necessary? | D44: 2 | K44: X | L44: X
B45: 19. Does the enterprise have any policies around whistleblowing and subsequent retaliation to whistle-blowers covering gender-based violence and harassment and other forms of misconduct? | D45: 2 | K45: X | L45: X
B46: 20. Is performance against gender equality goals tracked and reported to the Board? | D46: 0 | L46: X
B47: 21. Has the enterprise released a public written statement outlining an enterprise commitment to gender equality and women’s empowerment (e.g., WEPs CEO Statement of Support)? | D47: 0
B48: 22. Does the enterprise report its performance against the set gender equality goals in its annual report, impact report, case studies or other publications? | D48: 0 | K48: X | L48: X
B49: No of threshold question | D49: {=_xlfn.IFS('2. Employee Info'!O19='2. Employee Info'!N20,J49,'2. Employee Info'!O19='2. Employee Info'!N49,K49,'2. Employee Info'!O19='2. Employee Info'!N22,L49)} -> 1 | J49: =COUNTA(J43:J44,J45,J46,J48) -> 1 | K49: =COUNTA(K43:K44,K45,K46,K48) -> 4 | L49: =COUNTA(L43:L44,L45,L46,L48) -> 5
B50: Score | D50: {=MIN(6,SUM((((D43:D48)/($D49*3))*5)))} -> 6 | E50: {=MIN(6,SUM((((E43:E48)/($D49*3))*5)))} -> 0 | F50: {=MIN(6,SUM((((F43:F48)/($D49*3))*5)))} -> 0 | G50: {=MIN(6,SUM((((G43:G48)/($D49*3))*5)))} -> 0 | H50: {=MIN(6,SUM((((H43:H48)/($D49*3))*5)))} -> 0 | I50: {=MIN(6,SUM((((I43:I48)/($D49*3))*5)))} -> 0
B52: Total Score | D52: =AVERAGE(D50,D40,D35,D24,D17) -> 4.2666667 | E52: =AVERAGE(E50,E40,E35,E24,E17) -> 0 | F52: =AVERAGE(F50,F40,F35,F24,F17) -> 0 | G52: =AVERAGE(G50,G40,G35,G24,G17) -> 0 | H52: =AVERAGE(H50,H40,H35,H24,H17) -> 0 | I52: =AVERAGE(I50,I40,I35,I24,I17) -> 0
B54: Total Bonus Questions | J54: 14 | K54: 7 | L54: 4
B56: Footnotes:
B57: 1 Women in the Workplace. (McKinsey & Company)

Sheet 18. Survivor centered prevent
A2: 12 | B2: Survivor-centered prevention and response to gender-based violence and harassment
B3: Instruction: The indicator is assessed on the basis of the 5 dimensions of Commitment, Communication, Implementation, Measurement and Accountability and Transparency. A minimum threshold is set for each dimension assigned for micros, small and medium, and large enterprises. Each question has been provided with the following response options depending on the demonstration of policy and practice.
B4: Answer key | C4: Description
B5: 0 | C5: No
B6: 1 | C6: Informal/ad-hoc/in draft
B7: 2 | C7: Adopted but not fully implemented or operationalised
B8: 3 | C8: Fully operationalised and systematically done
B10: The following guide questions can be used to identify business policies and practices in the approach to survivor-centred prevention and response to gender-based violence (GBV) and harassment. Practitioners should use appropriate judgment in determining the suitable questions in view of local contexts and global aspirations.
B11: Commitment | D11: Baseline assessment | E11: Period 1 | F11: Period 2 | G11: Period 3 | H11: Period 4 | I11: Period 5 | J11: Micro-enterprise threshold | K11: Small and medium enterprise threshold | L11: Large enterprise threshold
B12: 1. Does the enterprise have a policy or a commitment that states zero tolerance for all forms of GBV for all types of employees and subcontracted workers, including online or technology-facilitated GBV which encompasses stalking, harassment, bullying and unsolicited pornography? | D12: 2 | J12: X | K12: X | L12: X
B13: 2. Does the enterprise have a commitment to take comprehensive actions to prevent and respond to GBV? | D13: 1 | K13: X | L13: X
B14: No of threshold question | D14: {=_xlfn.IFS('2. Employee Info'!O19='2. Employee Info'!N20,J14,'2. Employee Info'!O19='2. Employee Info'!N21,K14,'2. Employee Info'!O19='2. Employee Info'!N22,L14)} -> 1 | J14: =COUNTA(J12:J13) -> 1 | K14: =COUNTA(K12:K13) -> 2 | L14: =COUNTA(L12:L13) -> 2
B15: Score | D15: {=MIN(6,SUM((((D12:D13)/($D14*3))*5)))} -> 5
B17: Communication | D17: Baseline assessment | E17: Period 1 | F17: Period 2 | G17: Period 3 | H17: Period 4 | I17: Period 5 | J17: Micro-enterprise threshold | K17: Small and medium enterprise threshold | L17: Large enterprise threshold
B18: 3. Does the enterprise communicate the policy to all employees regularly? | D18: 1 | J18: X | K18: X | L18: X
B19: 4. Does the enterprise effectively communicate and raise awareness about its confidential complaint mechanisms, including whistle-blower protection, among its employees, suppliers, customers, community members and the general public? Is the complaint mechanism transparent, safe and accessible to everyone? | D19: 1 | K19: X | L19: X
B20: No of threshold question | D20: {=_xlfn.IFS('2. Employee Info'!O19='2. Employee Info'!N20,J20,'2. Employee Info'!O19='2. Employee Info'!N21,K20,'2. Employee Info'!O19='2. Employee Info'!N22,L20)} -> 1 | J20: =COUNTA(J18:J19) -> 1 | K20: =COUNTA(K18:K19) -> 2 | L20: =COUNTA(L18:L19) -> 2
B21: Score | D21: {=MIN(6,SUM((((D18:D19)/($D20*3))*5)))} -> 3.3333333
B23: Implementation | D23: Baseline assessment | E23: Period 1 | F23: Period 2 | G23: Period 3 | H23: Period 4 | I23: Period 5 | J23: Micro-enterprise threshold | K23: Small and medium enterprise threshold | L23: Large enterprise threshold
B24: 5. Does the enterprise provide annual training on zero tolerance of all forms of violence to all employees, including sexual harassment, and engaging in acts of sexual exploitation of women and girls while on business travel? | D24: 1 | J24: X | K24: X | L24: X
B25: 6. Does the enterprise have confidential grievance reporting, resolution, and non-retaliation mechanisms which are open to employees, community members and the supply chain? | D25: 1 | J25: X | K25: X | L25: X
B26: 7. Does the enterprise have a policy or practice that supports survivors of domestic violence and abuse that occurs between opposite or same-sex intimate partners of any age, who may or may not be married or living together? | D26: 1 | J26: X | K26: X | L26: X
B27: 8. Do enterprises that engage with children have a child protection policy? If not applicable, answer ‘NA’. | D27: 0 | J27: X | K27: X | L27: X | M27: This should be NA
B28: 9. Does the enterprise provide vital information about violence against women, including helplines, crisis centres, law firms and contacts for women’s shelters and specialised organisations that offer support? | D28: 1 | K28: X | L28: X
B29: 10. Does the enterprise require gender-sensitive training for its personnel (including contracted staff) on procedures to respond to complaints of GBV or harassment? | D29: 1 | K29: X | L29: X
B30: 11. Does the enterprise have personnel equipped with skills to manage and coordinate a GBV response with different GBV actors– health/medical, safety/security, psychosocial and legal/justice? | D30: 1 | K30: X | L30: X
B31: 12. Does the enterprise make sure its employees understand that the enterprise does not allow of business travel and client entertainment related to the sexual exploitation of women and girls, including visits to strip clubs, red-light districts, and arrangements for transactional sex? | D31: 1 | J31: X | K31: X | L31: X
B32: 13. Does the enterprise convene a gender-balanced investigation panel to assess incidents reported? | D32: 1 | K32: X | L32: X
B33: 14. Does the enterprise have prevention strategies that reduce or eliminate the causes, contributing factors and incidences of GBV? For example, providing training, reporting mechanisms, and identifying risks. | D33: 2 | K33: X | L33: X
B34: 15. Has the enterprise adjusted policies for remote working practices that provide secure access to safe working spaces where gender violence may be present? If not applicable, answer ‘NA’. | D34: 3 | L34: X
B35: 16. Does the enterprise have a policy for business partners (e.g. gifts and invitations policy) that makes explicit that invitations and gifts related to the sex industry are not allowed? | D35: 1 | L35: X
B36: 17. Has the enterprise eliminated the use of non-disclosure agreements in settling harassment or discrimination claims and eliminated forced arbitration requirements from employee contracts and agreements? | D36: 2 | L36: X
B37: 18. Does the enterprise develop training and awareness-raising activities around gender equality and GBV for its employees? | D37: 1
B38: 19. Do enterprises policies and practices align with the ILO Convention Ending Violence and Harassment in the World of Work? | D38: 1
B39: 20. Does the enterprise develop ways of addressing GBV in the surrounding community? | D39: 1
B40: 21. Does the enterprise include specific clauses related to GBV and sexual misconduct in the supplier code of conduct, including human trafficking and slavery? | D40: 1
B41: No of threshold question | D41: {=_xlfn.IFS('2. Employee Info'!O19='2. Employee Info'!N20,J41,'2. Employee Info'!O19='2. Employee Info'!N21,K41,'2. Employee Info'!O19='2. Employee Info'!N22,L41)} -> 5 | J41: =COUNTA(J24:J40) -> 5 | K41: =COUNTA(K24:K40) -> 10 | L41: =COUNTA(L24:L40) -> 13
B42: Score | D42: {=MIN(6,SUM((((D24:D40)/($D41*3))*5)))} -> 6
B44: Measurement | D44: Baseline assessment | E44: Period 1 | F44: Period 2 | G44: Period 3 | H44: Period 4 | I44: Period 5 | J44: Micro-enterprise threshold | K44: Small and medium enterprise threshold | L44: Large enterprise threshold
B45: 22. Does the enterprise monitor and evaluate all complaints and their specific gender dimension? | D45: 1 | J45: X | K45: X | L45: X
B46: 23. Does the enterprise monitor and audit business travel and client entertainment expenses to detect and ensure that there is no inappropriate behaviour? | D46: 1 | J46: X | K46: X | L46: X
B47: 24. Does the enterprise measure the effectiveness of communication and training efforts e.g. through surveys and diagnostics to assess employees’ awareness of the policy, their attitudes towards sexual misconduct and the extent to which they observe that the commitment is lived up to by enterprise representatives and embedded in the enterprise culture? | D47: 1 | K47: X | L47: X
B48: No of threshold question | D48: {=_xlfn.IFS('2. Employee Info'!O19='2. Employee Info'!N20,J48,'2. Employee Info'!O19='2. Employee Info'!N21,K48,'2. Employee Info'!O19='2. Employee Info'!N22,L48)} -> 2 | J48: =COUNTA(J45,J46,J47) -> 2 | K48: =COUNTA(K45,K46,K47) -> 3 | L48: =COUNTA(L45,L46,L47) -> 3
B49: Score | D49: {=MIN(6,SUM((((D45:D47)/($D48*3))*5)))} -> 2.5
B51: Accountability and Transparency | D51: Baseline assessment | E51: Period 1 | F51: Period 2 | G51: Period 3 | H51: Period 4 | I51: Period 5 | J51: Micro-enterprise threshold | K51: Small and medium enterprise threshold | L51: Large enterprise threshold
B52: 25. Does the enterprise sanction an employee who violates the Sexual Harassment Policy, including business travel-related aspects and all other aspects mentioned above? | D52: 2 | J52: X | K52: X | L52: X
B53: 26. Does the enterprise report its approach, progress and target improvements (if any) to the Board to ensure an environment free of violence and harassment? | D53: 1 | K53: X | L53: X
B54: 27. Does the enterprise conduct a gender audit of all policies, actions and measure relating to GBV? | D54: 1
B55: 29. Has the enterprise developed a network of external support organizations for survivors GBV (e.g., social services, safe houses, counselling, police, etc.)? | D55: 1 | L55: X
B56: No of threshold question | D56: {=_xlfn.IFS('2. Employee Info'!O19='2. Employee Info'!N20,J56,'2. Employee Info'!O19='2. Employee Info'!N21,K56,'2. Employee Info'!O19='2. Employee Info'!N22,L56)} -> 1 | J56: =COUNTA(J52:J54) -> 1 | K56: =COUNTA(K52:K54) -> 2 | L56: =COUNTA(L52:L54) -> 2
B57: Score | D57: {=MIN(6,SUM((((D52:D55)/($D56*3))*5)))} -> 6 | E57: {=MIN(6,SUM((((E52:E55)/($D56*3))*5)))} -> 0 | F57: {=MIN(6,SUM((((F52:F55)/($D56*3))*5)))} -> 0 | G57: {=MIN(6,SUM((((G52:G55)/($D56*3))*5)))} -> 0 | H57: {=MIN(6,SUM((((H52:H55)/($D56*3))*5)))} -> 0 | I57: {=MIN(6,SUM((((I52:I55)/($D56*3))*5)))} -> 0
B59: Total Score | D59: =AVERAGE(D57,D49,D42,D21,D15) -> 4.5666667 | E59: =AVERAGE(E57,E49,E42,E21,E15) -> 0 | F59: =AVERAGE(F57,F49,F42,F21,F15) -> 0 | G59: =AVERAGE(G57,G49,G42,G21,G15) -> 0 | H59: =AVERAGE(H57,H49,H42,H21,H15) -> 0 | I59: =AVERAGE(I57,I49,I42,I21,I15) -> 0

Sheet 13. Professional Dev't, network
A2: 15 | B2: Professional development, networking, and mentoring
B3: Instruction: The indicator is assessed on the basis of the 5 dimensions of Commitment, Communication, Implementation, Measurement and Accountability and Transparency. A minimum threshold is set for each dimension assigned for micros, small and medium, and large enterprises. Each question has been provided with the following response options depending on the demonstration of policy and practice.
B4: Answer key | C4: Description
B5: 0 | C5: No
B6: 1 | C6: Informal/ad-hoc/in draft
B7: 2 | C7: Adopted but not fully implemented or operationalised
B8: 3 | C8: Fully operationalised and systematically done
B10: The following guide questions can be used to identify business policies and practices with respect to a gendered approach in professional development, networking and mentoring. Practitioners should use appropriate judgment in determining the suitable questions in view of local contexts and global aspirations.
B11: Commitment | D11: Baseline assessment | E11: Period 1 | F11: Period 2 | G11: Period 3 | H11: Period 4 | I11: Period 5 | J11: Micro-enterprise threshold | K11: Small and medium enterprise threshold | L11: Large enterprise threshold
B12: 1. Does the enterprise offer development training, rotational programs and educational opportunities to build a pipeline of qualified women for management and senior leadership positions? | D12: 1 | J12: X | K12: X | L12: X
B13: 2. Does the enterprise offer development training, rotational programs and educational opportunities to build a pipeline of qualified women for management and senior leadership positions? | D13: 1 | K13: X | L13: X
B14: No of threshold question | D14: {=_xlfn.IFS('2. Employee Info'!O19='2. Employee Info'!N20,J14,'2. Employee Info'!O19='2. Employee Info'!N14,K14,'2. Employee Info'!O19='2. Employee Info'!N22,L14)} -> 1 | J14: =COUNTA(J12:J13) -> 1 | K14: =COUNTA(K12:K13) -> 2 | L14: =COUNTA(L12:L13) -> 2
B15: Score | D15: {=MIN(6,SUM((((D12:D13)/($D14*3))*5)))} -> 3.3333333 | E15: {=MIN(6,SUM((((E12:E13)/($D14*3))*5)))} -> 0 | F15: {=MIN(6,SUM((((F12:F13)/($D14*3))*5)))} -> 0 | G15: {=MIN(6,SUM((((G12:G13)/($D14*3))*5)))} -> 0 | H15: {=MIN(6,SUM((((H12:H13)/($D14*3))*5)))} -> 0 | I15: {=MIN(6,SUM((((I12:I13)/($D14*3))*5)))} -> 0
B17: Communication | D17: Baseline assessment | E17: 2024Q1 | F17: Period 2 | G17: Period 3 | H17: Period 4 | I17: Period 5 | J17: Micro-enterprise threshold | K17: Small and medium enterprise threshold | L17: Large enterprise threshold
B18: 3. Does the enterprise communicate its professional development and training programs to all its employees directly and through multiple channels (e.g. email, intranet, Teams/Slack)? | D18: 1 | J18: X | K18: X | L18: X
B19: 4. Does the enterprise actively seek feedback from employees to improve training programs? | D19: 2 | J19: X | K19: X | L19: X
B20: No of threshold question | D20: {=_xlfn.IFS('2. Employee Info'!O19='2. Employee Info'!N20,J20,'2. Employee Info'!O19='2. Employee Info'!N20,K20,'2. Employee Info'!O19='2. Employee Info'!N22,L20)} -> 2 | J20: =COUNTA(J18:J19) -> 2 | K20: =COUNTA(K18:K19) -> 2 | L20: =COUNTA(L18:L19) -> 2
B21: Score | D21: {=MIN(6,SUM((((D18:D19)/($D20*3))*5)))} -> 2.5 | E21: {=MIN(6,SUM((((E18:E19)/($D20*3))*5)))} -> 0 | F21: {=MIN(6,SUM((((F18:F19)/($D20*3))*5)))} -> 0 | G21: {=MIN(6,SUM((((G18:G19)/($D20*3))*5)))} -> 0 | H21: {=MIN(6,SUM((((H18:H19)/($D20*3))*5)))} -> 0 | I21: {=MIN(6,SUM((((I18:I19)/($D20*3))*5)))} -> 0
B23: Implementation | D23: Baseline assessment | E23: Period 1 | F23: Period 2 | G23: Period 3 | H23: Period 4 | I23: Period 5 | J23: Micro-enterprise threshold | K23: Small and medium enterprise threshold | L23: Large enterprise threshold
B24: 5. Is training relevant to women’s current occupations and career path? | D24: 2 | J24: X | K24: X | L24: X
B25: 6. Does the enterprise offer mentoring program(s) with specific support for women? | D25: 1 | K25: X | L25: X
B26: 7. Does the enterprise have measures to schedule professional development programs at times that accommodate both men and women (accounting for care responsibilities)? | D26: 2 | K26: X | L26: X
B27: 8. Does the enterprise offer development training, rotational programs or educational opportunities with specific support for women? | D27: 2 | K27: X | L27: X
B28: 9. Does the enterprise offer access to professional networks (internal and/or external) with specific support for women? | D28: 1
B29: 10. Does the enterprise encourage collective organising and support networks? This could include peer networks among women employees. | D29: 1
B30: No of threshold question | D30: {=_xlfn.IFS('2. Employee Info'!O19='2. Employee Info'!N20,J30,'2. Employee Info'!O19='2. Employee Info'!N31,K30,'2. Employee Info'!O19='2. Employee Info'!N22,L30)} -> 1 | J30: =COUNTA(J24:J29) -> 1 | K30: =COUNTA(K24:K29) -> 4 | L30: =COUNTA(L24:L29) -> 4
B31: Score | D31: {=MIN(6,SUM((((D24:D29)/($D30*3))*5)))} -> 6 | E31: {=MIN(6,SUM((((E24:E29)/($D30*3))*5)))} -> 0 | F31: {=MIN(6,SUM((((F24:F29)/($D30*3))*5)))} -> 0 | G31: {=MIN(6,SUM((((G24:G29)/($D30*3))*5)))} -> 0 | H31: {=MIN(6,SUM((((H24:H29)/($D30*3))*5)))} -> 0 | I31: {=MIN(6,SUM((((I24:I29)/($D30*3))*5)))} -> 0
B33: Measurement | D33: Baseline assessment | E33: Period 1 | F33: Period 2 | G33: Period 3 | H33: Period 4 | I33: Period 5 | J33: Micro-enterprise threshold | K33: Small and medium enterprise threshold | L33: Large enterprise threshold
B34: 11. Does the enterprise set goals and objectives for trainings for all its employees? | D34: 1 | J34: X | K34: X | L34: X
B35: 12. Does the enterprise collect, analyse and monitor at least annually gender-disaggregated data on the percentage of employees participating in these programs? | D35: 1 | K35: X | L35: X
B36: 13. Does the enterprise have time-bound and measurable goals and targets to build a pipeline of qualified women for management positions? | D36: 1 | L36: X
B37: No of threshold question | D37: {=_xlfn.IFS('2. Employee Info'!O19='2. Employee Info'!N20,J37,'2. Employee Info'!O19='2. Employee Info'!N38,K37,'2. Employee Info'!O19='2. Employee Info'!N22,L37)} -> 1 | J37: =COUNTA(J34:J36) -> 1 | K37: =COUNTA(K34:K36) -> 2 | L37: =COUNTA(L34:L36) -> 3
B38: Score | D38: {=MIN(6,SUM((((D34:D36)/($D37*3))*5)))} -> 5 | E38: {=MIN(6,SUM((((E34:E36)/($D37*3))*5)))} -> 0 | F38: {=MIN(6,SUM((((F34:F36)/($D37*3))*5)))} -> 0 | G38: {=MIN(6,SUM((((G34:G36)/($D37*3))*5)))} -> 0 | H38: {=MIN(6,SUM((((H34:H36)/($D37*3))*5)))} -> 0 | I38: {=MIN(6,SUM((((I34:I36)/($D37*3))*5)))} -> 0
B40: Accountability and Transparency | D40: Baseline assessment | E40: Period 1 | F40: Period 2 | G40: Period 3 | H40: Period 4 | I40: Period 5 | J40: Micro-enterprise threshold | K40: Small and medium enterprise threshold | L40: Large enterprise threshold
B41: 14. Does the enterprise allocate resources to the overall development of its employees? | D41: 2 | J41: X | K41: X | L41: X
B42: 15. Does the enterprise report to the Board on the average number of training hours provided to staff, disaggregated by sex and employee level? | D42: 1 | K42: X | L42: X
B43: 16. Does the enterprise report publicly on the average number of training hours, disaggregated by gender and employee level? | D43: 1
B44: No of threshold question | D44: {=_xlfn.IFS('2. Employee Info'!O19='2. Employee Info'!N20,J44,'2. Employee Info'!O19='2. Employee Info'!N45,K44,'2. Employee Info'!O19='2. Employee Info'!N22,L44)} -> 1 | J44: =COUNTA(J41:J43) -> 1 | K44: =COUNTA(K41:K43) -> 2 | L44: =COUNTA(L41:L43) -> 2
B45: Score | D45: {=MIN(6,SUM((((D41:D43)/($D44*3))*5)))} -> 6 | E45: {=MIN(6,SUM((((E41:E43)/($D44*3))*5)))} -> 0 | F45: {=MIN(6,SUM((((F41:F43)/($D44*3))*5)))} -> 0 | G45: {=MIN(6,SUM((((G41:G43)/($D44*3))*5)))} -> 0 | H45: {=MIN(6,SUM((((H41:H43)/($D44*3))*5)))} -> 0 | I45: {=MIN(6,SUM((((I41:I43)/($D44*3))*5)))} -> 0
B47: Total Score | D47: =AVERAGE(D45,D38,D31,D21,D15) -> 4.5666667 | E47: =AVERAGE(E45,E38,E31,E21,E15) -> 0 | F47: =AVERAGE(F45,F38,F31,F21,F15) -> 0 | G47: =AVERAGE(G45,G38,G31,G21,G15) -> 0 | H47: =AVERAGE(H45,H38,H31,H21,H15) -> 0 | I47: =AVERAGE(I45,I38,I31,I21,I15) -> 0

Sheet 14. Gender resp procurement
A2: 19 | B2: Gender-responsive procurement
B3: Instruction: The indicator is assessed on the basis of the 5 dimensions of Commitment, Communication, Implementation, Measurement and Accountability and Transparency. A minimum threshold is set for each dimension assigned for micros, small and medium, and large enterprises. Each question has been provided with the following response options depending on the demonstration of policy and practice.
B4: Answer key | C4: Description
B5: 0 | C5: No
B6: 1 | C6: Informal/ad-hoc/in draft
B7: 2 | C7: Adopted but not fully implemented or operationalised
B8: 3 | C8: Fully operationalised and systematically done
B10: The following guide questions can be used to identify business policies and practices with respect to gender-responsive procurement. Practitioners should use appropriate judgment in determining the suitable questions in view of local contexts and global aspirations.
B11: Commitment | D11: Baseline assesment | E11: Period 1 | F11: Period 2 | G11: Period 3 | H11: Period 4 | I11: Period 5 | J11: Micro-enterprise threshold | K11: Small and medium enterprise threshold | L11: Large enterprise threshold
B12: 1. Does the enterprise use different channels to include more women-led and women-owned enterprises? | D12: 1 | J12: X | K12: X | L12: X
B13: 2. Does the enterprise review its procurement policies and processes to integrate gender equality and diversity? | D13: 1 | K13: X | L13: X | M13: change
B14: No of threshold question | D14: {=_xlfn.IFS('2. Employee Info'!O19='2. Employee Info'!N20,J14,'2. Employee Info'!O19='2. Employee Info'!N21,K14,'2. Employee Info'!O19='2. Employee Info'!N22,L14)} -> 1 | J14: =COUNTA(J12:J13) -> 1 | K14: =COUNTA(K12:K13) -> 2 | L14: =COUNTA(L12:L13) -> 2
B15: Score | D15: {=MIN(6,SUM((((D12:D13)/($D14*3))*5)))} -> 3.3333333 | E15: {=MIN(6,SUM((((E12:E13)/($D14*3))*5)))} -> 0 | F15: {=MIN(6,SUM((((F12:F13)/($D14*3))*5)))} -> 0 | G15: {=MIN(6,SUM((((G12:G13)/($D14*3))*5)))} -> 0 | H15: {=MIN(6,SUM((((H12:H13)/($D14*3))*5)))} -> 0 | I15: {=MIN(6,SUM((((I12:I13)/($D14*3))*5)))} -> 0
B17: Communication | D17: Baseline assesment | E17: Period 1 | F17: Period 2 | G17: Period 3 | H17: Period 4 | I17: Period 5 | J17: Micro-enterprise threshold | K17: Small and medium enterprise threshold | L17: Large enterprise threshold
B18: 3. Does the enterprise communicate its policies and practices on gender-responsive procurement across the organisation? | D18: 1 | J18: X | K18: X | L18: X
B19: 4. Does the enterprise have a communication strategy to raise awareness with relevant stakeholders about gender-responsive procurement? | D19: 1 | K19: X | L19: X
B20: No of threshold question | D20: {=_xlfn.IFS('2. Employee Info'!O19='2. Employee Info'!N20,J20,'2. Employee Info'!O19='2. Employee Info'!N21,K20,'2. Employee Info'!O19='2. Employee Info'!N22,L20)} -> 1 | J20: =COUNTA(J18:J19) -> 1 | K20: =COUNTA(K18:K19) -> 2 | L20: =COUNTA(L18:L19) -> 2
B21: Score | D21: {=MIN(6,SUM((((D18:D19)/($D20*3))*5)))} -> 3.3333333 | E21: {=MIN(6,SUM((((E18:E19)/($D20*3))*5)))} -> 0 | F21: {=MIN(6,SUM((((F18:F19)/($D20*3))*5)))} -> 0 | G21: {=MIN(6,SUM((((G18:G19)/($D20*3))*5)))} -> 0 | H21: {=MIN(6,SUM((((H18:H19)/($D20*3))*5)))} -> 0 | I21: {=MIN(6,SUM((((I18:I19)/($D20*3))*5)))} -> 0
B23: Implementation | D23: Baseline assesment | E23: Period 1 | F23: Period 2 | G23: Period 3 | H23: Period 4 | I23: Period 5 | J23: Micro-enterprise threshold | K23: Small and medium enterprise threshold | L23: Large enterprise threshold
B24: 5. Does the enterprise provide feedback or training to its suppliers to improve their products or services? | D24: 1 | J24: X | K24: X | L24: X
B25: 6. Does the enterprise conduct supplier audits and apply a code of conduct using language requiring suppliers to promote gender equality and diversity and support human rights? | D25: 1 | L25: X
B26: 7. Does the enterprise provide feedback or training to its suppliers, particularly women-owned enterprises, to improve their products or services? | D26: 1 | K26: X | L26: X
B27: 8. Does the enterprise proactively recruit women for procurement roles and provide training to strengthen the women talent pool and women’s leadership in this area? | D27: 1 | K27: X | L27: X
B28: 9. Does the enterprise promote gender-responsive procurement with its suppliers? | D28: 1 | L28: X
B29: 10. Does the enterprise have specific diversity and inclusion targets in place (e.g. for internal positions across hierarchy levels as well as along the value chain: customers/business segments, suppliers, etc.)? | D29: 1
B30: 11. Does the enterprise encourage and support its suppliers to adopt policies and practices that promote women’s empowerment? | D30: 1
B31: No of threshold question | D31: {=_xlfn.IFS('2. Employee Info'!O19='2. Employee Info'!N20,J31,'2. Employee Info'!O19='2. Employee Info'!N21,K31,'2. Employee Info'!O19='2. Employee Info'!N22,L31)} -> 1 | J31: =COUNTA(J24:J30) -> 1 | K31: =COUNTA(K24:K30) -> 3 | L31: =COUNTA(L24:L30) -> 5
B32: Score | D32: {=MIN(6,SUM((((D24:D30)/($D31*3))*5)))} -> 6 | E32: {=MIN(6,SUM((((E24:E30)/($D31*3))*5)))} -> 0 | F32: {=MIN(6,SUM((((F24:F30)/($D31*3))*5)))} -> 0 | G32: {=MIN(6,SUM((((G24:G30)/($D31*3))*5)))} -> 0 | H32: {=MIN(6,SUM((((H24:H30)/($D31*3))*5)))} -> 0 | I32: {=MIN(6,SUM((((I24:I30)/($D31*3))*5)))} -> 0
B34: Measurement | D34: Baseline assesment | E34: Period 1 | F34: Period 2 | G34: Period 3 | H34: Period 4 | I34: Period 5 | J34: Micro-enterprise threshold | K34: Small and medium enterprise threshold | L34: Large enterprise threshold
B35: 12. Does the enterprise use gender disaggregated data to develop performance metrics to track its initiatives in pursuing gender responsive procurement? | D35: 1 | K35: X | L35: X
B36: No of threshold question | D36: {=_xlfn.IFS('2. Employee Info'!O19='2. Employee Info'!N20,J36,'2. Employee Info'!O19='2. Employee Info'!N21,K36,'2. Employee Info'!O19='2. Employee Info'!N22,L36)} -> 0 | J36: =COUNTA(J35:J35) -> 0 | K36: =COUNTA(K35:K35) -> 1 | L36: =COUNTA(L35:L35) -> 1
B37: Score | D37: {=MIN(6,SUM((((D35:D35)/($D36*3))*5)))} -> #DIV/0! | E37: {=MIN(6,SUM((((E35:E35)/($D36*3))*5)))} -> #DIV/0! | F37: {=MIN(6,SUM((((F35:F35)/($D36*3))*5)))} -> #DIV/0! | G37: {=MIN(6,SUM((((G35:G35)/($D36*3))*5)))} -> #DIV/0! | H37: {=MIN(6,SUM((((H35:H35)/($D36*3))*5)))} -> #DIV/0! | I37: {=MIN(6,SUM((((I35:I35)/($D36*3))*5)))} -> #DIV/0!
B39: Accountability and Transparency | D39: Baseline assesment | E39: Period 1 | F39: Period 2 | G39: Period 3 | H39: Period 4 | I39: Period 5 | J39: Micro-enterprise threshold | K39: Small and medium enterprise threshold | L39: Large enterprise threshold
B40: 13. Has the enterprise designated a person responsible for implementing gender equality and diversity in its supply chains? | D40: 1 | J40: X | K40: X | L40: X
B41: 14. Does the enterprise have a strategy to diversify its supply chain? | D41: 1 | J41: X | K41: X | L41: X
B42: 15. Does the enterprise disclose information about how they promote gender equality in their supply chains? | D42: 1
B43: 16. Does the Board track key performance metrics of its initiatives relating to gender-responsive procurement, including the number of women-led and women-owned enterprise suppliers and corresponding spend? | D43: 1 | K43: X | L43: X
B44: 17. Does the enterprise pay its suppliers based on the agreed terms? | D44: 3 | J44: X | K44: X | L44: X
B45: 18. Has the enterprise incorporated performance indicators on gender equality at all levels of the organisation with respect to performance plans and assessments, from top executives, staff as well as suppliers, contractors, and vendors? | D45: 1
B46: No of threshold question | D46: {=_xlfn.IFS('2. Employee Info'!O19='2. Employee Info'!N20,J46,'2. Employee Info'!O19='2. Employee Info'!N21,K46,'2. Employee Info'!O19='2. Employee Info'!N22,L46)} -> 3 | J46: =COUNTA(J40:J45) -> 3 | K46: =COUNTA(K40:K45) -> 4 | L46: =COUNTA(L40:L45) -> 4
B47: Score | D47: {=MIN(6,SUM((((D40:D45)/($D46*3))*5)))} -> 4.4444444 | E47: {=MIN(6,SUM((((E40:E45)/($D46*3))*5)))} -> 0 | F47: {=MIN(6,SUM((((F40:F45)/($D46*3))*5)))} -> 0 | G47: {=MIN(6,SUM((((G40:G45)/($D46*3))*5)))} -> 0 | H47: {=MIN(6,SUM((((H40:H45)/($D46*3))*5)))} -> 0 | I47: {=MIN(6,SUM((((I40:I45)/($D46*3))*5)))} -> 0
B49: Total Score | D49: =AVERAGE(D47,D37,D32,D21,D15) -> #DIV/0! | E49: =AVERAGE(E47,E37,E32,E21,E15) -> #DIV/0! | F49: =AVERAGE(F47,F37,F32,F21,F15) -> #DIV/0! | G49: =AVERAGE(G47,G37,G32,G21,G15) -> #DIV/0! | H49: =AVERAGE(H47,H37,H32,H21,H15) -> #DIV/0! | I49: =AVERAGE(I47,I37,I32,I21,I15) -> #DIV/0!

Sheet 15. Gendered value chai
A2: 20 | B2: Gendered approach to value chains
B3: Instruction: The indicator is assessed on the basis of the 5 dimensions of Commitment, Communication, Implementation, Measurement and Accountability and Transparency. A minimum threshold is set for each dimension assigned for micros, small and medium, and large enterprises. Each question has been provided with the following response options depending on the demonstration of policy and practice.
B4: Answer key | C4: Description
B5: 0 | C5: No
B6: 1 | C6: Informal/ad-hoc/in draft
B7: 2 | C7: Adopted but not fully implemented or operationalised
B8: 3 | C8: Fully operationalised and systematically done
B10: The following guide questions can be used to identify business policies and practices with respect to gendered approach to value chains. Practitioners should use appropriate judgment in determining the suitable questions in view of local contexts and global aspirations.
B11: Commitment | D11: Baseline assessment | E11: Period 1 | F11: Period 2 | G11: Period 3 | H11: Period 4 | I11: Period 5 | J11: Micro-enterprise threshold | K11: Small and medium enterprise threshold | L11: Large enterprise threshold
B12: 1. Does the enterprise consider the needs of its target customers in the design of its products and services? | D12: 3 | J12: X | K12: X | L12: X
B13: 2. Does the enterprise use gender-disaggregated data in its business processes to guide product or service design, sales and marketing and after-sales support? | D13: 3 | K13: X | L13: X
B14: 3. Does the enterprise include women in its design, sales and marketing teams to serve its women customers? | D14: 2 | K14: X | L14: X
B15: No of threshold question | D15: {=_xlfn.IFS('2. Employee Info'!O19='2. Employee Info'!N20,J15,'2. Employee Info'!O19='2. Employee Info'!N21,K15,'2. Employee Info'!O19='2. Employee Info'!N22,L15)} -> 1 | J15: =COUNTA(J12:J14) -> 1 | K15: =COUNTA(K12:K14) -> 3 | L15: =COUNTA(L12:L14) -> 3
B16: Score | D16: {=MIN(6,SUM((((D12:D14)/($D15*3))*5)))} -> 6 | E16: {=MIN(6,SUM((((E12:E14)/($D15*3))*5)))} -> 0 | F16: {=MIN(6,SUM((((F12:F14)/($D15*3))*5)))} -> 0 | G16: {=MIN(6,SUM((((G12:G14)/($D15*3))*5)))} -> 0 | H16: {=MIN(6,SUM((((H12:H14)/($D15*3))*5)))} -> 0 | I16: {=MIN(6,SUM((((I12:I14)/($D15*3))*5)))} -> 0
B18: Communication | D18: Baseline assessment | E18: Period 1 | F18: Period 2 | G18: Period 3 | H18: Period 4 | I18: Period 5 | J18: Micro-enterprise threshold | K18: Small and medium enterprise threshold | L18: Large enterprise threshold
B19: 4. Does the enterprise communicate to its employees its gendered approach to business processes encompassing customer targeting, R&D and marketing? | D19: 3 | J19: X | K19: X | L19: X
B20: 5. Does the enterprise provide feedback mechanisms for its customers to inform deficiencies in product or service delivery? | D20: 3 | J20: X | K20: X | L20: X
B21: No of threshold question | D21: {=_xlfn.IFS('2. Employee Info'!O19='2. Employee Info'!N20,J21,'2. Employee Info'!O19='2. Employee Info'!N21,K21,'2. Employee Info'!O19='2. Employee Info'!N22,L21)} -> 2 | J21: =COUNTA(J19:J20) -> 2 | K21: =COUNTA(K19:K20) -> 2 | L21: =COUNTA(L19:L20) -> 2
B22: Score | D22: {=MIN(6,SUM((((D19:D20)/($D21*3))*5)))} -> 5 | E22: {=MIN(6,SUM((((E19:E20)/($D21*3))*5)))} -> 0 | F22: {=MIN(6,SUM((((F19:F20)/($D21*3))*5)))} -> 0 | G22: {=MIN(6,SUM((((G19:G20)/($D21*3))*5)))} -> 0 | H22: {=MIN(6,SUM((((H19:H20)/($D21*3))*5)))} -> 0 | I22: {=MIN(6,SUM((((I19:I20)/($D21*3))*5)))} -> 0
B24: Implementation | D24: Baseline assessment | E24: Period 1 | F24: Period 2 | G24: Period 3 | H24: Period 4 | I24: Period 5 | J24: Micro-enterprise threshold | K24: Small and medium enterprise threshold | L24: Large enterprise threshold
B25: 6. Does the enterprise consider women’s needs and preferences in its product and delivery systems? | D25: 3 | J25: X | K25: X | L25: X
B26: 7. Does the enterprise promote positive images of women and girls in its marketing campaigns? | D26: 2 | K26: X | L26: X
B27: 8. Does the enterprise review its communications and marketing materials to ensure that they do not perpetuate gender stereotypes? | D27: 2 | K27: X | L27: X
B28: 9. Does the enterprise research consumer behaviour and customer preferences using gender-disaggregated data and analysis? | D28: 3 | K28: X | L28: X
B29: 10. Does the enterprise have a different marketing strategy for its women customers that is respectful and free of harmful stereotypes? | D29: 2
B30: No of threshold question | D30: {=_xlfn.IFS('2. Employee Info'!O19='2. Employee Info'!N20,J30,'2. Employee Info'!O19='2. Employee Info'!N21,K30,'2. Employee Info'!O19='2. Employee Info'!N22,L30)} -> 1 | J30: =COUNTA(J25:J29) -> 1 | K30: =COUNTA(K25:K29) -> 4 | L30: =COUNTA(L25:L29) -> 4
B31: Score | D31: {=MIN(6,SUM((((D25:D29)/($D30*3))*5)))} -> 6 | E31: {=MIN(6,SUM((((E25:E29)/($D30*3))*5)))} -> 0 | F31: {=MIN(6,SUM((((F25:F29)/($D30*3))*5)))} -> 0 | G31: {=MIN(6,SUM((((G25:G29)/($D30*3))*5)))} -> 0 | H31: {=MIN(6,SUM((((H25:H29)/($D30*3))*5)))} -> 0 | I31: {=MIN(6,SUM((((I25:I29)/($D30*3))*5)))} -> 0
B33: Measurement | D33: Baseline assessment | E33: Period 1 | F33: Period 2 | G33: Period 3 | H33: Period 4 | I33: Period 5 | J33: Micro-enterprise threshold | K33: Small and medium enterprise threshold | L33: Large enterprise threshold
B34: 11. Does the enterprise track customer user experience to ascertain customer satisfaction and areas of improvement by gender? | D34: 3 | J34: X | K34: X | L34: X
B35: 12. Does the enterprise measure revenues generated from women customers? | D35: 3 | K35: X | L35: X
B36: No of threshold question | D36: {=_xlfn.IFS('2. Employee Info'!O19='2. Employee Info'!N20,J36,'2. Employee Info'!O19='2. Employee Info'!N21,K36,'2. Employee Info'!O19='2. Employee Info'!N22,L36)} -> 1 | J36: =COUNTA(J34:J35) -> 1 | K36: =COUNTA(K34:K35) -> 2 | L36: =COUNTA(L34:L35) -> 2
B37: Score | D37: {=MIN(6,SUM((((D34:D35)/($D36*3))*5)))} -> 6 | E37: {=MIN(6,SUM((((E34:E35)/($D36*3))*5)))} -> 0 | F37: {=MIN(6,SUM((((F34:F35)/($D36*3))*5)))} -> 0 | G37: {=MIN(6,SUM((((G34:G35)/($D36*3))*5)))} -> 0 | H37: {=MIN(6,SUM((((H34:H35)/($D36*3))*5)))} -> 0 | I37: {=MIN(6,SUM((((I34:I35)/($D36*3))*5)))} -> 0
B39: Accountability and Transparency | D39: Baseline assessment | E39: Period 1 | F39: Period 2 | G39: Period 3 | H39: Period 4 | I39: Period 5 | J39: Micro-enterprise threshold | K39: Small and medium enterprise threshold | L39: Large enterprise threshold
B40: 13. Does the Board review customer feedback to ensure the unmet needs of women and men are evaluated and that actions are taken to address gaps? | D40: 1 | J40: X | K40: X | L40: X
B41: 15. Does the enterprise introduce products that address the unmet needs of women? | D41: 3 | J41: X | K41: X | L41: X
B42: 15. Does the enterprise conduct product testing on both men and women to ensure their specific needs are met by product and service offerings? | D42: 3 | K42: X | L42: X
B43: 16. Does the enterprise communicate publicly its commitment to having a gendered approach with respect to its customers? | D43: 2
B44: No of threshold question | D44: {=_xlfn.IFS('2. Employee Info'!O19='2. Employee Info'!N20,J44,'2. Employee Info'!O19='2. Employee Info'!N21,K44,'2. Employee Info'!O19='2. Employee Info'!N22,L44)} -> 2 | J44: =COUNTA(J40:J43) -> 2 | K44: =COUNTA(K40:K43) -> 3 | L44: =COUNTA(L40:L43) -> 3
B45: Score | D45: {=MIN(6,SUM((((D40:D43)/($D44*3))*5)))} -> 6 | E45: {=MIN(6,SUM((((E40:E43)/($D44*3))*5)))} -> 0 | F45: {=MIN(6,SUM((((F40:F43)/($D44*3))*5)))} -> 0 | G45: {=MIN(6,SUM((((G40:G43)/($D44*3))*5)))} -> 0 | H45: {=MIN(6,SUM((((H40:H43)/($D44*3))*5)))} -> 0 | I45: {=MIN(6,SUM((((I40:I43)/($D44*3))*5)))} -> 0
B47: Total Score | D47: =AVERAGE(D45,D37,D31,D22,D16) -> 5.8

Sheet 16. CSR
A2: 23 | B2: Community engagement through CSR initiatives
B3: Instruction: The indicator is assessed on the basis of the 5 dimensions of Commitment, Communication, Implementation, Measurement and Accountability and Transparency. A minimum threshold is set for each dimension assigned for micros, small and medium, and large enterprises. Each question has been provided with the following response options depending on the demonstration of policy and practice.
B4: Answer key | C4: Description
B5: 0 | C5: No
B6: 1 | C6: Informal/ad-hoc/in draft
B7: 2 | C7: Adopted but not fully implemented or operationalised
B8: 3 | C8: Fully operationalised and systematically done
B10: The following guide questions can be used to identify business policies and practices with respect to gendered approach to community engagement through CSR initiatives. Practitioners should use appropriate judgment in determining the suitable questions in view of local contexts and global aspirations.
B11: Commitment | D11: Baseline assessment | E11: Period 1 | F11: Period 2 | G11: Period 3 | H11: Period 4 | I11: Period 5 | J11: Micro-enterprise threshold | K11: Small and medium enterprise threshold | L11: Large enterprise threshold
B12: 1. Does the enterprise have any CSR initiatives that explicitly or intentionally benefit the unique needs of both women and men? | D12: 3 | J12: X | K12: X | L12: X
B13: 2. Does the enterprise align CSR objectives with strategic goals and values? | D13: 3 | K13: X | L13: X
B14: 3. Does the enterprise engage in gender inequality awareness campaigns or gender inclusive initiatives in the community? | D14: 2
B15: No of threshold question | D15: {=_xlfn.IFS('2. Employee Info'!O19='2. Employee Info'!N20,J15,'2. Employee Info'!O19='2. Employee Info'!N21,K15,'2. Employee Info'!O19='2. Employee Info'!N22,L15)} -> 1 | J15: =COUNTA(J12:J14) -> 1 | K15: =COUNTA(K12:K14) -> 2 | L15: =COUNTA(L12:L14) -> 2
B16: Score | D16: {=MIN(6,SUM((((D12:D14)/($D15*3))*5)))} -> 6 | E16: {=MIN(6,SUM((((E12:E14)/($D15*3))*5)))} -> 0 | F16: {=MIN(6,SUM((((F12:F14)/($D15*3))*5)))} -> 0 | G16: {=MIN(6,SUM((((G12:G14)/($D15*3))*5)))} -> 0 | H16: {=MIN(6,SUM((((H12:H14)/($D15*3))*5)))} -> 0 | I16: {=MIN(6,SUM((((I12:I14)/($D15*3))*5)))} -> 0
B18: Communication | D18: Baseline assessment | E18: Period 1 | F18: Period 2 | G18: Period 3 | H18: Period 4 | I18: Period 5 | J18: Micro-enterprise threshold | K18: Small and medium enterprise threshold | L18: Large enterprise threshold
B19: 4. Does the enterprise co-create its CSR framework with community stakeholders to best address their needs? | D19: 3 | J19: X | K19: X | L19: X
B20: 5. Does the enterprise communicate its CSR goals to its employees and stakeholders? | D20: 3 | J20: X | K20: X | L20: X
B21: 6. Does the enterprise communicate its CSR strategy on various social media channels to garner support? | D21: 2 | K21: X | L21: X
B22: 7. Does the enterprise demonstrate an understanding of women’s needs before launching women-focused initiatives? | D22: 3 | L22: X
B23: No of threshold question | D23: {=_xlfn.IFS('2. Employee Info'!O19='2. Employee Info'!N20,J23,'2. Employee Info'!O19='2. Employee Info'!N21,K23,'2. Employee Info'!O19='2. Employee Info'!N22,L23)} -> 2 | J23: =COUNTA(J19:J22) -> 2 | K23: =COUNTA(K19:K22) -> 3 | L23: =COUNTA(L19:L22) -> 4
B24: Score | D24: {=MIN(6,SUM((((D19:D22)/($D23*3))*5)))} -> 6 | E24: {=MIN(6,SUM((((E19:E22)/($D23*3))*5)))} -> 0 | F24: {=MIN(6,SUM((((F19:F22)/($D23*3))*5)))} -> 0 | G24: {=MIN(6,SUM((((G19:G22)/($D23*3))*5)))} -> 0 | H24: {=MIN(6,SUM((((H19:H22)/($D23*3))*5)))} -> 0 | I24: {=MIN(6,SUM((((I19:I22)/($D23*3))*5)))} -> 0
B26: Implementation | D26: Baseline assessment | E26: Period 1 | F26: Period 2 | G26: Period 3 | H26: Period 4 | I26: Period 5 | J26: Micro-enterprise threshold | K26: Small and medium enterprise threshold | L26: Large enterprise threshold
B27: 8. Does the enterprise actively encourage employees to volunteer in its projects? | D27: 1 | J27: X | K27: X | L27: X
B28: 9. Does the enterprise prioritize creating a gender diverse team that is responsible for preparing and implementing its CSR strategy? | D28: 3 | K28: X | L28: X
B29: 10. Has the enterprise made appropriate budget allocations for its CSR projects? | D29: 1 | K29: X | L29: X
B30: No of threshold question | D30: {=_xlfn.IFS('2. Employee Info'!O19='2. Employee Info'!N20,J30,'2. Employee Info'!O19='2. Employee Info'!N21,K30,'2. Employee Info'!O19='2. Employee Info'!N22,L30)} -> 1 | J30: =COUNTA(J27:J29) -> 1 | K30: =COUNTA(K27:K29) -> 3 | L30: =COUNTA(L27:L29) -> 3
B31: Score | D31: {=MIN(6,SUM((((D27:D29)/($D30*3))*5)))} -> 6 | E31: {=MIN(6,SUM((((E27:E29)/($D30*3))*5)))} -> 0 | F31: {=MIN(6,SUM((((F27:F29)/($D30*3))*5)))} -> 0 | G31: {=MIN(6,SUM((((G27:G29)/($D30*3))*5)))} -> 0 | H31: {=MIN(6,SUM((((H27:H29)/($D30*3))*5)))} -> 0 | I31: {=MIN(6,SUM((((I27:I29)/($D30*3))*5)))} -> 0
B33: Measurement | D33: Baseline assessment | E33: Period 1 | F33: Period 2 | G33: Period 3 | H33: Period 4 | I33: Period 5 | J33: Micro-enterprise threshold | K33: Small and medium enterprise threshold | L33: Large enterprise threshold
B34: 11. Does the enterprise measure the impact of its activities, including number of participants by gender and other KPIs? | D34: 1 | J34: X | K34: X | L34: X
B35: 12. Does the enterprise employ recognized industry-standard measures? For example, GRI, SASB, B Corp certification etc.. | D35: 1
B36: No of threshold question | D36: {=_xlfn.IFS('2. Employee Info'!O19='2. Employee Info'!N20,J36,'2. Employee Info'!O19='2. Employee Info'!N21,K36,'2. Employee Info'!O19='2. Employee Info'!N22,L36)} -> 1 | J36: =COUNTA(J34:J35) -> 1 | K36: =COUNTA(K34:K35) -> 1 | L36: =COUNTA(L34:L35) -> 1
B37: Score | D37: {=MIN(6,SUM((((D34:D35)/($D36*3))*5)))} -> 3.3333333 | E37: {=MIN(6,SUM((((E34:E35)/($D36*3))*5)))} -> 0 | F37: {=MIN(6,SUM((((F34:F35)/($D36*3))*5)))} -> 0 | G37: {=MIN(6,SUM((((G34:G35)/($D36*3))*5)))} -> 0 | H37: {=MIN(6,SUM((((H34:H35)/($D36*3))*5)))} -> 0 | I37: {=MIN(6,SUM((((I34:I35)/($D36*3))*5)))} -> 0
B39: Accountability and Transparency | D39: Baseline assessment | E39: Period 1 | F39: Period 2 | G39: Period 3 | H39: Period 4 | I39: Period 5 | J39: Micro-enterprise threshold | K39: Small and medium enterprise threshold | L39: Large enterprise threshold
B40: 13. Does the enterprise collect feedback from program participants and employees to improve future programs? | D40: 3 | J40: X | K40: X | L40: X
B41: 14. Is there buy-in of CSR initiatives from senior leadership and employees? | D41: 3 | J41: X | K41: X | L41: X
B42: 15. Do target participants formally or informally assess the enterprise’s CSR work? | D42: 2 | L42: X
B43: 16. Does the enterprise ensure transparency in its progress towards its communicated goals? | D43: 2
B44: No of threshold question | D44: {=_xlfn.IFS('2. Employee Info'!O19='2. Employee Info'!N20,J44,'2. Employee Info'!O19='2. Employee Info'!N21,K44,'2. Employee Info'!O19='2. Employee Info'!N22,L44)} -> 2 | J44: =COUNTA(J40:J43) -> 2 | K44: =COUNTA(K40:K43) -> 2 | L44: =COUNTA(L40:L43) -> 3
B45: Score | D45: {=MIN(6,SUM((((D40:D43)/($D44*3))*5)))} -> 6
B47: Total Score | D47: =AVERAGE(D45,D37,D31,D24,D16) -> 5.4666667 | E47: =AVERAGE(E45,E37,E31,E24,E16) -> 0 | F47: =AVERAGE(F45,F37,F31,F24,F16) -> 0 | G47: =AVERAGE(G45,G37,G31,G24,G16) -> 0 | H47: =AVERAGE(H45,H37,H31,H24,H16) -> 0 | I47: =AVERAGE(I45,I37,I31,I24,I16) -> 0

Sheet 17. Inclusive health insurance
A2: 11 | B2: Inclusive health insurance policies
B3: Instruction: The indicator is assessed on the basis of the 5 dimensions of Commitment, Communication, Implementation, Measurement and Accountability and Transparency. A minimum threshold is set for each dimension assigned for micros, small and medium, and large enterprises. Each question has been provided with the following response options depending on the demonstration of policy and practice.
B4: Answer key | C4: Description
B5: 0 | C5: No
B6: 1 | C6: Informal/ad-hoc/in draft
B7: 2 | C7: Adopted but not fully implemented or operationalised
B8: 3 | C8: Fully operationalised and systematically done
B10: The following guide questions can be used to identify business policies and practices with respect to inclusive health insurance policies. Practitioners should use appropriate judgment in determining the suitable questions in view of local contexts and global aspirations.
B11: Commitment | D11: Baseline assessment | E11: Period 1 | F11: Period 2 | G11: Period 3 | H11: Period 4 | I11: Period 5 | J11: Micro-enterprise threshold | K11: Small and medium enterprise threshold | L11: Large enterprise threshold
B12: 1. Does the enterprise provide healthcare insurance including critical illness and disability benefits for all employees? | D12: 3 | J12: X | K12: X | L12: X
B13: 2. This includes part-time and non-salaried employees. | D13: 2 | L13: X
B14: 3. Does the enterprise provide healthcare insurance benefits above what is required by regulations equally for all employees? | D14: 1
B15: No of threshold question | D15: {=_xlfn.IFS('2. Employee Info'!O19='2. Employee Info'!N20,J21,'2. Employee Info'!O19='2. Employee Info'!N21,K21,'2. Employee Info'!O19='2. Employee Info'!N22,L21)} -> 1 | J15: =COUNTA(J12:J14) -> 1 | K15: =COUNTA(K12:K14) -> 1 | L15: =COUNTA(L12:L14) -> 2
B16: Score | D16: {=MIN(6,SUM((((D12:D14)/($D15*3))*5)))} -> 6 | E16: {=MIN(6,SUM((((E12:E14)/($D15*3))*5)))} -> 0 | F16: {=MIN(6,SUM((((F12:F14)/($D15*3))*5)))} -> 0 | G16: {=MIN(6,SUM((((G12:G14)/($D15*3))*5)))} -> 0 | H16: {=MIN(6,SUM((((H12:H14)/($D15*3))*5)))} -> 0 | I16: {=MIN(6,SUM((((I12:I14)/($D15*3))*5)))} -> 0
B18: Communication | D18: Baseline assessment | E18: Period 1 | F18: Period 2 | G18: Period 3 | H18: Period 4 | I18: Period 5 | J18: Micro-enterprise threshold | K18: Small and medium enterprise threshold | L18: Large enterprise threshold
B19: 4. Does the enterprise communicate its insurance policies to its employees and notify employees of any changes? | D19: 3 | J19: X | K19: X | L19: X
B20: 5. Does the enterprise provide information to employees about health protection, health promotion and disease prevention programs? | D20: 3 | K20: X | L20: X
B21: No of threshold question | D21: {=_xlfn.IFS('2. Employee Info'!O19='2. Employee Info'!N20,J21,'2. Employee Info'!O19='2. Employee Info'!N21,K21,'2. Employee Info'!O19='2. Employee Info'!N22,L21)} -> 1 | J21: =COUNTA(J19:J20) -> 1 | K21: =COUNTA(K19:K20) -> 2 | L21: =COUNTA(L19:L20) -> 2
B22: Score | D22: {=MIN(6,SUM((((D19:D20)/($D21*3))*5)))} -> 6 | E22: {=MIN(6,SUM((((E19:E20)/($D21*3))*5)))} -> 0 | F22: {=MIN(6,SUM((((F19:F20)/($D21*3))*5)))} -> 0 | G22: {=MIN(6,SUM((((G19:G20)/($D21*3))*5)))} -> 0 | H22: {=MIN(6,SUM((((H19:H20)/($D21*3))*5)))} -> 0 | I22: {=MIN(6,SUM((((I19:I20)/($D21*3))*5)))} -> 0
B24: Implementation | D24: Baseline assessment | E24: Period 1 | F24: Period 2 | G24: Period 3 | H24: Period 4 | I24: Period 5 | J24: Micro-enterprise threshold | K24: Small and medium enterprise threshold | L24: Large enterprise threshold
B25: 6. Does the enterprise follow health and safety regulations and related requirements? | D25: 3 | J25: X | K25: X | L25: X
B26: 7. Does the enterprise provide health-related information in line with local or national contexts, especially when there are public health outbreaks that can disproportionally affect women? | D26: 3 | J26: X | K26: X | L26: X
B27: 8. Does the enterprise provide health coverage to the employee’s spouse or domestic partner and family members through group medical insurance? Employees share in the payment for coverage. | D27: 3 | K27: X | L27: X
B28: 9. Does the enterprise consult with women and men in their employee pool to determine if health services and benefits meet employee needs? | D28: 3 | K28: X | L28: X
B29: 10. Does the enterprise provide onsite health services or establish linkages with local health clinics and service providers for referral purposes that cover the specific health needs of women (including reproductive, maternal and newborn health)? | D29: 2 | L29: X
B30: 11. Does the enterprise provide options for private insurance packages that cover the specific health needs of women (e.g., gynaecology, maternal health, reproductive health)? | D30: 3
B31: No of threshold question | D31: {=_xlfn.IFS('2. Employee Info'!O19='2. Employee Info'!N20,J31,'2. Employee Info'!O19='2. Employee Info'!N21,K31,'2. Employee Info'!O19='2. Employee Info'!N22,L31)} -> 2 | J31: =COUNTA(J25:J30) -> 2 | K31: =COUNTA(K25:K30) -> 4 | L31: =COUNTA(L25:L30) -> 5
B32: Score | D32: {=MIN(6,SUM((((D25:D30)/($D31*3))*5)))} -> 6 | E32: {=MIN(6,SUM((((E25:E30)/($D31*3))*5)))} -> 0 | F32: {=MIN(6,SUM((((F25:F30)/($D31*3))*5)))} -> 0 | G32: {=MIN(6,SUM((((G25:G30)/($D31*3))*5)))} -> 0 | H32: {=MIN(6,SUM((((H25:H30)/($D31*3))*5)))} -> 0 | I32: {=MIN(6,SUM((((I25:I30)/($D31*3))*5)))} -> 0
B34: Measurement | D34: Baseline assessment | E34: Period 1 | F34: Period 2 | G34: Period 3 | H34: Period 4 | I34: Period 5 | J34: Micro-enterprise threshold | K34: Small and medium enterprise threshold | L34: Large enterprise threshold
B35: 12. Does the enterprise conduct employee satisfaction surveys that include health care benefits? | D35: 1 | J35: X | K35: X | L35: X
B36: 13. Does the enterprise review its insurance policies and practices, and benchmark these against peers and industry norms? | D36: 1 | K36: X | L36: X
B37: 14. Does the enterprise track the types of health services provided at the workplace and collect information on who uses the services, disaggregated by gender? | D37: 3 | L37: X
B38: 15. Does the enterprise request feedback from third-party experts, such as NGOs or other independent organisations specialised in women’s health needs, who can identify gaps and areas for improvement? | D38: 1 | L38: X
B39: No of threshold question | D39: {=_xlfn.IFS('2. Employee Info'!O19='2. Employee Info'!N20,J39,'2. Employee Info'!O19='2. Employee Info'!N21,K39,'2. Employee Info'!O19='2. Employee Info'!N22,L39)} -> 1 | J39: =COUNTA(J35:J38) -> 1 | K39: =COUNTA(K35:K38) -> 2 | L39: =COUNTA(L35:L38) -> 4
B40: Score | D40: {=MIN(6,SUM((((D35:D38)/($D39*3))*5)))} -> 6 | E40: {=MIN(6,SUM((((E35:E38)/($D39*3))*5)))} -> 0 | F40: {=MIN(6,SUM((((F35:F38)/($D39*3))*5)))} -> 0 | G40: {=MIN(6,SUM((((G35:G38)/($D39*3))*5)))} -> 0 | H40: {=MIN(6,SUM((((H35:H38)/($D39*3))*5)))} -> 0 | I40: {=MIN(6,SUM((((I35:I38)/($D39*3))*5)))} -> 0
B42: Accountability and Transparency | D42: Baseline assessment | E42: Period 1 | F42: Period 2 | G42: Period 3 | H42: Period 4 | I42: Period 5 | J42: Micro-enterprise threshold | K42: Small and medium enterprise threshold | L42: Large enterprise threshold
B43: 16. Does the enterprise actively address deficiencies of its employee health insurance policies? | D43: 2 | J43: X | K43: X | L43: X
B44: 17. Does the enterprise track or report its progress and target improvement (if any) to the Board? | D44: 1 | K44: X | L44: X
B45: No of threshold question | D45: {=_xlfn.IFS('2. Employee Info'!O19='2. Employee Info'!N20,J45,'2. Employee Info'!O19='2. Employee Info'!N21,K45,'2. Employee Info'!O19='2. Employee Info'!N22,L45)} -> 1 | J45: =COUNTA(J43:J44) -> 1 | K45: =COUNTA(K43:K44) -> 2 | L45: =COUNTA(L43:L44) -> 2
B46: Score | D46: {=MIN(6,SUM((((D43:D44)/($D45*3))*5)))} -> 5 | E46: {=MIN(6,SUM((((E43:E44)/($D45*3))*5)))} -> 0 | F46: {=MIN(6,SUM((((F43:F44)/($D45*3))*5)))} -> 0 | G46: {=MIN(6,SUM((((G43:G44)/($D45*3))*5)))} -> 0 | H46: {=MIN(6,SUM((((H43:H44)/($D45*3))*5)))} -> 0 | I46: {=MIN(6,SUM((((I43:I44)/($D45*3))*5)))} -> 0
B48: Total Score | D48: =AVERAGE(D46,D40,D32,D22,D16) -> 5.8 | E48: =AVERAGE(E46,E40,E32,E22,E16) -> 0 | F48: =AVERAGE(F46,F40,F32,F22,F16) -> 0 | G48: =AVERAGE(G46,G40,G32,G22,G16) -> 0 | H48: =AVERAGE(H46,H40,H32,H22,H16) -> 0 | I48: =AVERAGE(I46,I40,I32,I22,I16) -> 0

Sheet 19. Women workforce support pol
A2: 16 | B2: Women workforce support policies
B3: Instruction: The indicator is assessed on the basis of the 5 dimensions of Commitment, Communication, Implementation, Measurement and Accountability and Transparency. A minimum threshold is set for each dimension assigned for micros, small and medium, and large enterprises. Each question has been provided with the following response options depending on the demonstration of policy and practice.
B4: Answer key | C4: Description
B5: 0 | C5: No
B6: 1 | C6: Informal/ad-hoc/in draft
B7: 2 | C7: Adopted but not fully implemented or operationalised
B8: 3 | C8: Fully operationalised and systematically done
B10: The following guide questions can be used to identify business policies and practices with respect to supporting women workforce participation. Practitioners should use appropriate judgment in determining the suitable questions in view of local contexts and global aspirations
B11: Commitment | D11: Baseline assessment | E11: Period 1 | F11: Period 2 | G11: Period 3 | H11: Period 4 | I11: Period 5 | J11: Micro-enterprise threshold | K11: Small and medium enterprise threshold | L11: Large enterprise threshold
B12: 1. Does the enterprise demonstrate recognition of unequal care responsibilities by being flexible around the timing of work to support women with care responsibilities? | D12: 2 | J12: X | K12: X | L12: X
B13: 2. Does the enterprise have workplace safety policies? | D13: 3 | J13: X | K13: X | L13: X
B14: 3. Does the enterprise have workplace family-friendly policies or practices that provide equal support to employees for like paid parental leave, paid sick leave, flexible work arrangements and access to affordable, quality childcare? | D14: 2 | K14: X | L14: X
B15: 4. Does the enterprise provide these benefits (in reference to #3) to all employees? | D15: 3 | L15: X
B16: No of threshold question | D16: {=_xlfn.IFS('2. Employee Info'!O19='2. Employee Info'!N20,J16,'2. Employee Info'!O19='2. Employee Info'!N21,K16,'2. Employee Info'!O19='2. Employee Info'!N22,L16)} -> 2 | J16: =COUNTA(J12:J15) -> 2 | K16: =COUNTA(K12:K15) -> 3 | L16: =COUNTA(L12:L15) -> 4
B17: Score | D17: {=MIN(6,SUM((((D12:D15)/($D16*3))*5)))} -> 6 | E17: {=MIN(6,SUM((((E12:E15)/($D16*3))*5)))} -> 0 | F17: {=MIN(6,SUM((((F12:F15)/($D16*3))*5)))} -> 0 | G17: {=MIN(6,SUM((((G12:G15)/($D16*3))*5)))} -> 0 | H17: {=MIN(6,SUM((((H12:H15)/($D16*3))*5)))} -> 0 | I17: {=MIN(6,SUM((((I12:I15)/($D16*3))*5)))} -> 0
B19: Communication | D19: Baseline assessment | E19: Period 1 | F19: Period 2 | G19: Period 3 | H19: Period 4 | I19: Period 5 | J19: Micro-enterprise threshold | K19: Small and medium enterprise threshold | L19: Large enterprise threshold
B20: 5. Does the enterprise communicate its workplace support policies regularly to employees? | D20: 3 | J20: X | K20: X | L20: X
B21: No of threshold question | D21: {=_xlfn.IFS('2. Employee Info'!O19='2. Employee Info'!N20,J21,'2. Employee Info'!O19='2. Employee Info'!N21,K21,'2. Employee Info'!O19='2. Employee Info'!N22,L21)} -> 1 | J21: =COUNTA(J20) -> 1 | K21: =COUNTA(K20) -> 1 | L21: =COUNTA(L20) -> 1
B22: Score | D22: =MIN(6,SUM((((D20)/($D21*3))*5))) -> 5 | E22: =MIN(6,SUM((((E20)/($D21*3))*5))) -> 0 | F22: =MIN(6,SUM((((F20)/($D21*3))*5))) -> 0 | G22: =MIN(6,SUM((((G20)/($D21*3))*5))) -> 0 | H22: =MIN(6,SUM((((H20)/($D21*3))*5))) -> 0 | I22: =MIN(6,SUM((((I20)/($D21*3))*5))) -> 0
B24: Implementation | D24: Baseline assessment | E24: Period 1 | F24: Period 2 | G24: Period 3 | H24: Period 4 | I24: Period 5 | J24: Micro-enterprise threshold | K24: Small and medium enterprise threshold | L24: Large enterprise threshold
B25: 6. Does the enterprise consult with women and men to determine if occupational health and safety and hygiene services and protections meet employee needs? | D25: 1 | J25: X | K25: X | L25: X
B26: 7. Is there an individual responsible for ensuring the enterprise adheres to adequate supervision and physical safety standards for both women and men in the workplace, including safe toilet facilities for women that accommodate hygiene needs such as clean water and soap, and disposal methods for feminine hygiene products? | D26: 2 | J26: X | K26: X | L26: X
B27: 8. Does the enterprise have a smoke-free workplace policy? | D27: 3 | J27: X | K27: X | L27: X
B28: 9. Do enterprises that engage with children have a child protection policy? | D28: 3 | J28: X | K28: X | L28: X
B29: 10. Does the enterprise provide paid paternity leave and encourage uptake among its employees? | D29: 3 | J29: X | K29: X | L29: X
B30: 11. Does the enterprise offer maternity protection to ensure there are no workplace hazards, including chemical, biological and physical hazards (i.e. uses of pesticides, metals, dyes and solvents, noise and vibration, radiation or infectious diseases) for pregnant and breastfeeding women? | D30: 3 | K30: X | L30: X
B31: 12. Does the enterprise have a policy to continuously assess risks regarding its adverse impact on employee health and wellbeing, including their sexual and reproductive health and rights, and introduce mitigation plans? | D31: 2 | K31: X | L31: X
B32: 13. Does the enterprise offer flexible work arrangements (e.g. remote work, shift in working hours, ability to leave early for occasional situations and use of teleconference for meetings)? | D32: 2 | K32: X | L32: X
B33: 14. Does the enterprise support expecting, new and nursing mothers, including retention policies after childbirth? | D33: 3 | K33: X | L33: X
B34: 15. Does the enterprise provide maternity protection that preserves the health of the mother and the newborn and provides a measure of job and income security? | D34: 3 | K34: X | L34: X
B35: 16. Does the enterprise train managers, to instil working norms that support work–life balance? | D35: 1 | K35: X | L35: X
B36: 17. Does the enterprise provide private and hygienic facilities for breastfeeding or pumping? | D36: 3 | K36: X | L36: X
B37: 18. Does the enterprise train staff on ergonomics, exposure to hazardous materials and other occupational risks, accounting for the differential biological impacts of health and safety on women and men? | D37: 2 | K37: X | L37: X
B38: 19. Does the enterprise provide access to transportation to and from work and while on business travel (including in environments where public transport is unsafe or unavailable)? | D38: 3 | K38: X | L38: X
B39: 20. Does the enterprise impose appropriate safety practices for women employees on business travel such as traveling modes and choices of accommodation? | D39: 3 | K39: X | L39: X
B40: 21. Does the enterprise provide personal protective equipment for both women and men, especially accounting for the needs of pregnant and nursing women? | D40: 2 | K40: X | L40: X
B41: 22. Does the enterprise provide personal protective equipment for both women and men, especially taking into consideration the needs of pregnant and nursing women? If not applicable, answer "NA". | D41: 3 | K41: X | L41: X
B42: 23. Does the enterprise support childcare responsibilities through subsidies or other forms? | D42: 1
B43: 24. Does the enterprise support working parents through measures such as employees’ family network, advice, referrals and childcare subsidies? | D43: 2
B44: No of threshold question | D44: {=_xlfn.IFS('2. Employee Info'!O19='2. Employee Info'!N20,J44,'2. Employee Info'!O19='2. Employee Info'!N21,K44,'2. Employee Info'!O19='2. Employee Info'!N22,L44)} -> 5 | J44: =COUNTA(J25:J43) -> 5 | K44: =COUNTA(K25:K43) -> 17 | L44: =COUNTA(L25:L43) -> 17
B45: Score | D45: {=MIN(6,SUM((((D25:D43)/($D44*3))*5)))} -> 6 | E45: {=MIN(6,SUM((((E25:E43)/($D44*3))*5)))} -> 0 | F45: {=MIN(6,SUM((((F25:F43)/($D44*3))*5)))} -> 0 | G45: {=MIN(6,SUM((((G25:G43)/($D44*3))*5)))} -> 0 | H45: {=MIN(6,SUM((((H25:H43)/($D44*3))*5)))} -> 0 | I45: {=MIN(6,SUM((((I25:I43)/($D44*3))*5)))} -> 0
B47: Measurement | D47: Baseline assessment | E47: Period 1 | F47: Period 2 | G47: Period 3 | H47: Period 4 | I47: Period 5 | J47: Micro-enterprise threshold | K47: Small and medium enterprise threshold | L47: Large enterprise threshold
B48: 25. Does the enterprise conduct workplace satisfaction surveys, disaggregated by gender? | D48: 1 | J48: X | K48: X | L48: X
B49: 26. Does the enterprise monitor employee use of available family leave? | D49: 1 | K49: X | L49: X
B50: 27. Does the enterprise track the attrition of employees returning to work following family leave and their promotion rates? | D50: 3 | K50: X | L50: X
B51: 28. Does the enterprise assess the most pressing needs of working parents, particularly vulnerable groups? | D51: 1
B52: No of threshold question | D52: {=_xlfn.IFS('2. Employee Info'!O19='2. Employee Info'!N20,J52,'2. Employee Info'!O19='2. Employee Info'!N21,K52,'2. Employee Info'!O19='2. Employee Info'!N22,L52)} -> 1 | J52: =COUNTA(J48:J51) -> 1 | K52: =COUNTA(K48:K51) -> 3 | L52: =COUNTA(L48:L51) -> 3
B53: Score | D53: {=MIN(6,SUM((((D48:D51)/($D52*3))*5)))} -> 6 | E53: {=MIN(6,SUM((((E48:E51)/($D52*3))*5)))} -> 0 | F53: {=MIN(6,SUM((((F48:F51)/($D52*3))*5)))} -> 0 | G53: {=MIN(6,SUM((((G48:G51)/($D52*3))*5)))} -> 0 | H53: {=MIN(6,SUM((((H48:H51)/($D52*3))*5)))} -> 0 | I53: {=MIN(6,SUM((((I48:I51)/($D52*3))*5)))} -> 0
B55: Accountability and Transparency | D55: Baseline assessment | E55: Period 1 | F55: Period 2 | G55: Period 3 | H55: Period 4 | I55: Period 5 | J55: Micro-enterprise threshold | K55: Small and medium enterprise threshold | L55: Large enterprise threshold
B56: 29. Does the enterprise keep an open communication line with employees to provide feedback on the effectiveness of its policies and programs? | D56: 3 | J56: X | K56: X | L56: X
B57: 30. Does the enterprise have a review process for its workplace policies and benchmark it against industry norms? | D57: 1 | K57: X | L57: X
B58: 31. Does the enterprise report health and safety incidents to the Board? | D58: 3 | K58: X | L58: X
B59: 32. Does the Board review the impact of workforce support policies, including retention rates and return to work metrics? | D59: 1 | K59: X | L59: X
B60: No of threshold question | D60: {=_xlfn.IFS('2. Employee Info'!O19='2. Employee Info'!N20,J60,'2. Employee Info'!O19='2. Employee Info'!N21,K60,'2. Employee Info'!O19='2. Employee Info'!N22,L60)} -> 1 | J60: =COUNTA(J56:J59) -> 1 | K60: =COUNTA(K56:K59) -> 4 | L60: =COUNTA(L56:L59) -> 4
B61: Score | D61: {=MIN(6,SUM((((D56:D59)/($D60*3))*5)))} -> 6 | E61: {=MIN(6,SUM((((E56:E59)/($D60*3))*5)))} -> 0 | F61: {=MIN(6,SUM((((F56:F59)/($D60*3))*5)))} -> 0 | G61: {=MIN(6,SUM((((G56:G59)/($D60*3))*5)))} -> 0 | H61: {=MIN(6,SUM((((H56:H59)/($D60*3))*5)))} -> 0 | I61: {=MIN(6,SUM((((I56:I59)/($D60*3))*5)))} -> 0
B63: Total Score | D63: =AVERAGE(D61,D53,D45,D22,D17) -> 5.8 | E63: =AVERAGE(E61,E53,E45,E22,E17) -> 0 | F63: =AVERAGE(F61,F53,F45,F22,F17) -> 0 | G63: =AVERAGE(G61,G53,G45,G22,G17) -> 0 | H63: =AVERAGE(H61,H53,H45,H22,H17) -> 0 | I63: =AVERAGE(I61,I53,I45,I22,I17) -> 0
J65: 22 | K65: 4 | L65: 3

Sheet 23. Fair treatment pt workers 
A2: 21 | B2: Fair treatment of part-time or temporary workers
B3: Instruction: The indicator is assessed on the basis of the 5 dimensions of Commitment, Communication, Implementation, Measurement and Accountability and Transparency. A minimum threshold is set for each dimension assigned for micros, small and medium, and large enterprises. Each question has been provided with the following response options depending on the demonstration of policy and practice.
B4: Answer key | C4: Description
B5: 0 | C5: No
B6: 1 | C6: Informal/ad-hoc/in draft
B7: 2 | C7: Adopted but not fully implemented or operationalised
B8: 3 | C8: Fully operationalised and systematically done
B10: The following guide questions can be used to identify business policies and practices with respect to fair treatment of part-time and temporary workers. Practitioners should use appropriate judgment in determining the suitable questions in view of local contexts and global aspirations.
B11: Commitment | D11: Baseline assessment | E11: Period 1 | F11: Period 2 | G11: Period 3 | H11: Period 4 | I11: Period 5 | J11: Micro-enterprise threshold | K11: Small and medium enterprise threshold | L11: Large enterprise threshold
B12: 1. Does the enterprise apply gender equality policies to temporary or casual employees? | D12: 3 | J12: X | K12: X | L12: X
B13: 2. Does the enterprise use temporary worker agencies that fairly treat their employees? | D13: 3 | K13: X | L13: X
B14: No of threshold question | D14: {=_xlfn.IFS('2. Employee Info'!O19='2. Employee Info'!N20,J14,'2. Employee Info'!O19='2. Employee Info'!N21,K14,'2. Employee Info'!O19='2. Employee Info'!N22,L14)} -> 1 | J14: =COUNTA(J12:J13) -> 1 | K14: =COUNTA(K12:K13) -> 2 | L14: =COUNTA(L12:L13) -> 2
B15: Score | D15: {=MIN(6,SUM((((D12:D13)/($D14*3))*5)))} -> 6 | E15: {=MIN(6,SUM((((E12:E13)/($D14*3))*5)))} -> 0 | F15: {=MIN(6,SUM((((F12:F13)/($D14*3))*5)))} -> 0 | G15: {=MIN(6,SUM((((G12:G13)/($D14*3))*5)))} -> 0 | H15: {=MIN(6,SUM((((H12:H13)/($D14*3))*5)))} -> 0 | I15: {=MIN(6,SUM((((I12:I13)/($D14*3))*5)))} -> 0
B17: Communication | D17: Baseline assessment | E17: Period 1 | F17: Period 2 | G17: Period 3 | H17: Period 4 | I17: Period 5 | J17: Micro-enterprise threshold | K17: Small and medium enterprise threshold | L17: Large enterprise threshold
B18: 3. Does the enterprise communicate to the public and stakeholders (through job advertisements and others) fair treatment of part-time and temporary employees? | D18: 3 | J18: X | K18: X | L18: X
B19: 4. Does the enterprise communicate to the public and stakeholders (through job advertisements and others) fair treatment of part-time and temporary employees? | D19: 3 | L19: X
B20: No of threshold question | D20: {=_xlfn.IFS('2. Employee Info'!O19='2. Employee Info'!N20,J20,'2. Employee Info'!O19='2. Employee Info'!N21,K20,'2. Employee Info'!O19='2. Employee Info'!N22,L20)} -> 1 | J20: =COUNTA(J18:J19) -> 1 | K20: =COUNTA(K18:K19) -> 1 | L20: =COUNTA(L18:L19) -> 2
B21: Score | D21: {=MIN(6,SUM((((D18:D19)/($D20*3))*5)))} -> 6 | E21: {=MIN(6,SUM((((E18:E19)/($D20*3))*5)))} -> 0 | F21: {=MIN(6,SUM((((F18:F19)/($D20*3))*5)))} -> 0 | G21: {=MIN(6,SUM((((G18:G19)/($D20*3))*5)))} -> 0 | H21: {=MIN(6,SUM((((H18:H19)/($D20*3))*5)))} -> 0 | I21: {=MIN(6,SUM((((I18:I19)/($D20*3))*5)))} -> 0
B23: Implementation | D23: Baseline assessment | E23: Period 1 | F23: Period 2 | G23: Period 3 | H23: Period 4 | I23: Period 5 | J23: Micro-enterprise threshold | K23: Small and medium enterprise threshold | L23: Large enterprise threshold
B24: 5. Does the enterprise comply with minimum wage legislation and other labour regulations equally between women and men? | D24: 3 | J24: X | K24: X | L24: X
B25: 6. Do both women and men receive the same hourly wage for the same type of work? | D25: 3 | J25: X | K25: X | L25: X
B26: 7. Does the enterprise train its part-time or temporary workers, equally between women and men? | D26: 3 | J26: X | K26: X | L26: X
B27: 8. Does the enterprise provide occupational safety and health protection for its part-time and temporary workers, equally between women and men? | D27: 3 | J27: X | K27: X | L27: X
B28: 9. Does the enterprise inquire with its part-time or temporary workers if they are seeking full-time employment? | D28: 3 | J28: X | K28: X | L28: X
B29: 10. Does the enterprise conduct due diligence on their temp agencies for compliance with national regulations covering part-time or temporary workers?Does the enterprise conduct due diligence on their temp agencies for compliance with national regulations covering part-time or temporary workers? | D29: 3 | K29: X | L29: X
B30: 11. Does the enterprise provide part-time or temporary employees with paid leaves equally between women and men? | D30: 1
B31: 12. Does the enterprise provide consistent schedules and allow shifting of schedules among its part-time or temporary employees, equally between women and men? | D31: 3
B32: No of threshold question | D32: {=_xlfn.IFS('2. Employee Info'!O19='2. Employee Info'!N20,J32,'2. Employee Info'!O19='2. Employee Info'!N21,K32,'2. Employee Info'!O19='2. Employee Info'!N22,L32)} -> 5 | J32: =COUNTA(J24:J31) -> 5 | K32: =COUNTA(K24:K31) -> 6 | L32: =COUNTA(L24:L31) -> 6
B33: Score | D33: {=MIN(6,SUM((((D24:D31)/($D32*3))*5)))} -> 6 | E33: {=MIN(6,SUM((((E24:E31)/($D32*3))*5)))} -> 0 | F33: {=MIN(6,SUM((((F24:F31)/($D32*3))*5)))} -> 0 | G33: {=MIN(6,SUM((((G24:G31)/($D32*3))*5)))} -> 0 | H33: {=MIN(6,SUM((((H24:H31)/($D32*3))*5)))} -> 0 | I33: {=MIN(6,SUM((((I24:I31)/($D32*3))*5)))} -> 0
B35: Measurement | D35: Baseline assessment | E35: Period 1 | F35: Period 2 | G35: Period 3 | H35: Period 4 | I35: Period 5 | J35: Micro-enterprise threshold | K35: Small and medium enterprise threshold | L35: Large enterprise threshold
B36: 13. Does the company track the gender composition and tenure of its part-time or temporary workers? | D36: 3 | J36: X | K36: X | L36: X
B37: 14. Does the enterprise track the number of part-time or temporary workers becoming full-time workers within the company? | D37: 1 | K37: X | L37: X
B38: No of threshold question | D38: {=_xlfn.IFS('2. Employee Info'!O19='2. Employee Info'!N20,J38,'2. Employee Info'!O19='2. Employee Info'!N21,K38,'2. Employee Info'!O19='2. Employee Info'!N22,L38)} -> 1 | J38: =COUNTA(J36:J37) -> 1 | K38: =COUNTA(K36:K37) -> 2 | L38: =COUNTA(L36:L37) -> 2
B39: Score | D39: {=MIN(6,SUM((((D36:D37)/($D38*3))*5)))} -> 6 | E39: {=MIN(6,SUM((((E36:E37)/($D38*3))*5)))} -> 0 | F39: {=MIN(6,SUM((((F36:F37)/($D38*3))*5)))} -> 0 | G39: {=MIN(6,SUM((((G36:G37)/($D38*3))*5)))} -> 0 | H39: {=MIN(6,SUM((((H36:H37)/($D38*3))*5)))} -> 0 | I39: {=MIN(6,SUM((((I36:I37)/($D38*3))*5)))} -> 0
B41: Accountability and Transparency | D41: Baseline assessment | E41: Period 1 | F41: Period 2 | G41: Period 3 | H41: Period 4 | I41: Period 5 | J41: Micro-enterprise threshold | K41: Small and medium enterprise threshold | L41: Large enterprise threshold
B42: 15. Does the enterprise communicate its fair treatment policy for its part-time and temporary employees to its employees and the public? | D42: 2 | J42: X | K42: X | L42: X
B43: 14. Does the Board review the use of part-time or temporary workers to address temporary labour shortages or for cost-reduction programs? | D43: 3 | K43: X | L43: X
B44: No of threshold question | D44: {=_xlfn.IFS('2. Employee Info'!O19='2. Employee Info'!N20,J44,'2. Employee Info'!O19='2. Employee Info'!N21,K44,'2. Employee Info'!O19='2. Employee Info'!N22,L44)} -> 1 | J44: =COUNTA(J42:J43) -> 1 | K44: =COUNTA(K42:K43) -> 2 | L44: =COUNTA(L42:L43) -> 2
B45: Score | D45: {=MIN(6,SUM((((D42:D43)/($D44*3))*5)))} -> 6
B47: Total Score | D47: =AVERAGE(D45,D39,D33,D21,D15) -> 6

Sheet 24. GE Beyond Workplac
A2: 24 | B2: Gender equality beyond workplace
B3: Instruction: The indicator is assessed on the basis of the 5 dimensions of Commitment, Communication, Implementation, Measurement and Accountability and Transparency. A minimum threshold is set for each dimension assigned for micros, small and medium, and large enterprises. Each question has been provided with the following response options depending on the demonstration of policy and practice.
B4: Answer key | C4: Description
B5: 0 | C5: No
B6: 1 | C6: Informal/ad-hoc/in draft
B7: 2 | C7: Adopted but not fully implemented or operationalised
B8: 3 | C8: Fully operationalised and systematically done
B10: The following guide questions can be used to identify business policies and practices with respect to approach to gender equality beyond workplace. Practitioners should use appropriate judgment in determining the suitable questions in view of local contexts and global aspirations.
B11: Commitment | D11: Baseline assessment | E11: Period 1 | F11: Period 2 | G11: Period 3 | H11: Period 4 | I11: Period 5 | J11: Micro-enterprise threshold | K11: Small and medium enterprise threshold | L11: Large enterprise threshold
B12: 1. Does the enterprise have a program to address gender norms beyond the workplace, and also address the root causes of inequality? | D12: 3 | J12: X | K12: X | L12: X
B13: 2. Does the enterprise encourage and support its employees to participate in external knowledge sharing and public advocacies on gender equality? | D13: 1 | L13: X
B14: No of threshold question | D14: {=_xlfn.IFS('2. Employee Info'!O19='2. Employee Info'!N20,J21,'2. Employee Info'!O19='2. Employee Info'!N21,K21,'2. Employee Info'!O19='2. Employee Info'!N22,L21)} -> 1 | J14: =COUNTA(J12:J13) -> 1 | K14: =COUNTA(K12:K13) -> 1 | L14: =COUNTA(L12:L13) -> 2
B15: Score | D15: {=MIN(6,SUM((((D12:D13)/($D14*3))*5)))} -> 6 | E15: {=MIN(6,SUM((((E12:E13)/($D14*3))*5)))} -> 0 | F15: {=MIN(6,SUM((((F12:F13)/($D14*3))*5)))} -> 0 | G15: {=MIN(6,SUM((((G12:G13)/($D14*3))*5)))} -> 0 | H15: {=MIN(6,SUM((((H12:H13)/($D14*3))*5)))} -> 0 | I15: {=MIN(6,SUM((((I12:I13)/($D14*3))*5)))} -> 0
B17: Communication | D17: Baseline assessment | E17: Period 1 | F17: Period 2 | G17: Period 3 | H17: Period 4 | I17: Period 5 | J17: Micro-enterprise threshold | K17: Small and medium enterprise threshold | L17: Large enterprise threshold
B18: 3. Does the enterprise communicate its work on changing gender norms to employees and the public? | D18: 2 | J18: X | K18: X | L18: X
B19: 4. Is the enterprise taking a leadership in addressing GBV in the community? | D19: 2
B20: 5. Does the enterprise advocate for gender equality and women's empowerment in public forums? | D20: 2
B21: No of threshold question | D21: {=_xlfn.IFS('2. Employee Info'!O19='2. Employee Info'!N20,J21,'2. Employee Info'!O19='2. Employee Info'!N21,K21,'2. Employee Info'!O19='2. Employee Info'!N22,L21)} -> 1 | J21: =COUNTA(J18:J20) -> 1 | K21: =COUNTA(K18:K20) -> 1 | L21: =COUNTA(L18:L20) -> 1
B22: Score | D22: {=MIN(6,SUM((((D18:D20)/($D21*3))*5)))} -> 6 | E22: {=MIN(6,SUM((((E18:E20)/($D21*3))*5)))} -> 0 | F22: {=MIN(6,SUM((((F18:F20)/($D21*3))*5)))} -> 0 | G22: {=MIN(6,SUM((((G18:G20)/($D21*3))*5)))} -> 0 | H22: {=MIN(6,SUM((((H18:H20)/($D21*3))*5)))} -> 0 | I22: {=MIN(6,SUM((((I18:I20)/($D21*3))*5)))} -> 0
B24: Implementation | D24: Baseline assessment | E24: Period 1 | F24: Period 2 | G24: Period 3 | H24: Period 4 | I24: Period 5 | J24: Micro-enterprise threshold | K24: Small and medium enterprise threshold | L24: Large enterprise threshold
B25: 6. Does the enterprise help connect people to social and economic support systems? | D25: 2 | J25: X | K25: X | L25: X
B26: 7. Does the enterprise train workers to improve employment opportunities in its industry? | D26: 2 | J26: X | K26: X | L26: X
B27: 8. Does the enterprise address gender stereotypes in its programs to change the stories that children consume and internalise through media, books or TV? | D27: 2 | K27: X | L27: X
B28: 9. Does the enterprise lead or participate in programs or initiatives to address gender equality issues in their industry or community? | D28: 3
B29: 10. Does the enterprise facilitate discussions that inform women of their rights, particularly sexual and reproductive health? | D29: 3
B30: 11. Does the enterprise build awareness on the role and responsibility of men in dismantling systems that perpetuate discrimination? | D30: 1
B31: 12. Does the enterprise work with international organisations, governments, civil society, girls’ and women’s organizations, movements, and the private sector to change gender norms? | D31: 2
B32: 13. Does the enterprise help girls achieve equality in educational opportunities, addressing the mindset that boys are a better investment for the family than girls, which grants boys greater access to resources and educational options than girls? | D32: 2
B33: 21. Is the enterprise involved in finding solutions for unpaid care responsibilities disproportionately borne by women? | D33: 1
B34: 15. Does the enterprise sponsor programs to change school curriculums from childhood to include gender equality and women’s rights? | D34: 2
B35: 16. Does the enterprise sponsor programs that address issues around social justice? | D35: 2
B36: 17. Does the enterprise collaborate with religious and traditional leaders in supporting changes to gender norms to benefit the community? | D36: 2
B37: 18. Does the enterprise’s leadership actively and openly promote and encourage recruitment and promotion from diverse talent pools? | D37: 2
B38: No of threshold question | D38: {=_xlfn.IFS('2. Employee Info'!O19='2. Employee Info'!N20,J38,'2. Employee Info'!O19='2. Employee Info'!N21,K38,'2. Employee Info'!O19='2. Employee Info'!N22,L38)} -> 2 | J38: =COUNTA(J25:J37) -> 2 | K38: =COUNTA(K25:K37) -> 3 | L38: =COUNTA(L25:L37) -> 3
B39: Score | D39: {=MIN(6,SUM((((D25:D37)/($D38*3))*5)))} -> 6 | E39: {=MIN(6,SUM((((E25:E37)/($D38*3))*5)))} -> 0 | F39: {=MIN(6,SUM((((F25:F37)/($D38*3))*5)))} -> 0 | G39: {=MIN(6,SUM((((G25:G37)/($D38*3))*5)))} -> 0 | H39: {=MIN(6,SUM((((H25:H37)/($D38*3))*5)))} -> 0 | I39: {=MIN(6,SUM((((I25:I37)/($D38*3))*5)))} -> 0
B41: Measurement | D41: Baseline assessment | E41: Period 1 | F41: Period 2 | G41: Period 3 | H41: Period 4 | I41: Period 5 | J41: Micro-enterprise threshold | K41: Small and medium enterprise threshold | L41: Large enterprise threshold
B42: 19. Does the enterprise track the progress of different gender equality initiatives? | D42: 1 | J42: X | K42: X | L42: X
B43: 20. Does the enterprise measure progress of its gender equality against pre-defined targets? | D43: 1 | L43: X
B44: No of threshold question | D44: {=_xlfn.IFS('2. Employee Info'!O19='2. Employee Info'!N20,J44,'2. Employee Info'!O19='2. Employee Info'!N21,K44,'2. Employee Info'!O19='2. Employee Info'!N22,L44)} -> 1 | J44: =COUNTA(J42:J43) -> 1 | K44: =COUNTA(K42:K43) -> 1 | L44: =COUNTA(L42:L43) -> 2
B45: Score | D45: {=MIN(6,SUM((((D42:D43)/($D44*3))*5)))} -> 3.3333333 | E45: {=MIN(6,SUM((((E42:E43)/($D44*3))*5)))} -> 0 | F45: {=MIN(6,SUM((((F42:F43)/($D44*3))*5)))} -> 0 | G45: {=MIN(6,SUM((((G42:G43)/($D44*3))*5)))} -> 0 | H45: {=MIN(6,SUM((((H42:H43)/($D44*3))*5)))} -> 0 | I45: {=MIN(6,SUM((((I42:I43)/($D44*3))*5)))} -> 0
B47: Accountability and Transparency | D47: Baseline assessment | E47: 2024Q1 | F47: Period 2 | G47: Period 3 | H47: Period 4 | I47: Period 5 | J47: Micro-enterprise threshold | K47: Small and medium enterprise threshold | L47: Large enterprise threshold
B48: 21. Does the enterprise report the progress of its programs to any of its employees, stakeholders and the public? | D48: 2 | J48: X | K48: X | L48: X
B49: 22. Does the Board or senior management lead initiatives focusing on changing gender norms by collaborating with other stakeholders? | D49: 2
B50: 23. Does the enterprise demonstrate commitment to, and action on, gender equality influence in its existing and potential suppliers and/or partners? | D50: 1
B51: No of threshold question | D51: {=_xlfn.IFS('2. Employee Info'!O19='2. Employee Info'!N20,J51,'2. Employee Info'!O19='2. Employee Info'!N21,K51,'2. Employee Info'!O19='2. Employee Info'!N22,L51)} -> 1 | J51: =COUNTA(J48:J50) -> 1 | K51: =COUNTA(K48:K50) -> 1 | L51: =COUNTA(L48:L50) -> 1
B52: Score | D52: {=MIN(6,SUM(((D48:D50)/($D51*3))*5))} -> 6 | E52: {=MIN(6,SUM(((E48:E50)/($D51*3))*5))} -> 0 | F52: {=MIN(6,SUM(((F48:F50)/($D51*3))*5))} -> 0 | G52: {=MIN(6,SUM(((G48:G50)/($D51*3))*5))} -> 0 | H52: {=MIN(6,SUM(((H48:H50)/($D51*3))*5))} -> 0 | I52: {=MIN(6,SUM(((I48:I50)/($D51*3))*5))} -> 0
B54: Total Score | D54: =AVERAGE(D52,D45,D39,D22,D15) -> 5.4666667

Sheet Rating Matrix
B1: Gender ROI™ Matrix
B2: Resilience
C3: 1 | D3: 2 | E3: 3 | F3: 4 | G3: 5
C4: (We Need To Talk) | D4: (More Work to Do) | E4: (Getting There!) | F4: (Advancing to Role Model) | G4: (Role Model)
B5: Leadership
B6: Women business ownership - Total number of shares owned by women over the total number of shares | C6: 0 | D6: 1% to 10% | E6: 11% to 25% | F6: 26% to 45% | G6: >45%
B7: Senior management representation - Number of women in senior management over the number of total employees in senior management | C7: 0 | D7: 1% to 10% | E7: 11% to 25% | F7: 26% to 45% | G7: >45%
B8: Workforce
B9: Women’s middle management representation - Number of women in middle management over number of employees in middle management | C9: 0 | D9: 1% to 10% | E9: 11% to 25% | F9: 26% to 45% | G9: >45%
B10: Gender wage equity - Women/men compensation ratio for salaried employees (percent of women’s to men’s) | C10: 0 to 60% | D10: 61% to 75% | E10: 76% to 85% | F10: 86% to 95% | G10: >95%
B11: Women workforce participation - Number of women over the number of total salaried employees | C11: 0 to 10%; 91% to 100% | D11: 11% to 20%; 81% to 90% | E11: 21% to 30%; 71% to 80% | F11: 31% to 40%; 61% to 70% | G11: 41%to 60%
B12: Value Chains
B13: Gender disaggregated data in supply chains - Understand how enterprise can best act, enable, influence to improve | C13: A maximum of 5 points could be allocated on this parameter depending on what management framework has been applied. I.e. if the company practices one of the following dimensions scores 1, if it has all of the five practices scores 5:
B14: gender equality in supply chains and drive better targeted | C14: • Commitment (Evidence of stakeholder consultation)
B15: gender transformative solutions for women entrepreneurs | C15: • Communication
B16: and workers | C16: • Implementation
C17: • Measurement
C18: • Accountability and transparency
B19: Gender disaggregated data in value chains - Championing women's economic empowerment informed by gender | C19: A maximum of 5 points could be allocated on this parameter depending on what management framework has been applied. I.e. if the company practices one of the following dimensions scores 1, if it has all of the five practices scores 5:
B20: disaggregated data of its customer base | C20: • Commitment (Evidence of stakeholder consultation)
C21: • Communication
C22: • Implementation
C23: • Measurement
C24: • Accountability and transparency
B25: Society
B26: Addressing climate risks - Approach to raising suppliers', clients', enterprises' and employees' awareness about | C26: A maximum of 5 points could be allocated on this parameter depending on what management framework has been applied. I.e. if the company practices one of the following dimensions scores 1, if it has all of the five practices scores 5:
B27: climate risks, training/educating regarding climate change | C27: • Commitment (Evidence of stakeholder consultation)
B28: to mitigate social and environmental risks | C28: • Communication
C29: • Implementation
C30: • Measurement
C31: • Accountability and transparency
B33: Opportunities
C34: 1 | D34: 2 | E34: 3 | F34: 4 | G34: 5
C35: (We Need To Talk) | D35: (More Work to Do) | E35: (Getting There!) | F35: (Advancing to Role Model) | G35: (Role Model)
B36: Leadership
B37: Top 10 employees by compensation - Women/men ratio of company’s top 10 percent compensated employees | C37: 0 to 60% | D37: 61% to 75% | E37: 76% to 85% | F37: 86% to 95% | G37: >95%
B39: Performance evaluation and progreesion - Approach to promote diversity in women’s performance evaluations and | C39: A maximum of 5 points could be allocated on this parameter depending on what management framework has been applied. I.e. if the company practices one of the following dimensions scores 1, if it has all of the five practices scores 5:
B40: and progression | C40: • Commitment (Evidence of stakeholder consultation)
C41: • Communication
C42: • Implementation
C43: • Measurement
C44: • Accountability and transparency
B45: Workforce
B46: Gender diversity in recruitment - Approach to recruitment and selection that promotes gender diversity | C46: A maximum of 5 points could be allocated on this parameter depending on what management framework has been applied. I.e. if the company practices one of the following dimensions scores 1, if it has all of the five practices scores 5:
B47: across the workforce | C47: • Commitment (Evidence of stakeholder consultation)
C48: • Communication
C49: • Implementation
C50: • Measurement
C51: • Accountability and transparency
B52: Gender lens in policies and strategies - Approach to applying gender lens to all policies and strategies, | C52: A maximum of 5 points could be allocated on this parameter depending on what management framework has been applied. I.e. if the company practices one of the following dimensions scores 1, if it has all of the five practices scores 5:
B53: including promoting inclusion, transparency, and respect | C53: • Commitment (Evidence of stakeholder consultation)
C54: • Communication
C55: • Implementation
C56: • Measurement
C57: • Accountability and transparency
B58: Professional development, netoworking, and mentioring - Approach to promoting women’s professional | C58: A maximum of 5 points could be allocated on this parameter depending on what management framework has been applied. I.e. if the company practices one of the following dimensions scores 1, if it has all of the five practices scores 5:
B59: development and training, including mentorship and | C59: • Commitment (Evidence of stakeholder consultation)
B60: networking | C60: • Communication
C61: • Implementation
C62: • Measurement
C63: • Accountability and transparency
B64: Value Chains
B65: Gender responsive recruitment - Approach to promote women's empowerment in organizations and business | C65: A maximum of 5 points could be allocated on this parameter depending on what management framework has been applied. I.e. if the company practices one of the following dimensions scores 1, if it has all of the five practices scores 5:
B66: partners along the supply chain | C66: • Commitment (Evidence of stakeholder consultation)
C67: • Communication
C68: • Implementation
C69: • Measurement
C70: • Accountability and transparency
B71: Gendered approach to value chains - Approach to promote women's empowerment through its customer base, | C71: A maximum of 5 points could be allocated on this parameter depending on what management framework has been applied. I.e. if the company practices one of the following dimensions scores 1, if it has all of the five practices scores 5:
B72: including critical roles women play in service and product | C72: • Commitment (Evidence of stakeholder consultation)
B73: development and marketing | C73: • Communication
C74: • Implementation
C75: • Measurement
C76: • Accountability and transparency
B77: Society
B78: Community engagement through CSR initiatives - Approach to contribute to contribute to community | C78: A maximum of 5 points could be allocated on this parameter depending on what management framework has been applied. I.e. if the company practices one of the following dimensions scores 1, if it has all of the five practices scores 5:
B79: engagement through CSR initiatives | C79: • Commitment (Evidence of stakeholder consultation)
C80: • Communication
C81: • Implementation
C82: • Measurement
C83: • Accountability and transparency
B85: Inclusion
C86: 1 | D86: 2 | E86: 3 | F86: 4 | G86: 5
C87: (We Need To Talk) | D87: (More Work to Do) | E87: (Getting There!) | F87: (Advancing to Role Model) | G87: (Role Model)
B88: Leadership
B89: Inclusive health insurance policies - Approach to health insurance policies that recognizes and caters to the | C89: A maximum of 5 points could be allocated on this parameter depending on what management framework has been applied. I.e. if the company practices one of the following dimensions scores 1, if it has all of the five practices scores 5:
B90: different health needs of women and men | C90: • Commitment (Evidence of stakeholder consultation)
C91: • Communication
C92: • Implementation
C93: • Measurement
C94: • Accountability and transparency
B95: Survivor centered prevention and response to gender based violence and harassment - Approach to survivor- | C95: A maximum of 5 points could be allocated on this parameter depending on what management framework has been applied. I.e. if the company practices one of the following dimensions scores 1, if it has all of the five practices scores 5:
B96: centered prevention and response to gender based violence | C96: • Commitment (Evidence of stakeholder consultation)
B97: and harassment, support for employees expriencing | C97: • Communication
B98: domestic violence | C98: • Implementation
C99: • Measurement
C100: • Accountability and transparency
B101: Workforce
B102: Women workforce participation support policies - Approach to paid parental leave, carer leave and flexible | C102: A maximum of 5 points could be allocated on this parameter depending on what management framework has been applied. I.e. if the company practices one of the following dimensions scores 1, if it has all of the five practices scores 5:
B103: work hours/work from home arrangements as an indication | C103: • Commitment (Evidence of stakeholder consultation)
...

Sheet Scoring Calcs
A1: Value | B1: Scoring for Calcs
A2: 0 | B2: 0
A3: 1 | B3: 0.33
A4: 2 | B4: 0.66
A5: 3 | B5: 1

Sheet Definitions
B2: Source:
B3: Micro: enterprises which employ fewer than 10 persons and whose annual turnover and/or annual balance sheet total does not exceed EUR 2 million.
B4: Small: Enterprises which employ fewer than 50 persons and whose annual turnover and/or annual balance sheet total does not exceed EUR 10 million, excluding enterprises that qualify as micro-enterprises.
B5: Medium-sized: enterprises which employ fewer than 250 persons and which have an annual turnover not exceeding EUR 50 million, and/or an annual balance sheet total not exceeding EUR 43 million, excluding enterprises that qualify as micro-enterprises and small enterprises.
B7: MSME
B9: An enterprise qualifies as a micro, small or medium enterprise if it meets two out of three criteria of the IFC MSME Definition (employees, assets and sales), OR if the loan to it falls within the relevant MSME loan size proxy.
B11: IFC MSME Definition | F11: MSME Loan Size Proxy
B13: INDICATOR | C13: EMPLOYEES | D13: TOTAL ASSETS US$ | E13: ANNUAL SALES US$ | F13: LOAN SIZE AT ORIGINATION
B14: Micro enterprise | C14: < 10 | D14: <$100,000 | E14: <$100,000 | F14: <$10,000
B15: Small enterprise | C15: 18172 | D15: $100,000 - < $3 million | E15: $100,000 - < $3 million | F15: <$100,000
B16: Medium enterprise | C16: 50-300 | D16: $3 million -$15 million | E16: $3 million -$15 million | F16: <$1 or $2 million[1]
B18: Woman-Owned Enterprise
B19: An enterprise qualifies as a woman-owned enterprise if it meets the following criteria:
B20: (A) ≥ 51% owned by woman/women; OR
B22: (B) ≥ 20% owned by woman/women; AND (i) has ≥ 1 woman as CEO/COO/President/Vice President; AND (ii) has ≥ 30% of the board of directors composed of women, where a board exists.
